Workbook
Name __________________ABR95: [1]Consultoria!#REF!
Name __________________ABR95: [1]Consultoria!#REF!
Name __________________ABR95: [1]Consultoria!#REF!
Name __________________ABR96: [1]Consultoria!#REF!
Name __________________ABR96: [1]Consultoria!#REF!
Name __________________ABR96: [1]Consultoria!#REF!
Name __________________ABR97: [1]Consultoria!#REF!
Name __________________ABR97: [1]Consultoria!#REF!
Name __________________ABR98: [1]Consultoria!#REF!
Name __________________ABR98: [1]Consultoria!#REF!
Name __________________ABR99: [1]Consultoria!#REF!
Name __________________ABR99: [1]Consultoria!#REF!
Name __________________AGO95: [1]Consultoria!#REF!
Name __________________AGO96: [1]Consultoria!#REF!
Name __________________AGO97: [1]Consultoria!#REF!
Name __________________AGO98: [1]Consultoria!#REF!
Name __________________AGO99: [1]Consultoria!#REF!
Name __________________DEZ94: [1]Consultoria!#REF!
Name __________________DEZ95: [1]Consultoria!#REF!
Name __________________DEZ96: [1]Consultoria!#REF!
Name __________________DEZ97: [1]Consultoria!#REF!
Name __________________DEZ98: [1]Consultoria!#REF!
Name __________________DEZ99: [1]Consultoria!#REF!
Name __________________FEV95: [1]Consultoria!#REF!
Name __________________FEV96: [1]Consultoria!#REF!
Name __________________FEV97: [1]Consultoria!#REF!
Name __________________FEV98: [1]Consultoria!#REF!
Name __________________FEV99: [1]Consultoria!#REF!
Name __________________JAN95: [1]Consultoria!#REF!
Name __________________JAN96: [1]Consultoria!#REF!
Name __________________JAN97: [1]Consultoria!#REF!
Name __________________JAN98: [1]Consultoria!#REF!
Name __________________JAN99: [1]Consultoria!#REF!
Name __________________JUL95: [1]Consultoria!#REF!
Name __________________JUL96: [1]Consultoria!#REF!
Name __________________JUL97: [1]Consultoria!#REF!
Name __________________JUL98: [1]Consultoria!#REF!
Name __________________JUL99: [1]Consultoria!#REF!
Name __________________JUN95: [1]Consultoria!#REF!
Name __________________JUN96: [1]Consultoria!#REF!
Name __________________JUN97: [1]Consultoria!#REF!
Name __________________JUN98: [1]Consultoria!#REF!
Name __________________JUN99: [1]Consultoria!#REF!
Name __________________MAI95: [1]Consultoria!#REF!
Name __________________MAI96: [1]Consultoria!#REF!
Name __________________MAI97: [1]Consultoria!#REF!
Name __________________MAI98: [1]Consultoria!#REF!
Name __________________MAI99: [1]Consultoria!#REF!
Name __________________MAR95: [1]Consultoria!#REF!
Name __________________MAR96: [1]Consultoria!#REF!
Name __________________MAR97: [1]Consultoria!#REF!
Name __________________MAR98: [1]Consultoria!#REF!
Name __________________MAR99: [1]Consultoria!#REF!
Name __________________NOV94: [1]Consultoria!#REF!
Name __________________NOV95: [1]Consultoria!#REF!
Name __________________NOV96: [1]Consultoria!#REF!
Name __________________NOV97: [1]Consultoria!#REF!
Name __________________NOV98: [1]Consultoria!#REF!
Name __________________NOV99: [1]Consultoria!#REF!
Name __________________OUT94: [1]Consultoria!#REF!

Sheet CAPA
A1: GABINETES DOS VEREADORES DE ARAGARÇAS - GO
A5: DOCUMENTOS ANEXOS
A7: OBRA: | B7: GABINETES DOS VEREADORES DE ARAGARÇAS - GO
A8: LOCAL: | B8: Rua José de Barros Souza, 09. Setor Centro Administrativo, Aragarças-GO.
A9: DATA: | B9: =TODAY() -> 46071
A12: ANEXO I - RESUMO
A13: ANEXO II - PLANILHA ORÇAMENTÁRIA
A14: ANEXO III - PRANILHA ANALÍTICA
A15: ANEXO IV - MEMORIAL DE CÁLCULO
A16: ANEXO V - COMPOSIÇÕES PRÓPRIAS
A17: ANEXO VI - BDI CONSTRUÇÃO
A18: ANEXO VII - CURVA ABC
A19: ANEXO VIII - CRONOGRAMA FÍSICO-FINANCEIRO (CFF)
I23: Aragarças GO, 24 de novembro de 2025

Sheet I-RESUMO
A1: =CAPA!A1 -> GABINETES DOS VEREADORES DE ARAGARÇAS - GO | K1: HORA | L1: MÊS
J2: DESONERADO | K2: 0.8847 | L2: 0.4862
J3: NÃO DESONERADO | K3: 1.1888 | L3: 0.7268
A6: OBRA: | B6: =CAPA!B7 -> GABINETES DOS VEREADORES DE ARAGARÇAS - GO | E6: REFERÊNCIA: | F6: SINAPI GO 9/2025
A7: LOCAL: | B7: =CAPA!B8 -> Rua José de Barros Souza, 09. Setor Centro Administrativo, Aragarças-GO. | F7: GOINFRA CIVIL (AGETOP) 8/2025
A8: DATA: | B8: =TODAY() -> 46071 | F8: SICRO3 GO 7/2025
E9: ENCARGOS | F9: NÃO DESONERADO
E10: BDI CONSTRUÇÃO: | F10: ='VI-BDI CONSTRUÇÃO'!K49 -> 0.252
A12: =CAPA!A12 -> ANEXO I - RESUMO
A13: MACRO SERVIÇO | B13: SERVIÇOS | C13: VALOR TOTAL SEM BDI (R$) | D13: VALOR PARCELA BDI (R$) | E13: VALOR TOTAL COM BDI (R$) | F13: PERCENTUAL
A14: 1 | B14: =VLOOKUP(A14,'II-PO'!$A$16:$M$295,5,0) -> ADMINISTRAÇÃO E CONTROLE | C14: =VLOOKUP(A14,'II-PO'!$A$16:$M$295,11,0) -> 66474.15 | D14: =VLOOKUP(A14,'II-PO'!$A$16:$M$295,12,0) -> 16751.48 | E14: =C14+D14 -> 83225.63 | F14: =E14/$E$34 -> 0.069120852
A15: 2 | B15: =VLOOKUP(A15,'II-PO'!$A$16:$M$295,5,0) -> SERVIÇOS PRELIMINARES E CANTEIROS DE OBRAS | C15: =VLOOKUP(A15,'II-PO'!$A$16:$M$295,11,0) -> 32405.04 | D15: =VLOOKUP(A15,'II-PO'!$A$16:$M$295,12,0) -> 8162.36 | E15: =C15+D15 -> 40567.4 | F15: =E15/$E$34 -> 0.033692184
A16: 3 | B16: =VLOOKUP(A16,'II-PO'!$A$16:$M$295,5,0) -> MOVIMENTAÇÃO DE TERRA | C16: =VLOOKUP(A16,'II-PO'!$A$16:$M$295,11,0) -> 3979.98 | D16: =VLOOKUP(A16,'II-PO'!$A$16:$M$295,12,0) -> 997.41 | E16: =C16+D16 -> 4977.39 | F16: =E16/$E$34 -> 0.00413384
A17: 4 | B17: =VLOOKUP(A17,'II-PO'!$A$16:$M$295,5,0) -> INFRAESTRUTURA | C17: =VLOOKUP(A17,'II-PO'!$A$16:$M$295,11,0) -> 75577.51 | D17: =VLOOKUP(A17,'II-PO'!$A$16:$M$295,12,0) -> 19037.15 | E17: =C17+D17 -> 94614.66 | F17: =E17/$E$34 -> 0.078579711
A18: 5 | B18: =VLOOKUP(A18,'II-PO'!$A$16:$M$295,5,0) -> SUPERESTRUTURAS | C18: =VLOOKUP(A18,'II-PO'!$A$16:$M$295,11,0) -> 136758.37 | D18: =VLOOKUP(A18,'II-PO'!$A$16:$M$295,12,0) -> 34450.32 | E18: =C18+D18 -> 171208.69 | F18: =E18/$E$34 -> 0.14219286
A19: 6 | B19: =VLOOKUP(A19,'II-PO'!$A$16:$M$295,5,0) -> ALVENARIAS E FECHAMENTOS | C19: =VLOOKUP(A19,'II-PO'!$A$16:$M$295,11,0) -> 118377.22 | D19: =VLOOKUP(A19,'II-PO'!$A$16:$M$295,12,0) -> 29810.98 | E19: =C19+D19 -> 148188.2 | F19: =E19/$E$34 -> 0.1230738
A20: 7 | B20: =VLOOKUP(A20,'II-PO'!$A$16:$M$295,5,0) -> PISOS | C20: =VLOOKUP(A20,'II-PO'!$A$16:$M$295,11,0) -> 91322.72 | D20: =VLOOKUP(A20,'II-PO'!$A$16:$M$295,12,0) -> 23002.6 | E20: =C20+D20 -> 114325.32 | F20: =E20/$E$34 -> 0.09494988
A21: 8 | B21: =VLOOKUP(A21,'II-PO'!$A$16:$M$295,5,0) -> IMPERMEABILIZAÇÃO | C21: =VLOOKUP(A21,'II-PO'!$A$16:$M$295,11,0) -> 11059.03 | D21: =VLOOKUP(A21,'II-PO'!$A$16:$M$295,12,0) -> 2786.53 | E21: =C21+D21 -> 13845.56 | F21: =E21/$E$34 -> 0.011499065
A22: 9 | B22: =VLOOKUP(A22,'II-PO'!$A$16:$M$295,5,0) -> ESQUADRIAS | C22: =VLOOKUP(A22,'II-PO'!$A$16:$M$295,11,0) -> 49495.72 | D22: =VLOOKUP(A22,'II-PO'!$A$16:$M$295,12,0) -> 12472.6 | E22: =C22+D22 -> 61968.32 | F22: =E22/$E$34 -> 0.051466154
A23: 10 | B23: =VLOOKUP(A23,'II-PO'!$A$16:$M$295,5,0) -> PINTURA | C23: =VLOOKUP(A23,'II-PO'!$A$16:$M$295,11,0) -> 53827.11 | D23: =VLOOKUP(A23,'II-PO'!$A$16:$M$295,12,0) -> 13538.54 | E23: =C23+D23 -> 67365.65 | F23: =E23/$E$34 -> 0.055948764
A24: 11 | B24: =VLOOKUP(A24,'II-PO'!$A$16:$M$295,5,0) -> COBERTURA | C24: =VLOOKUP(A24,'II-PO'!$A$16:$M$295,11,0) -> 129502.74 | D24: =VLOOKUP(A24,'II-PO'!$A$16:$M$295,12,0) -> 32633.61 | E24: =C24+D24 -> 162136.35 | F24: =E24/$E$34 -> 0.13465807
A25: 12 | B25: =VLOOKUP(A25,'II-PO'!$A$16:$M$295,5,0) -> FORRO | C25: =VLOOKUP(A25,'II-PO'!$A$16:$M$295,11,0) -> 59904.56 | D25: =VLOOKUP(A25,'II-PO'!$A$16:$M$295,12,0) -> 15082.63 | E25: =C25+D25 -> 74987.19 | F25: =E25/$E$34 -> 0.062278633
... A30: 17 | B30: =VLOOKUP(A30,'II-PO'!$A$16:$M$295,5,0) -> FINALIZAÇÃO E LIMPEZA DE OBRA | C30: =VLOOKUP(A30,'II-PO'!$A$16:$M$295,11,0) -> 6567.19 | D30: =VLOOKUP(A30,'II-PO'!$A$16:$M$295,12,0) -> 1632.11 | E30: =C30+D30 -> 8199.3 | F30: =E30/$E$34 -> 0.0068097124
A32: TOTAL SEM BDI | E32: =SUM(C14:C30) -> 961827.9
A33: PARCELA REFERENTE AO BDI | E33: =SUM(D14:D30) -> 242231.76
A34: TOTAL COM BDI | E34: =SUM(E14:E30) -> 1204059.7
E38: Aragarças GO, 24 de novembro de 2025

Sheet II-PO
A1: ='I-RESUMO'!A1 -> GABINETES DOS VEREADORES DE ARAGARÇAS - GO
A10: OBRA: | B10: ='I-RESUMO'!$B$6 -> GABINETES DOS VEREADORES DE ARAGARÇAS - GO | K10: REFERÊNCIA: | L10: ='I-RESUMO'!F6 -> SINAPI GO 9/2025
A11: LOCAL: | B11: ='I-RESUMO'!$B$7 -> Rua José de Barros Souza, 09. Setor Centro Administrativo, Aragarças-GO. | L11: ='I-RESUMO'!F7 -> GOINFRA CIVIL (AGETOP) 8/2025
A12: DATA: | B12: =TODAY() -> 46071 | L12: ='I-RESUMO'!F8 -> SICRO3 GO 7/2025
K13: ENCARGOS | L13: ='I-RESUMO'!$F$9 -> NÃO DESONERADO
K14: BDI CONSTRUÇÃO: | L14: ='VI-BDI CONSTRUÇÃO'!K49 -> 0.252
A16: =CAPA!A13 -> ANEXO II - PLANILHA ORÇAMENTÁRIA
A17: Serviço | B17: Referência | C17: Base | D17: Tipo | E17: Descrição | F17: Und. | G17: Quant. | H17: BDI | I17: Valor Unit s/ BDI | J17: Valor Unit c/ BDI | K17: Total sem BDI | L17: Parcela do BDI | M17: Total c/ BDI
A18: 1 | E18: ADMINISTRAÇÃO E CONTROLE | K18: =K19 -> 66474.15 | L18: =L19 -> 16751.48 | M18: =M19 -> 83225.63
A19: 1.1 | B19: {=INDEX('III-PA'!$B$18:$B$2661,1+MATCH(_xlfn.CONCAT(" ",'II-PO'!A19," "),'III-PA'!$A$18:$A$2661,0))} -> COMP CIVIL 01 | C19: {=INDEX('III-PA'!$C$18:$C$2661,1+MATCH(_xlfn.CONCAT(" ",A19," "),'III-PA'!$A$18:$A$2661,0))} -> Próprio | D19: {=INDEX('III-PA'!$A$18:$A$2661,1+MATCH(_xlfn.CONCAT(" ",A19," "),'III-PA'!$A$18:$A$2661,0))} -> Composição | E19: {=INDEX('III-PA'!$D$18:$D$2661,1+MATCH(_xlfn.CONCAT(" ",A19," "),'III-PA'!$A$18:$A$2661,0))} -> ADMINISTRAÇÃO LOCAL DA OBRA | F19: {=INDEX('III-PA'!$G$18:$G$2661,1+MATCH(_xlfn.CONCAT(" ",A19," "),'III-PA'!$A$18:$A$2661,0))} -> %CT | G19: =VLOOKUP(A19,'IV-MEMORIAL'!$A$17:$N$2203,14,0) -> 1 | H19: =$L$14 -> 0.252 | I19: {=INDEX('III-PA'!$I$18:$I$2661,1+MATCH(_xlfn.CONCAT(" ",A19," "),'III-PA'!$A$18:$A$2661,0))} -> 66474.15 | J19: =TRUNC(I19*(1+H19),2) -> 83225.63 | K19: =TRUNC(I19*G19,2) -> 66474.15 | L19: =M19-K19 -> 16751.48 | M19: =TRUNC(G19*J19,2) -> 83225.63
A20: 2 | E20: SERVIÇOS PRELIMINARES E CANTEIROS DE OBRAS | K20: =SUM(K21:K27) -> 32405.04 | L20: =SUM(L21:L27) -> 8162.36 | M20: =SUM(M21:M27) -> 40567.4
A21: 2.1 | B21: {=INDEX('III-PA'!$B$18:$B$2661,1+MATCH(_xlfn.CONCAT(" ",'II-PO'!A21," "),'III-PA'!$A$18:$A$2661,0))} -> 103689 | C21: {=INDEX('III-PA'!$C$18:$C$2661,1+MATCH(_xlfn.CONCAT(" ",A21," "),'III-PA'!$A$18:$A$2661,0))} -> SINAPI | D21: {=INDEX('III-PA'!$A$18:$A$2661,1+MATCH(_xlfn.CONCAT(" ",A21," "),'III-PA'!$A$18:$A$2661,0))} -> Composição | E21: {=INDEX('III-PA'!$D$18:$D$2661,1+MATCH(_xlfn.CONCAT(" ",A21," "),'III-PA'!$A$18:$A$2661,0))} -> FORNECIMENTO E INSTALAÇÃO DE PLACA DE OBRA COM CHAPA GALVANIZADA E ESTRUTURA DE MADEIRA. AF_03/2022_PS | F21: {=INDEX('III-PA'!$G$18:$G$2661,1+MATCH(_xlfn.CONCAT(" ",A21," "),'III-PA'!$A$18:$A$2661,0))} -> m² | G21: =VLOOKUP(A21,'IV-MEMORIAL'!$A$17:$N$2203,14,0) -> 4.5 | H21: =$L$14 -> 0.252 | I21: {=INDEX('III-PA'!$I$18:$I$2661,1+MATCH(_xlfn.CONCAT(" ",A21," "),'III-PA'!$A$18:$A$2661,0))} -> 465.73 | J21: =TRUNC(I21*(1+H21),2) -> 583.09 | K21: =TRUNC(I21*G21,2) -> 2095.78 | L21: =M21-K21 -> 528.12 | M21: =TRUNC(G21*J21,2) -> 2623.9
A22: 2.2 | B22: {=INDEX('III-PA'!$B$18:$B$2661,1+MATCH(_xlfn.CONCAT(" ",'II-PO'!A22," "),'III-PA'!$A$18:$A$2661,0))} -> 020231 | C22: {=INDEX('III-PA'!$C$18:$C$2661,1+MATCH(_xlfn.CONCAT(" ",A22," "),'III-PA'!$A$18:$A$2661,0))} -> AGETOP CIVIL | D22: {=INDEX('III-PA'!$A$18:$A$2661,1+MATCH(_xlfn.CONCAT(" ",A22," "),'III-PA'!$A$18:$A$2661,0))} -> Composição | E22: {=INDEX('III-PA'!$D$18:$D$2661,1+MATCH(_xlfn.CONCAT(" ",A22," "),'III-PA'!$A$18:$A$2661,0))} -> LOCAÇÃO DE CONTAINER COM REVESTIMENTO INTERNO, PARA ESCRITÓRIO SEM SANITÁRIOS 6,00 X 2,40 M, INCLUSIVE APARELHO DE AR CONDICIONADO E MOBILIÁRIO (EXCLUSO MOBILIZAÇÃO / DESMOBILIZAÇÃO) | F22: {=INDEX('III-PA'!$G$18:$G$2661,1+MATCH(_xlfn.CONCAT(" ",A22," "),'III-PA'!$A$18:$A$2661,0))} -> mes | G22: =VLOOKUP(A22,'IV-MEMORIAL'!$A$17:$N$2203,14,0) -> 5 | H22: =$L$14 -> 0.252 | I22: {=INDEX('III-PA'!$I$18:$I$2661,1+MATCH(_xlfn.CONCAT(" ",A22," "),'III-PA'!$A$18:$A$2661,0))} -> 2364.59 | J22: =TRUNC(I22*(1+H22),2) -> 2960.46 | K22: =TRUNC(I22*G22,2) -> 11822.95 | L22: =M22-K22 -> 2979.35 | M22: =TRUNC(G22*J22,2) -> 14802.3
A23: 2.3 | B23: {=INDEX('III-PA'!$B$18:$B$2661,1+MATCH(_xlfn.CONCAT(" ",'II-PO'!A23," "),'III-PA'!$A$18:$A$2661,0))} -> 020232 | C23: {=INDEX('III-PA'!$C$18:$C$2661,1+MATCH(_xlfn.CONCAT(" ",A23," "),'III-PA'!$A$18:$A$2661,0))} -> AGETOP CIVIL | D23: {=INDEX('III-PA'!$A$18:$A$2661,1+MATCH(_xlfn.CONCAT(" ",A23," "),'III-PA'!$A$18:$A$2661,0))} -> Composição | E23: {=INDEX('III-PA'!$D$18:$D$2661,1+MATCH(_xlfn.CONCAT(" ",A23," "),'III-PA'!$A$18:$A$2661,0))} -> LOCAÇÃO DE CONTAINER SANITÁRIO MISTO 6,00 X 2,40 M, COM 3 VASOS, 6 CHUVEIROS, LAVATÓRIO E MICTÓRIO (EXCLUSO MOBILIZAÇÃO / DESMOBILIZAÇÃO) | F23: {=INDEX('III-PA'!$G$18:$G$2661,1+MATCH(_xlfn.CONCAT(" ",A23," "),'III-PA'!$A$18:$A$2661,0))} -> mes | G23: =VLOOKUP(A23,'IV-MEMORIAL'!$A$17:$N$2203,14,0) -> 5 | H23: =$L$14 -> 0.252 | I23: {=INDEX('III-PA'!$I$18:$I$2661,1+MATCH(_xlfn.CONCAT(" ",A23," "),'III-PA'!$A$18:$A$2661,0))} -> 1325.95 | J23: =TRUNC(I23*(1+H23),2) -> 1660.08 | K23: =TRUNC(I23*G23,2) -> 6629.75 | L23: =M23-K23 -> 1670.65 | M23: =TRUNC(G23*J23,2) -> 8300.4
A24: 2.4 | B24: {=INDEX('III-PA'!$B$18:$B$2661,1+MATCH(_xlfn.CONCAT(" ",'II-PO'!A24," "),'III-PA'!$A$18:$A$2661,0))} -> 020230 | C24: {=INDEX('III-PA'!$C$18:$C$2661,1+MATCH(_xlfn.CONCAT(" ",A24," "),'III-PA'!$A$18:$A$2661,0))} -> AGETOP CIVIL | D24: {=INDEX('III-PA'!$A$18:$A$2661,1+MATCH(_xlfn.CONCAT(" ",A24," "),'III-PA'!$A$18:$A$2661,0))} -> Composição | E24: {=INDEX('III-PA'!$D$18:$D$2661,1+MATCH(_xlfn.CONCAT(" ",A24," "),'III-PA'!$A$18:$A$2661,0))} -> LOCAÇÃO DE CONTAINER SEM REVESTIMENTO INTERNO PARA ALMOXARIFADO / DEPÓSITO 6,00 X 2,40 M, INCLUSIVE MOBILIÁRIO (EXCLUSO MOBILIZAÇÃO / DESMOBILIZAÇÃO) | F24: {=INDEX('III-PA'!$G$18:$G$2661,1+MATCH(_xlfn.CONCAT(" ",A24," "),'III-PA'!$A$18:$A$2661,0))} -> MÊS | G24: =VLOOKUP(A24,'IV-MEMORIAL'!$A$17:$N$2203,14,0) -> 5 | H24: =$L$14 -> 0.252 | I24: {=INDEX('III-PA'!$I$18:$I$2661,1+MATCH(_xlfn.CONCAT(" ",A24," "),'III-PA'!$A$18:$A$2661,0))} -> 1135.26 | J24: =TRUNC(I24*(1+H24),2) -> 1421.34 | K24: =TRUNC(I24*G24,2) -> 5676.3 | L24: =M24-K24 -> 1430.4 | M24: =TRUNC(G24*J24,2) -> 7106.7
A25: 2.5 | B25: {=INDEX('III-PA'!$B$18:$B$2661,1+MATCH(_xlfn.CONCAT(" ",'II-PO'!A25," "),'III-PA'!$A$18:$A$2661,0))} -> 030119 | C25: {=INDEX('III-PA'!$C$18:$C$2661,1+MATCH(_xlfn.CONCAT(" ",A25," "),'III-PA'!$A$18:$A$2661,0))} -> AGETOP CIVIL | D25: {=INDEX('III-PA'!$A$18:$A$2661,1+MATCH(_xlfn.CONCAT(" ",A25," "),'III-PA'!$A$18:$A$2661,0))} -> Composição | E25: {=INDEX('III-PA'!$D$18:$D$2661,1+MATCH(_xlfn.CONCAT(" ",A25," "),'III-PA'!$A$18:$A$2661,0))} -> CARGA, MANOBRA E DESCARGA DE CONTAINER | F25: {=INDEX('III-PA'!$G$18:$G$2661,1+MATCH(_xlfn.CONCAT(" ",A25," "),'III-PA'!$A$18:$A$2661,0))} -> un | G25: =VLOOKUP(A25,'IV-MEMORIAL'!$A$17:$N$2203,14,0) -> 6 | H25: =$L$14 -> 0.252 | I25: {=INDEX('III-PA'!$I$18:$I$2661,1+MATCH(_xlfn.CONCAT(" ",A25," "),'III-PA'!$A$18:$A$2661,0))} -> 45.58 | J25: =TRUNC(I25*(1+H25),2) -> 57.06 | K25: =TRUNC(I25*G25,2) -> 273.48 | L25: =M25-K25 -> 68.88 | M25: =TRUNC(G25*J25,2) -> 342.36
A26: 2.6 | B26: {=INDEX('III-PA'!$B$18:$B$2661,1+MATCH(_xlfn.CONCAT(" ",'II-PO'!A26," "),'III-PA'!$A$18:$A$2661,0))} -> 98525 | C26: {=INDEX('III-PA'!$C$18:$C$2661,1+MATCH(_xlfn.CONCAT(" ",A26," "),'III-PA'!$A$18:$A$2661,0))} -> SINAPI | D26: {=INDEX('III-PA'!$A$18:$A$2661,1+MATCH(_xlfn.CONCAT(" ",A26," "),'III-PA'!$A$18:$A$2661,0))} -> Composição | E26: {=INDEX('III-PA'!$D$18:$D$2661,1+MATCH(_xlfn.CONCAT(" ",A26," "),'III-PA'!$A$18:$A$2661,0))} -> LIMPEZA MECANIZADA DE CAMADA VEGETAL, VEGETAÇÃO E PEQUENAS ÁRVORES (DIÂMETRO DE TRONCO MENOR QUE 0,20 M), COM TRATOR DE ESTEIRAS. AF_03/2024 | F26: {=INDEX('III-PA'!$G$18:$G$2661,1+MATCH(_xlfn.CONCAT(" ",A26," "),'III-PA'!$A$18:$A$2661,0))} -> m² | G26: =VLOOKUP(A26,'IV-MEMORIAL'!$A$17:$N$2203,14,0) -> 459 | H26: =$L$14 -> 0.252 | I26: {=INDEX('III-PA'!$I$18:$I$2661,1+MATCH(_xlfn.CONCAT(" ",A26," "),'III-PA'!$A$18:$A$2661,0))} -> 0.66 | J26: =TRUNC(I26*(1+H26),2) -> 0.82 | K26: =TRUNC(I26*G26,2) -> 302.94 | L26: =M26-K26 -> 73.44 | M26: =TRUNC(G26*J26,2) -> 376.38
A27: 2.7 | B27: {=INDEX('III-PA'!$B$18:$B$2661,1+MATCH(_xlfn.CONCAT(" ",'II-PO'!A27," "),'III-PA'!$A$18:$A$2661,0))} -> 99059 | C27: {=INDEX('III-PA'!$C$18:$C$2661,1+MATCH(_xlfn.CONCAT(" ",A27," "),'III-PA'!$A$18:$A$2661,0))} -> SINAPI | D27: {=INDEX('III-PA'!$A$18:$A$2661,1+MATCH(_xlfn.CONCAT(" ",A27," "),'III-PA'!$A$18:$A$2661,0))} -> Composição | E27: {=INDEX('III-PA'!$D$18:$D$2661,1+MATCH(_xlfn.CONCAT(" ",A27," "),'III-PA'!$A$18:$A$2661,0))} -> LOCAÇÃO CONVENCIONAL DE OBRA, UTILIZANDO GABARITO DE TÁBUAS CORRIDAS PONTALETADAS A CADA 2,00M - 2 UTILIZAÇÕES. AF_03/2024 | F27: {=INDEX('III-PA'!$G$18:$G$2661,1+MATCH(_xlfn.CONCAT(" ",A27," "),'III-PA'!$A$18:$A$2661,0))} -> M | G27: =VLOOKUP(A27,'IV-MEMORIAL'!$A$17:$N$2203,14,0) -> 88 | H27: =$L$14 -> 0.252 | I27: {=INDEX('III-PA'!$I$18:$I$2661,1+MATCH(_xlfn.CONCAT(" ",A27," "),'III-PA'!$A$18:$A$2661,0))} -> 63.68 | J27: =TRUNC(I27*(1+H27),2) -> 79.72 | K27: =TRUNC(I27*G27,2) -> 5603.84 | L27: =M27-K27 -> 1411.52 | M27: =TRUNC(G27*J27,2) -> 7015.36
A28: 3 | E28: MOVIMENTAÇÃO DE TERRA | K28: =SUM(K29:K31) -> 3979.98 | L28: =SUM(L29:L31) -> 997.41 | M28: =SUM(M29:M31) -> 4977.39
A29: 3.1 | B29: {=INDEX('III-PA'!$B$18:$B$2661,1+MATCH(_xlfn.CONCAT(" ",'II-PO'!A29," "),'III-PA'!$A$18:$A$2661,0))} -> 100575 | C29: {=INDEX('III-PA'!$C$18:$C$2661,1+MATCH(_xlfn.CONCAT(" ",A29," "),'III-PA'!$A$18:$A$2661,0))} -> SINAPI | D29: {=INDEX('III-PA'!$A$18:$A$2661,1+MATCH(_xlfn.CONCAT(" ",A29," "),'III-PA'!$A$18:$A$2661,0))} -> Composição | E29: {=INDEX('III-PA'!$D$18:$D$2661,1+MATCH(_xlfn.CONCAT(" ",A29," "),'III-PA'!$A$18:$A$2661,0))} -> REGULARIZAÇÃO DE SUPERFÍCIES COM MOTONIVELADORA. AF_09/2024 | F29: {=INDEX('III-PA'!$G$18:$G$2661,1+MATCH(_xlfn.CONCAT(" ",A29," "),'III-PA'!$A$18:$A$2661,0))} -> m² | G29: =VLOOKUP(A29,'IV-MEMORIAL'!$A$17:$N$2203,14,0) -> 459 | H29: =$L$14 -> 0.252 | I29: {=INDEX('III-PA'!$I$18:$I$2661,1+MATCH(_xlfn.CONCAT(" ",A29," "),'III-PA'!$A$18:$A$2661,0))} -> 0.55 | J29: =TRUNC(I29*(1+H29),2) -> 0.68 | K29: =TRUNC(I29*G29,2) -> 252.45 | L29: =M29-K29 -> 59.67 | M29: =TRUNC(G29*J29,2) -> 312.12
A30: 3.2 | B30: {=INDEX('III-PA'!$B$18:$B$2661,1+MATCH(_xlfn.CONCAT(" ",'II-PO'!A30," "),'III-PA'!$A$18:$A$2661,0))} -> 101136 | C30: {=INDEX('III-PA'!$C$18:$C$2661,1+MATCH(_xlfn.CONCAT(" ",A30," "),'III-PA'!$A$18:$A$2661,0))} -> SINAPI | D30: {=INDEX('III-PA'!$A$18:$A$2661,1+MATCH(_xlfn.CONCAT(" ",A30," "),'III-PA'!$A$18:$A$2661,0))} -> Composição | E30: {=INDEX('III-PA'!$D$18:$D$2661,1+MATCH(_xlfn.CONCAT(" ",A30," "),'III-PA'!$A$18:$A$2661,0))} -> ESCAVAÇÃO HORIZONTAL, INCLUINDO CARGA, DESCARGA E TRANSPORTE EM SOLO DE 1A CATEGORIA COM TRATOR DE ESTEIRAS (170HP/LÂMINA: 5,20M3) E CAMINHÃO BASCULANTE DE 10M3, DMT ATÉ 200M. AF_07/2020 | F30: {=INDEX('III-PA'!$G$18:$G$2661,1+MATCH(_xlfn.CONCAT(" ",A30," "),'III-PA'!$A$18:$A$2661,0))} -> m³ | G30: =VLOOKUP(A30,'IV-MEMORIAL'!$A$17:$N$2203,14,0) -> 137.7 | H30: =$L$14 -> 0.252 | I30: {=INDEX('III-PA'!$I$18:$I$2661,1+MATCH(_xlfn.CONCAT(" ",A30," "),'III-PA'!$A$18:$A$2661,0))} -> 13.61 | J30: =TRUNC(I30*(1+H30),2) -> 17.03 | K30: =TRUNC(I30*G30,2) -> 1874.09 | L30: =M30-K30 -> 470.94 | M30: =TRUNC(G30*J30,2) -> 2345.03
A31: 3.3 | B31: {=INDEX('III-PA'!$B$18:$B$2661,1+MATCH(_xlfn.CONCAT(" ",'II-PO'!A31," "),'III-PA'!$A$18:$A$2661,0))} -> 105558 | C31: {=INDEX('III-PA'!$C$18:$C$2661,1+MATCH(_xlfn.CONCAT(" ",A31," "),'III-PA'!$A$18:$A$2661,0))} -> SINAPI | D31: {=INDEX('III-PA'!$A$18:$A$2661,1+MATCH(_xlfn.CONCAT(" ",A31," "),'III-PA'!$A$18:$A$2661,0))} -> Composição | E31: {=INDEX('III-PA'!$D$18:$D$2661,1+MATCH(_xlfn.CONCAT(" ",A31," "),'III-PA'!$A$18:$A$2661,0))} -> EXECUÇÃO E COMPACTAÇÃO DE CAMADA FINAL DE ATERRO (100% DE ENERGIA DO PROCTOR NORMAL) COM SOLO PREDOMINANTEMENTE ARGILOSO, EM CAMADAS COM ESPESSURA DE 15 CM - EXCLUSIVE ESCAVAÇÃO, CARGA E TRANSPORTE E SOLO. AF_09/2024 | F31: {=INDEX('III-PA'!$G$18:$G$2661,1+MATCH(_xlfn.CONCAT(" ",A31," "),'III-PA'!$A$18:$A$2661,0))} -> m³ | G31: =VLOOKUP(A31,'IV-MEMORIAL'!$A$17:$N$2203,14,0) -> 137.7 | H31: =$L$14 -> 0.252 | I31: {=INDEX('III-PA'!$I$18:$I$2661,1+MATCH(_xlfn.CONCAT(" ",A31," "),'III-PA'!$A$18:$A$2661,0))} -> 13.46 | J31: =TRUNC(I31*(1+H31),2) -> 16.85 | K31: =TRUNC(I31*G31,2) -> 1853.44 | L31: =M31-K31 -> 466.8 | M31: =TRUNC(G31*J31,2) -> 2320.24
A32: 4 | E32: INFRAESTRUTURA | K32: =K33+K37+K45 -> 75577.51 | L32: =L33+L37+L45 -> 19037.15 | M32: =M33+M37+M45 -> 94614.66
A33: 4.1 | E33: ESTACA | K33: =SUM(K34:K36) -> 32032.86 | L33: =SUM(L34:L36) -> 8069.23 | M33: =SUM(M34:M36) -> 40102.09
A34: 4.1.1 | B34: {=INDEX('III-PA'!$B$18:$B$2661,1+MATCH(_xlfn.CONCAT(" ",'II-PO'!A34," "),'III-PA'!$A$18:$A$2661,0))} -> 95584 | C34: {=INDEX('III-PA'!$C$18:$C$2661,1+MATCH(_xlfn.CONCAT(" ",A34," "),'III-PA'!$A$18:$A$2661,0))} -> SINAPI | D34: {=INDEX('III-PA'!$A$18:$A$2661,1+MATCH(_xlfn.CONCAT(" ",A34," "),'III-PA'!$A$18:$A$2661,0))} -> Composição | E34: {=INDEX('III-PA'!$D$18:$D$2661,1+MATCH(_xlfn.CONCAT(" ",A34," "),'III-PA'!$A$18:$A$2661,0))} -> MONTAGEM DE ARMADURA TRANSVERSAL DE ESTACAS DE SEÇÃO CIRCULAR, DIÂMETRO = 6,30 MM. AF_09/2021_PS | F34: {=INDEX('III-PA'!$G$18:$G$2661,1+MATCH(_xlfn.CONCAT(" ",A34," "),'III-PA'!$A$18:$A$2661,0))} -> KG | G34: =VLOOKUP(A34,'IV-MEMORIAL'!$A$17:$N$2203,14,0) -> 36.21 | H34: =$L$14 -> 0.252 | I34: {=INDEX('III-PA'!$I$18:$I$2661,1+MATCH(_xlfn.CONCAT(" ",A34," "),'III-PA'!$A$18:$A$2661,0))} -> 13.2 | J34: =TRUNC(I34*(1+H34),2) -> 16.52 | K34: =TRUNC(I34*G34,2) -> 477.97 | L34: =M34-K34 -> 120.21 | M34: =TRUNC(G34*J34,2) -> 598.18
A35: 4.1.2 | B35: {=INDEX('III-PA'!$B$18:$B$2661,1+MATCH(_xlfn.CONCAT(" ",'II-PO'!A35," "),'III-PA'!$A$18:$A$2661,0))} -> 95577 | C35: {=INDEX('III-PA'!$C$18:$C$2661,1+MATCH(_xlfn.CONCAT(" ",A35," "),'III-PA'!$A$18:$A$2661,0))} -> SINAPI | D35: {=INDEX('III-PA'!$A$18:$A$2661,1+MATCH(_xlfn.CONCAT(" ",A35," "),'III-PA'!$A$18:$A$2661,0))} -> Composição | E35: {=INDEX('III-PA'!$D$18:$D$2661,1+MATCH(_xlfn.CONCAT(" ",A35," "),'III-PA'!$A$18:$A$2661,0))} -> MONTAGEM DE ARMADURA DE ESTACAS, DIÂMETRO = 10,0 MM. AF_09/2021_PS | F35: {=INDEX('III-PA'!$G$18:$G$2661,1+MATCH(_xlfn.CONCAT(" ",A35," "),'III-PA'!$A$18:$A$2661,0))} -> KG | G35: =VLOOKUP(A35,'IV-MEMORIAL'!$A$17:$N$2203,14,0) -> 388.41 | H35: =$L$14 -> 0.252 | I35: {=INDEX('III-PA'!$I$18:$I$2661,1+MATCH(_xlfn.CONCAT(" ",A35," "),'III-PA'!$A$18:$A$2661,0))} -> 9.51 | J35: =TRUNC(I35*(1+H35),2) -> 11.9 | K35: =TRUNC(I35*G35,2) -> 3693.77 | L35: =M35-K35 -> 928.3 | M35: =TRUNC(G35*J35,2) -> 4622.07
A36: 4.1.3 | B36: {=INDEX('III-PA'!$B$18:$B$2661,1+MATCH(_xlfn.CONCAT(" ",'II-PO'!A36," "),'III-PA'!$A$18:$A$2661,0))} -> 100901 | C36: {=INDEX('III-PA'!$C$18:$C$2661,1+MATCH(_xlfn.CONCAT(" ",A36," "),'III-PA'!$A$18:$A$2661,0))} -> Próprio | D36: {=INDEX('III-PA'!$A$18:$A$2661,1+MATCH(_xlfn.CONCAT(" ",A36," "),'III-PA'!$A$18:$A$2661,0))} -> Composição | E36: {=INDEX('III-PA'!$D$18:$D$2661,1+MATCH(_xlfn.CONCAT(" ",A36," "),'III-PA'!$A$18:$A$2661,0))} -> ESTACA BROCA DE CONCRETO, DIÂMETRO DE 30CM, ESCAVAÇÃO MANUAL COM TRADO CONCHA, SEM ARMADURA DE ARRANQUE. AF_05/2020 (REF.: SINAPI 101175) | F36: {=INDEX('III-PA'!$G$18:$G$2661,1+MATCH(_xlfn.CONCAT(" ",A36," "),'III-PA'!$A$18:$A$2661,0))} -> M | G36: =VLOOKUP(A36,'IV-MEMORIAL'!$A$17:$N$2203,14,0) -> 252 | H36: =$L$14 -> 0.252 | I36: {=INDEX('III-PA'!$I$18:$I$2661,1+MATCH(_xlfn.CONCAT(" ",A36," "),'III-PA'!$A$18:$A$2661,0))} -> 110.56 | J36: =TRUNC(I36*(1+H36),2) -> 138.42 | K36: =TRUNC(I36*G36,2) -> 27861.12 | L36: =M36-K36 -> 7020.72 | M36: =TRUNC(G36*J36,2) -> 34881.84
A37: 4.2 | E37: BLOCOS DE COROAMENTO | K37: =SUM(K38:K44) -> 15738.12 | L37: =SUM(L38:L44) -> 3964.71 | M37: =SUM(M38:M44) -> 19702.83
A38: 4.2.1 | B38: {=INDEX('III-PA'!$B$18:$B$2661,1+MATCH(_xlfn.CONCAT(" ",'II-PO'!A38," "),'III-PA'!$A$18:$A$2661,0))} -> 96544 | C38: {=INDEX('III-PA'!$C$18:$C$2661,1+MATCH(_xlfn.CONCAT(" ",A38," "),'III-PA'!$A$18:$A$2661,0))} -> SINAPI | D38: {=INDEX('III-PA'!$A$18:$A$2661,1+MATCH(_xlfn.CONCAT(" ",A38," "),'III-PA'!$A$18:$A$2661,0))} -> Composição | E38: {=INDEX('III-PA'!$D$18:$D$2661,1+MATCH(_xlfn.CONCAT(" ",A38," "),'III-PA'!$A$18:$A$2661,0))} -> ARMAÇÃO DE BLOCO UTILIZANDO AÇO CA-50 DE 6,3 MM - MONTAGEM. AF_01/2024 | F38: {=INDEX('III-PA'!$G$18:$G$2661,1+MATCH(_xlfn.CONCAT(" ",A38," "),'III-PA'!$A$18:$A$2661,0))} -> KG | G38: =VLOOKUP(A38,'IV-MEMORIAL'!$A$17:$N$2203,14,0) -> 65.36 | H38: =$L$14 -> 0.252 | I38: {=INDEX('III-PA'!$I$18:$I$2661,1+MATCH(_xlfn.CONCAT(" ",A38," "),'III-PA'!$A$18:$A$2661,0))} -> 17.48 | J38: =TRUNC(I38*(1+H38),2) -> 21.88 | K38: =TRUNC(I38*G38,2) -> 1142.49 | L38: =M38-K38 -> 287.58 | M38: =TRUNC(G38*J38,2) -> 1430.07
A39: 4.2.2 | B39: {=INDEX('III-PA'!$B$18:$B$2661,1+MATCH(_xlfn.CONCAT(" ",'II-PO'!A39," "),'III-PA'!$A$18:$A$2661,0))} -> 96546 | C39: {=INDEX('III-PA'!$C$18:$C$2661,1+MATCH(_xlfn.CONCAT(" ",A39," "),'III-PA'!$A$18:$A$2661,0))} -> SINAPI | D39: {=INDEX('III-PA'!$A$18:$A$2661,1+MATCH(_xlfn.CONCAT(" ",A39," "),'III-PA'!$A$18:$A$2661,0))} -> Composição | E39: {=INDEX('III-PA'!$D$18:$D$2661,1+MATCH(_xlfn.CONCAT(" ",A39," "),'III-PA'!$A$18:$A$2661,0))} -> ARMAÇÃO DE BLOCO UTILIZANDO AÇO CA-50 DE 10 MM - MONTAGEM. AF_01/2024 | F39: {=INDEX('III-PA'!$G$18:$G$2661,1+MATCH(_xlfn.CONCAT(" ",A39," "),'III-PA'!$A$18:$A$2661,0))} -> KG | G39: =VLOOKUP(A39,'IV-MEMORIAL'!$A$17:$N$2203,14,0) -> 54.37 | H39: =$L$14 -> 0.252 | I39: {=INDEX('III-PA'!$I$18:$I$2661,1+MATCH(_xlfn.CONCAT(" ",A39," "),'III-PA'!$A$18:$A$2661,0))} -> 13.23 | J39: =TRUNC(I39*(1+H39),2) -> 16.56 | K39: =TRUNC(I39*G39,2) -> 719.31 | L39: =M39-K39 -> 181.05 | M39: =TRUNC(G39*J39,2) -> 900.36
A40: 4.2.3 | B40: {=INDEX('III-PA'!$B$18:$B$2661,1+MATCH(_xlfn.CONCAT(" ",'II-PO'!A40," "),'III-PA'!$A$18:$A$2661,0))} -> 94971 | C40: {=INDEX('III-PA'!$C$18:$C$2661,1+MATCH(_xlfn.CONCAT(" ",A40," "),'III-PA'!$A$18:$A$2661,0))} -> SINAPI | D40: {=INDEX('III-PA'!$A$18:$A$2661,1+MATCH(_xlfn.CONCAT(" ",A40," "),'III-PA'!$A$18:$A$2661,0))} -> Composição | E40: {=INDEX('III-PA'!$D$18:$D$2661,1+MATCH(_xlfn.CONCAT(" ",A40," "),'III-PA'!$A$18:$A$2661,0))} -> CONCRETO FCK = 25MPA, TRAÇO 1:2,3:2,7 (EM MASSA SECA DE CIMENTO/ AREIA MÉDIA/ BRITA 1) - PREPARO MECÂNICO COM BETONEIRA 600 L. AF_05/2021 | F40: {=INDEX('III-PA'!$G$18:$G$2661,1+MATCH(_xlfn.CONCAT(" ",A40," "),'III-PA'!$A$18:$A$2661,0))} -> m³ | G40: =VLOOKUP(A40,'IV-MEMORIAL'!$A$17:$N$2203,14,0) -> 7.9 | H40: =$L$14 -> 0.252 | I40: {=INDEX('III-PA'!$I$18:$I$2661,1+MATCH(_xlfn.CONCAT(" ",A40," "),'III-PA'!$A$18:$A$2661,0))} -> 526.74 | J40: =TRUNC(I40*(1+H40),2) -> 659.47 | K40: =TRUNC(I40*G40,2) -> 4161.24 | L40: =M40-K40 -> 1048.57 | M40: =TRUNC(G40*J40,2) -> 5209.81
A41: 4.2.4 | B41: {=INDEX('III-PA'!$B$18:$B$2661,1+MATCH(_xlfn.CONCAT(" ",'II-PO'!A41," "),'III-PA'!$A$18:$A$2661,0))} -> 103670 | C41: {=INDEX('III-PA'!$C$18:$C$2661,1+MATCH(_xlfn.CONCAT(" ",A41," "),'III-PA'!$A$18:$A$2661,0))} -> SINAPI | D41: {=INDEX('III-PA'!$A$18:$A$2661,1+MATCH(_xlfn.CONCAT(" ",A41," "),'III-PA'!$A$18:$A$2661,0))} -> Composição | E41: {=INDEX('III-PA'!$D$18:$D$2661,1+MATCH(_xlfn.CONCAT(" ",A41," "),'III-PA'!$A$18:$A$2661,0))} -> LANÇAMENTO COM USO DE BALDES, ADENSAMENTO E ACABAMENTO DE CONCRETO EM ESTRUTURAS. AF_02/2022 | F41: {=INDEX('III-PA'!$G$18:$G$2661,1+MATCH(_xlfn.CONCAT(" ",A41," "),'III-PA'!$A$18:$A$2661,0))} -> m³ | G41: =VLOOKUP(A41,'IV-MEMORIAL'!$A$17:$N$2203,14,0) -> 7.9 | H41: =$L$14 -> 0.252 | I41: {=INDEX('III-PA'!$I$18:$I$2661,1+MATCH(_xlfn.CONCAT(" ",A41," "),'III-PA'!$A$18:$A$2661,0))} -> 324.68 | J41: =TRUNC(I41*(1+H41),2) -> 406.49 | K41: =TRUNC(I41*G41,2) -> 2564.97 | L41: =M41-K41 -> 646.3 | M41: =TRUNC(G41*J41,2) -> 3211.27
A42: 4.2.5 | B42: {=INDEX('III-PA'!$B$18:$B$2661,1+MATCH(_xlfn.CONCAT(" ",'II-PO'!A42," "),'III-PA'!$A$18:$A$2661,0))} -> 96521 | C42: {=INDEX('III-PA'!$C$18:$C$2661,1+MATCH(_xlfn.CONCAT(" ",A42," "),'III-PA'!$A$18:$A$2661,0))} -> SINAPI | D42: {=INDEX('III-PA'!$A$18:$A$2661,1+MATCH(_xlfn.CONCAT(" ",A42," "),'III-PA'!$A$18:$A$2661,0))} -> Composição | E42: {=INDEX('III-PA'!$D$18:$D$2661,1+MATCH(_xlfn.CONCAT(" ",A42," "),'III-PA'!$A$18:$A$2661,0))} -> ESCAVAÇÃO MECANIZADA PARA BLOCO DE COROAMENTO OU SAPATA COM RETROESCAVADEIRA (INCLUINDO ESCAVAÇÃO PARA COLOCAÇÃO DE FÔRMAS). AF_01/2024 | F42: {=INDEX('III-PA'!$G$18:$G$2661,1+MATCH(_xlfn.CONCAT(" ",A42," "),'III-PA'!$A$18:$A$2661,0))} -> m³ | G42: =VLOOKUP(A42,'IV-MEMORIAL'!$A$17:$N$2203,14,0) -> 33.26 | H42: =$L$14 -> 0.252 | I42: {=INDEX('III-PA'!$I$18:$I$2661,1+MATCH(_xlfn.CONCAT(" ",A42," "),'III-PA'!$A$18:$A$2661,0))} -> 41.43 | J42: =TRUNC(I42*(1+H42),2) -> 51.87 | K42: =TRUNC(I42*G42,2) -> 1377.96 | L42: =M42-K42 -> 347.23 | M42: =TRUNC(G42*J42,2) -> 1725.19
A43: 4.2.6 | B43: {=INDEX('III-PA'!$B$18:$B$2661,1+MATCH(_xlfn.CONCAT(" ",'II-PO'!A43," "),'III-PA'!$A$18:$A$2661,0))} -> 050903 | C43: {=INDEX('III-PA'!$C$18:$C$2661,1+MATCH(_xlfn.CONCAT(" ",A43," "),'III-PA'!$A$18:$A$2661,0))} -> AGETOP CIVIL | D43: {=INDEX('III-PA'!$A$18:$A$2661,1+MATCH(_xlfn.CONCAT(" ",A43," "),'III-PA'!$A$18:$A$2661,0))} -> Composição | E43: {=INDEX('III-PA'!$D$18:$D$2661,1+MATCH(_xlfn.CONCAT(" ",A43," "),'III-PA'!$A$18:$A$2661,0))} -> REATERRO COM APILOAMENTO MANUAL (BLOCOS/SAPATAS) | F43: {=INDEX('III-PA'!$G$18:$G$2661,1+MATCH(_xlfn.CONCAT(" ",A43," "),'III-PA'!$A$18:$A$2661,0))} -> m³ | G43: =VLOOKUP(A43,'IV-MEMORIAL'!$A$17:$N$2203,14,0) -> 24.95 | H43: =$L$14 -> 0.252 | I43: {=INDEX('III-PA'!$I$18:$I$2661,1+MATCH(_xlfn.CONCAT(" ",A43," "),'III-PA'!$A$18:$A$2661,0))} -> 34.35 | J43: =TRUNC(I43*(1+H43),2) -> 43 | K43: =TRUNC(I43*G43,2) -> 857.03 | L43: =M43-K43 -> 215.82 | M43: =TRUNC(G43*J43,2) -> 1072.85
A44: 4.2.7 | B44: {=INDEX('III-PA'!$B$18:$B$2661,1+MATCH(_xlfn.CONCAT(" ",'II-PO'!A44," "),'III-PA'!$A$18:$A$2661,0))} -> 96534 | C44: {=INDEX('III-PA'!$C$18:$C$2661,1+MATCH(_xlfn.CONCAT(" ",A44," "),'III-PA'!$A$18:$A$2661,0))} -> SINAPI | D44: {=INDEX('III-PA'!$A$18:$A$2661,1+MATCH(_xlfn.CONCAT(" ",A44," "),'III-PA'!$A$18:$A$2661,0))} -> Composição | E44: {=INDEX('III-PA'!$D$18:$D$2661,1+MATCH(_xlfn.CONCAT(" ",A44," "),'III-PA'!$A$18:$A$2661,0))} -> FABRICAÇÃO, MONTAGEM E DESMONTAGEM DE FÔRMA PARA BLOCO DE COROAMENTO, EM MADEIRA SERRADA, E=25 MM, 4 UTILIZAÇÕES. AF_01/2024 | F44: {=INDEX('III-PA'!$G$18:$G$2661,1+MATCH(_xlfn.CONCAT(" ",A44," "),'III-PA'!$A$18:$A$2661,0))} -> m² | G44: =VLOOKUP(A44,'IV-MEMORIAL'!$A$17:$N$2203,14,0) -> 56 | H44: =$L$14 -> 0.252 | I44: {=INDEX('III-PA'!$I$18:$I$2661,1+MATCH(_xlfn.CONCAT(" ",A44," "),'III-PA'!$A$18:$A$2661,0))} -> 87.77 | J44: =TRUNC(I44*(1+H44),2) -> 109.88 | K44: =TRUNC(I44*G44,2) -> 4915.12 | L44: =M44-K44 -> 1238.16 | M44: =TRUNC(G44*J44,2) -> 6153.28
A45: 4.3 | E45: VIGAS BALDRAMES | K45: =SUM(K46:K53) -> 27806.53 | L45: =SUM(L46:L53) -> 7003.21 | M45: =SUM(M46:M53) -> 34809.74
A46: 4.3.1 | B46: {=INDEX('III-PA'!$B$18:$B$2661,1+MATCH(_xlfn.CONCAT(" ",'II-PO'!A46," "),'III-PA'!$A$18:$A$2661,0))} -> 104916 | C46: {=INDEX('III-PA'!$C$18:$C$2661,1+MATCH(_xlfn.CONCAT(" ",A46," "),'III-PA'!$A$18:$A$2661,0))} -> SINAPI | D46: {=INDEX('III-PA'!$A$18:$A$2661,1+MATCH(_xlfn.CONCAT(" ",A46," "),'III-PA'!$A$18:$A$2661,0))} -> Composição | E46: {=INDEX('III-PA'!$D$18:$D$2661,1+MATCH(_xlfn.CONCAT(" ",A46," "),'III-PA'!$A$18:$A$2661,0))} -> ARMAÇÃO DE SAPATA ISOLADA, VIGA BALDRAME E SAPATA CORRIDA UTILIZANDO AÇO CA-60 DE 5 MM - MONTAGEM. AF_01/2024 | F46: {=INDEX('III-PA'!$G$18:$G$2661,1+MATCH(_xlfn.CONCAT(" ",A46," "),'III-PA'!$A$18:$A$2661,0))} -> KG | G46: =VLOOKUP(A46,'IV-MEMORIAL'!$A$17:$N$2203,14,0) -> 131.01 | H46: =$L$14 -> 0.252 | I46: {=INDEX('III-PA'!$I$18:$I$2661,1+MATCH(_xlfn.CONCAT(" ",A46," "),'III-PA'!$A$18:$A$2661,0))} -> 16.46 | J46: =TRUNC(I46*(1+H46),2) -> 20.6 | K46: =TRUNC(I46*G46,2) -> 2156.42 | L46: =M46-K46 -> 542.38 | M46: =TRUNC(G46*J46,2) -> 2698.8
A47: 4.3.2 | B47: {=INDEX('III-PA'!$B$18:$B$2661,1+MATCH(_xlfn.CONCAT(" ",'II-PO'!A47," "),'III-PA'!$A$18:$A$2661,0))} -> 104918 | C47: {=INDEX('III-PA'!$C$18:$C$2661,1+MATCH(_xlfn.CONCAT(" ",A47," "),'III-PA'!$A$18:$A$2661,0))} -> SINAPI | D47: {=INDEX('III-PA'!$A$18:$A$2661,1+MATCH(_xlfn.CONCAT(" ",A47," "),'III-PA'!$A$18:$A$2661,0))} -> Composição | E47: {=INDEX('III-PA'!$D$18:$D$2661,1+MATCH(_xlfn.CONCAT(" ",A47," "),'III-PA'!$A$18:$A$2661,0))} -> ARMAÇÃO DE SAPATA ISOLADA, VIGA BALDRAME E SAPATA CORRIDA UTILIZANDO AÇO CA-50 DE 8 MM - MONTAGEM. AF_01/2024 | F47: {=INDEX('III-PA'!$G$18:$G$2661,1+MATCH(_xlfn.CONCAT(" ",A47," "),'III-PA'!$A$18:$A$2661,0))} -> KG | G47: =VLOOKUP(A47,'IV-MEMORIAL'!$A$17:$N$2203,14,0) -> 180.32 | H47: =$L$14 -> 0.252 | I47: {=INDEX('III-PA'!$I$18:$I$2661,1+MATCH(_xlfn.CONCAT(" ",A47," "),'III-PA'!$A$18:$A$2661,0))} -> 13.39 | J47: =TRUNC(I47*(1+H47),2) -> 16.76 | K47: =TRUNC(I47*G47,2) -> 2414.48 | L47: =M47-K47 -> 607.68 | M47: =TRUNC(G47*J47,2) -> 3022.16
A48: 4.3.3 | B48: {=INDEX('III-PA'!$B$18:$B$2661,1+MATCH(_xlfn.CONCAT(" ",'II-PO'!A48," "),'III-PA'!$A$18:$A$2661,0))} -> 104919 | C48: {=INDEX('III-PA'!$C$18:$C$2661,1+MATCH(_xlfn.CONCAT(" ",A48," "),'III-PA'!$A$18:$A$2661,0))} -> SINAPI | D48: {=INDEX('III-PA'!$A$18:$A$2661,1+MATCH(_xlfn.CONCAT(" ",A48," "),'III-PA'!$A$18:$A$2661,0))} -> Composição | E48: {=INDEX('III-PA'!$D$18:$D$2661,1+MATCH(_xlfn.CONCAT(" ",A48," "),'III-PA'!$A$18:$A$2661,0))} -> ARMAÇÃO DE SAPATA ISOLADA, VIGA BALDRAME E SAPATA CORRIDA UTILIZANDO AÇO CA-50 DE 10 MM - MONTAGEM. AF_01/2024 | F48: {=INDEX('III-PA'!$G$18:$G$2661,1+MATCH(_xlfn.CONCAT(" ",A48," "),'III-PA'!$A$18:$A$2661,0))} -> KG | G48: =VLOOKUP(A48,'IV-MEMORIAL'!$A$17:$N$2203,14,0) -> 121.45 | H48: =$L$14 -> 0.252 | I48: {=INDEX('III-PA'!$I$18:$I$2661,1+MATCH(_xlfn.CONCAT(" ",A48," "),'III-PA'!$A$18:$A$2661,0))} -> 11.8 | J48: =TRUNC(I48*(1+H48),2) -> 14.77 | K48: =TRUNC(I48*G48,2) -> 1433.11 | L48: =M48-K48 -> 360.7 | M48: =TRUNC(G48*J48,2) -> 1793.81
A49: 4.3.4 | B49: {=INDEX('III-PA'!$B$18:$B$2661,1+MATCH(_xlfn.CONCAT(" ",'II-PO'!A49," "),'III-PA'!$A$18:$A$2661,0))} -> 94971 | C49: {=INDEX('III-PA'!$C$18:$C$2661,1+MATCH(_xlfn.CONCAT(" ",A49," "),'III-PA'!$A$18:$A$2661,0))} -> SINAPI | D49: {=INDEX('III-PA'!$A$18:$A$2661,1+MATCH(_xlfn.CONCAT(" ",A49," "),'III-PA'!$A$18:$A$2661,0))} -> Composição | E49: {=INDEX('III-PA'!$D$18:$D$2661,1+MATCH(_xlfn.CONCAT(" ",A49," "),'III-PA'!$A$18:$A$2661,0))} -> CONCRETO FCK = 25MPA, TRAÇO 1:2,3:2,7 (EM MASSA SECA DE CIMENTO/ AREIA MÉDIA/ BRITA 1) - PREPARO MECÂNICO COM BETONEIRA 600 L. AF_05/2021 | F49: {=INDEX('III-PA'!$G$18:$G$2661,1+MATCH(_xlfn.CONCAT(" ",A49," "),'III-PA'!$A$18:$A$2661,0))} -> m³ | G49: =VLOOKUP(A49,'IV-MEMORIAL'!$A$17:$N$2203,14,0) -> 11.05 | H49: =$L$14 -> 0.252 | I49: {=INDEX('III-PA'!$I$18:$I$2661,1+MATCH(_xlfn.CONCAT(" ",A49," "),'III-PA'!$A$18:$A$2661,0))} -> 526.74 | J49: =TRUNC(I49*(1+H49),2) -> 659.47 | K49: =TRUNC(I49*G49,2) -> 5820.47 | L49: =M49-K49 -> 1466.67 | M49: =TRUNC(G49*J49,2) -> 7287.14
A50: 4.3.5 | B50: {=INDEX('III-PA'!$B$18:$B$2661,1+MATCH(_xlfn.CONCAT(" ",'II-PO'!A50," "),'III-PA'!$A$18:$A$2661,0))} -> 103670 | C50: {=INDEX('III-PA'!$C$18:$C$2661,1+MATCH(_xlfn.CONCAT(" ",A50," "),'III-PA'!$A$18:$A$2661,0))} -> SINAPI | D50: {=INDEX('III-PA'!$A$18:$A$2661,1+MATCH(_xlfn.CONCAT(" ",A50," "),'III-PA'!$A$18:$A$2661,0))} -> Composição | E50: {=INDEX('III-PA'!$D$18:$D$2661,1+MATCH(_xlfn.CONCAT(" ",A50," "),'III-PA'!$A$18:$A$2661,0))} -> LANÇAMENTO COM USO DE BALDES, ADENSAMENTO E ACABAMENTO DE CONCRETO EM ESTRUTURAS. AF_02/2022 | F50: {=INDEX('III-PA'!$G$18:$G$2661,1+MATCH(_xlfn.CONCAT(" ",A50," "),'III-PA'!$A$18:$A$2661,0))} -> m³ | G50: =VLOOKUP(A50,'IV-MEMORIAL'!$A$17:$N$2203,14,0) -> 11.05 | H50: =$L$14 -> 0.252 | I50: {=INDEX('III-PA'!$I$18:$I$2661,1+MATCH(_xlfn.CONCAT(" ",A50," "),'III-PA'!$A$18:$A$2661,0))} -> 324.68 | J50: =TRUNC(I50*(1+H50),2) -> 406.49 | K50: =TRUNC(I50*G50,2) -> 3587.71 | L50: =M50-K50 -> 904 | M50: =TRUNC(G50*J50,2) -> 4491.71
A51: 4.3.6 | B51: {=INDEX('III-PA'!$B$18:$B$2661,1+MATCH(_xlfn.CONCAT(" ",'II-PO'!A51," "),'III-PA'!$A$18:$A$2661,0))} -> 96525 | C51: {=INDEX('III-PA'!$C$18:$C$2661,1+MATCH(_xlfn.CONCAT(" ",A51," "),'III-PA'!$A$18:$A$2661,0))} -> SINAPI | D51: {=INDEX('III-PA'!$A$18:$A$2661,1+MATCH(_xlfn.CONCAT(" ",A51," "),'III-PA'!$A$18:$A$2661,0))} -> Composição | E51: {=INDEX('III-PA'!$D$18:$D$2661,1+MATCH(_xlfn.CONCAT(" ",A51," "),'III-PA'!$A$18:$A$2661,0))} -> ESCAVAÇÃO MECANIZADA PARA VIGA BALDRAME OU SAPATA CORRIDA COM MINI-ESCAVADEIRA (INCLUINDO ESCAVAÇÃO PARA COLOCAÇÃO DE FÔRMAS). AF_01/2024 | F51: {=INDEX('III-PA'!$G$18:$G$2661,1+MATCH(_xlfn.CONCAT(" ",A51," "),'III-PA'!$A$18:$A$2661,0))} -> m³ | G51: =VLOOKUP(A51,'IV-MEMORIAL'!$A$17:$N$2203,14,0) -> 17.8 | H51: =$L$14 -> 0.252 | I51: {=INDEX('III-PA'!$I$18:$I$2661,1+MATCH(_xlfn.CONCAT(" ",A51," "),'III-PA'!$A$18:$A$2661,0))} -> 58.16 | J51: =TRUNC(I51*(1+H51),2) -> 72.81 | K51: =TRUNC(I51*G51,2) -> 1035.24 | L51: =M51-K51 -> 260.77 | M51: =TRUNC(G51*J51,2) -> 1296.01
A52: 4.3.7 | B52: {=INDEX('III-PA'!$B$18:$B$2661,1+MATCH(_xlfn.CONCAT(" ",'II-PO'!A52," "),'III-PA'!$A$18:$A$2661,0))} -> 040902 | C52: {=INDEX('III-PA'!$C$18:$C$2661,1+MATCH(_xlfn.CONCAT(" ",A52," "),'III-PA'!$A$18:$A$2661,0))} -> AGETOP CIVIL | D52: {=INDEX('III-PA'!$A$18:$A$2661,1+MATCH(_xlfn.CONCAT(" ",A52," "),'III-PA'!$A$18:$A$2661,0))} -> Composição | E52: {=INDEX('III-PA'!$D$18:$D$2661,1+MATCH(_xlfn.CONCAT(" ",A52," "),'III-PA'!$A$18:$A$2661,0))} -> REATERRO COM APILOAMENTO | F52: {=INDEX('III-PA'!$G$18:$G$2661,1+MATCH(_xlfn.CONCAT(" ",A52," "),'III-PA'!$A$18:$A$2661,0))} -> m³ | G52: =VLOOKUP(A52,'IV-MEMORIAL'!$A$17:$N$2203,14,0) -> 9.07 | H52: =$L$14 -> 0.252 | I52: {=INDEX('III-PA'!$I$18:$I$2661,1+MATCH(_xlfn.CONCAT(" ",A52," "),'III-PA'!$A$18:$A$2661,0))} -> 34.35 | J52: =TRUNC(I52*(1+H52),2) -> 43 | K52: =TRUNC(I52*G52,2) -> 311.55 | L52: =M52-K52 -> 78.46 | M52: =TRUNC(G52*J52,2) -> 390.01
A53: 4.3.8 | B53: {=INDEX('III-PA'!$B$18:$B$2661,1+MATCH(_xlfn.CONCAT(" ",'II-PO'!A53," "),'III-PA'!$A$18:$A$2661,0))} -> 96536 | C53: {=INDEX('III-PA'!$C$18:$C$2661,1+MATCH(_xlfn.CONCAT(" ",A53," "),'III-PA'!$A$18:$A$2661,0))} -> SINAPI | D53: {=INDEX('III-PA'!$A$18:$A$2661,1+MATCH(_xlfn.CONCAT(" ",A53," "),'III-PA'!$A$18:$A$2661,0))} -> Composição | E53: {=INDEX('III-PA'!$D$18:$D$2661,1+MATCH(_xlfn.CONCAT(" ",A53," "),'III-PA'!$A$18:$A$2661,0))} -> FABRICAÇÃO, MONTAGEM E DESMONTAGEM DE FÔRMA PARA VIGA BALDRAME, EM MADEIRA SERRADA, E=25 MM, 4 UTILIZAÇÕES. AF_01/2024 | F53: {=INDEX('III-PA'!$G$18:$G$2661,1+MATCH(_xlfn.CONCAT(" ",A53," "),'III-PA'!$A$18:$A$2661,0))} -> m² | G53: =VLOOKUP(A53,'IV-MEMORIAL'!$A$17:$N$2203,14,0) -> 145 | H53: =$L$14 -> 0.252 | I53: {=INDEX('III-PA'!$I$18:$I$2661,1+MATCH(_xlfn.CONCAT(" ",A53," "),'III-PA'!$A$18:$A$2661,0))} -> 76.19 | J53: =TRUNC(I53*(1+H53),2) -> 95.38 | K53: =TRUNC(I53*G53,2) -> 11047.55 | L53: =M53-K53 -> 2782.55 | M53: =TRUNC(G53*J53,2) -> 13830.1
A54: 5 | E54: SUPERESTRUTURAS | K54: =K55+K62+K70 -> 136758.37 | L54: =L55+L62+L70 -> 34450.32 | M54: =M55+M62+M70 -> 171208.69
A55: 5.1 | E55: PILARES | K55: =SUM(K56:K61) -> 26497.46 | L55: =SUM(L56:L61) -> 6671.2 | M55: =SUM(M56:M61) -> 33168.66
A56: 5.1.1 | B56: {=INDEX('III-PA'!$B$18:$B$2661,1+MATCH(_xlfn.CONCAT(" ",'II-PO'!A56," "),'III-PA'!$A$18:$A$2661,0))} -> 92759 | C56: {=INDEX('III-PA'!$C$18:$C$2661,1+MATCH(_xlfn.CONCAT(" ",A56," "),'III-PA'!$A$18:$A$2661,0))} -> SINAPI | D56: {=INDEX('III-PA'!$A$18:$A$2661,1+MATCH(_xlfn.CONCAT(" ",A56," "),'III-PA'!$A$18:$A$2661,0))} -> Composição | E56: {=INDEX('III-PA'!$D$18:$D$2661,1+MATCH(_xlfn.CONCAT(" ",A56," "),'III-PA'!$A$18:$A$2661,0))} -> ARMAÇÃO DE PILAR OU VIGA DE ESTRUTURA CONVENCIONAL DE CONCRETO ARMADO UTILIZANDO AÇO CA-60 DE 5,0 MM - MONTAGEM. AF_06/2022 | F56: {=INDEX('III-PA'!$G$18:$G$2661,1+MATCH(_xlfn.CONCAT(" ",A56," "),'III-PA'!$A$18:$A$2661,0))} -> KG | G56: =VLOOKUP(A56,'IV-MEMORIAL'!$A$17:$N$2203,14,0) -> 213.74 | H56: =$L$14 -> 0.252 | I56: {=INDEX('III-PA'!$I$18:$I$2661,1+MATCH(_xlfn.CONCAT(" ",A56," "),'III-PA'!$A$18:$A$2661,0))} -> 13.6 | J56: =TRUNC(I56*(1+H56),2) -> 17.02 | K56: =TRUNC(I56*G56,2) -> 2906.86 | L56: =M56-K56 -> 730.99 | M56: =TRUNC(G56*J56,2) -> 3637.85
A57: 5.1.2 | B57: {=INDEX('III-PA'!$B$18:$B$2661,1+MATCH(_xlfn.CONCAT(" ",'II-PO'!A57," "),'III-PA'!$A$18:$A$2661,0))} -> 92762 | C57: {=INDEX('III-PA'!$C$18:$C$2661,1+MATCH(_xlfn.CONCAT(" ",A57," "),'III-PA'!$A$18:$A$2661,0))} -> SINAPI | D57: {=INDEX('III-PA'!$A$18:$A$2661,1+MATCH(_xlfn.CONCAT(" ",A57," "),'III-PA'!$A$18:$A$2661,0))} -> Composição | E57: {=INDEX('III-PA'!$D$18:$D$2661,1+MATCH(_xlfn.CONCAT(" ",A57," "),'III-PA'!$A$18:$A$2661,0))} -> ARMAÇÃO DE PILAR OU VIGA DE ESTRUTURA CONVENCIONAL DE CONCRETO ARMADO UTILIZANDO AÇO CA-50 DE 10,0 MM - MONTAGEM. AF_06/2022 | F57: {=INDEX('III-PA'!$G$18:$G$2661,1+MATCH(_xlfn.CONCAT(" ",A57," "),'III-PA'!$A$18:$A$2661,0))} -> KG | G57: =VLOOKUP(A57,'IV-MEMORIAL'!$A$17:$N$2203,14,0) -> 615.72 | H57: =$L$14 -> 0.252 | I57: {=INDEX('III-PA'!$I$18:$I$2661,1+MATCH(_xlfn.CONCAT(" ",A57," "),'III-PA'!$A$18:$A$2661,0))} -> 9.94 | J57: =TRUNC(I57*(1+H57),2) -> 12.44 | K57: =TRUNC(I57*G57,2) -> 6120.25 | L57: =M57-K57 -> 1539.3 | M57: =TRUNC(G57*J57,2) -> 7659.55
A58: 5.1.3 | B58: {=INDEX('III-PA'!$B$18:$B$2661,1+MATCH(_xlfn.CONCAT(" ",'II-PO'!A58," "),'III-PA'!$A$18:$A$2661,0))} -> 92763 | C58: {=INDEX('III-PA'!$C$18:$C$2661,1+MATCH(_xlfn.CONCAT(" ",A58," "),'III-PA'!$A$18:$A$2661,0))} -> SINAPI | D58: {=INDEX('III-PA'!$A$18:$A$2661,1+MATCH(_xlfn.CONCAT(" ",A58," "),'III-PA'!$A$18:$A$2661,0))} -> Composição | E58: {=INDEX('III-PA'!$D$18:$D$2661,1+MATCH(_xlfn.CONCAT(" ",A58," "),'III-PA'!$A$18:$A$2661,0))} -> ARMAÇÃO DE PILAR OU VIGA DE ESTRUTURA CONVENCIONAL DE CONCRETO ARMADO UTILIZANDO AÇO CA-50 DE 12,5 MM - MONTAGEM. AF_06/2022 | F58: {=INDEX('III-PA'!$G$18:$G$2661,1+MATCH(_xlfn.CONCAT(" ",A58," "),'III-PA'!$A$18:$A$2661,0))} -> KG | G58: =VLOOKUP(A58,'IV-MEMORIAL'!$A$17:$N$2203,14,0) -> 30.34 | H58: =$L$14 -> 0.252 | I58: {=INDEX('III-PA'!$I$18:$I$2661,1+MATCH(_xlfn.CONCAT(" ",A58," "),'III-PA'!$A$18:$A$2661,0))} -> 8.29 | J58: =TRUNC(I58*(1+H58),2) -> 10.37 | K58: =TRUNC(I58*G58,2) -> 251.51 | L58: =M58-K58 -> 63.11 | M58: =TRUNC(G58*J58,2) -> 314.62
A59: 5.1.4 | B59: {=INDEX('III-PA'!$B$18:$B$2661,1+MATCH(_xlfn.CONCAT(" ",'II-PO'!A59," "),'III-PA'!$A$18:$A$2661,0))} -> 94971 | C59: {=INDEX('III-PA'!$C$18:$C$2661,1+MATCH(_xlfn.CONCAT(" ",A59," "),'III-PA'!$A$18:$A$2661,0))} -> SINAPI | D59: {=INDEX('III-PA'!$A$18:$A$2661,1+MATCH(_xlfn.CONCAT(" ",A59," "),'III-PA'!$A$18:$A$2661,0))} -> Composição | E59: {=INDEX('III-PA'!$D$18:$D$2661,1+MATCH(_xlfn.CONCAT(" ",A59," "),'III-PA'!$A$18:$A$2661,0))} -> CONCRETO FCK = 25MPA, TRAÇO 1:2,3:2,7 (EM MASSA SECA DE CIMENTO/ AREIA MÉDIA/ BRITA 1) - PREPARO MECÂNICO COM BETONEIRA 600 L. AF_05/2021 | F59: {=INDEX('III-PA'!$G$18:$G$2661,1+MATCH(_xlfn.CONCAT(" ",A59," "),'III-PA'!$A$18:$A$2661,0))} -> m³ | G59: =VLOOKUP(A59,'IV-MEMORIAL'!$A$17:$N$2203,14,0) -> 7.16 | H59: =$L$14 -> 0.252 | I59: {=INDEX('III-PA'!$I$18:$I$2661,1+MATCH(_xlfn.CONCAT(" ",A59," "),'III-PA'!$A$18:$A$2661,0))} -> 526.74 | J59: =TRUNC(I59*(1+H59),2) -> 659.47 | K59: =TRUNC(I59*G59,2) -> 3771.45 | L59: =M59-K59 -> 950.35 | M59: =TRUNC(G59*J59,2) -> 4721.8
A60: 5.1.5 | B60: {=INDEX('III-PA'!$B$18:$B$2661,1+MATCH(_xlfn.CONCAT(" ",'II-PO'!A60," "),'III-PA'!$A$18:$A$2661,0))} -> 103670 | C60: {=INDEX('III-PA'!$C$18:$C$2661,1+MATCH(_xlfn.CONCAT(" ",A60," "),'III-PA'!$A$18:$A$2661,0))} -> SINAPI | D60: {=INDEX('III-PA'!$A$18:$A$2661,1+MATCH(_xlfn.CONCAT(" ",A60," "),'III-PA'!$A$18:$A$2661,0))} -> Composição | E60: {=INDEX('III-PA'!$D$18:$D$2661,1+MATCH(_xlfn.CONCAT(" ",A60," "),'III-PA'!$A$18:$A$2661,0))} -> LANÇAMENTO COM USO DE BALDES, ADENSAMENTO E ACABAMENTO DE CONCRETO EM ESTRUTURAS. AF_02/2022 | F60: {=INDEX('III-PA'!$G$18:$G$2661,1+MATCH(_xlfn.CONCAT(" ",A60," "),'III-PA'!$A$18:$A$2661,0))} -> m³ | G60: =VLOOKUP(A60,'IV-MEMORIAL'!$A$17:$N$2203,14,0) -> 7.16 | H60: =$L$14 -> 0.252 | I60: {=INDEX('III-PA'!$I$18:$I$2661,1+MATCH(_xlfn.CONCAT(" ",A60," "),'III-PA'!$A$18:$A$2661,0))} -> 324.68 | J60: =TRUNC(I60*(1+H60),2) -> 406.49 | K60: =TRUNC(I60*G60,2) -> 2324.7 | L60: =M60-K60 -> 585.76 | M60: =TRUNC(G60*J60,2) -> 2910.46
A61: 5.1.6 | B61: {=INDEX('III-PA'!$B$18:$B$2661,1+MATCH(_xlfn.CONCAT(" ",'II-PO'!A61," "),'III-PA'!$A$18:$A$2661,0))} -> 92427 | C61: {=INDEX('III-PA'!$C$18:$C$2661,1+MATCH(_xlfn.CONCAT(" ",A61," "),'III-PA'!$A$18:$A$2661,0))} -> SINAPI | D61: {=INDEX('III-PA'!$A$18:$A$2661,1+MATCH(_xlfn.CONCAT(" ",A61," "),'III-PA'!$A$18:$A$2661,0))} -> Composição | E61: {=INDEX('III-PA'!$D$18:$D$2661,1+MATCH(_xlfn.CONCAT(" ",A61," "),'III-PA'!$A$18:$A$2661,0))} -> MONTAGEM E DESMONTAGEM DE FÔRMA DE PILARES RETANGULARES E ESTRUTURAS SIMILARES, PÉ-DIREITO SIMPLES, EM CHAPA DE MADEIRA COMPENSADA RESINADA, 8 UTILIZAÇÕES. AF_09/2020 | F61: {=INDEX('III-PA'!$G$18:$G$2661,1+MATCH(_xlfn.CONCAT(" ",A61," "),'III-PA'!$A$18:$A$2661,0))} -> m² | G61: =VLOOKUP(A61,'IV-MEMORIAL'!$A$17:$N$2203,14,0) -> 144.94 | H61: =$L$14 -> 0.252 | I61: {=INDEX('III-PA'!$I$18:$I$2661,1+MATCH(_xlfn.CONCAT(" ",A61," "),'III-PA'!$A$18:$A$2661,0))} -> 76.74 | J61: =TRUNC(I61*(1+H61),2) -> 96.07 | K61: =TRUNC(I61*G61,2) -> 11122.69 | L61: =M61-K61 -> 2801.69 | M61: =TRUNC(G61*J61,2) -> 13924.38
A62: 5.2 | E62: VIGAS | K62: =SUM(K63:K69) -> 46326.02 | L62: =SUM(L63:L69) -> 11670.02 | M62: =SUM(M63:M69) -> 57996.04
A63: 5.2.1 | B63: {=INDEX('III-PA'!$B$18:$B$2661,1+MATCH(_xlfn.CONCAT(" ",'II-PO'!A63," "),'III-PA'!$A$18:$A$2661,0))} -> 92759 | C63: {=INDEX('III-PA'!$C$18:$C$2661,1+MATCH(_xlfn.CONCAT(" ",A63," "),'III-PA'!$A$18:$A$2661,0))} -> SINAPI | D63: {=INDEX('III-PA'!$A$18:$A$2661,1+MATCH(_xlfn.CONCAT(" ",A63," "),'III-PA'!$A$18:$A$2661,0))} -> Composição | E63: {=INDEX('III-PA'!$D$18:$D$2661,1+MATCH(_xlfn.CONCAT(" ",A63," "),'III-PA'!$A$18:$A$2661,0))} -> ARMAÇÃO DE PILAR OU VIGA DE ESTRUTURA CONVENCIONAL DE CONCRETO ARMADO UTILIZANDO AÇO CA-60 DE 5,0 MM - MONTAGEM. AF_06/2022 | F63: {=INDEX('III-PA'!$G$18:$G$2661,1+MATCH(_xlfn.CONCAT(" ",A63," "),'III-PA'!$A$18:$A$2661,0))} -> KG | G63: =VLOOKUP(A63,'IV-MEMORIAL'!$A$17:$N$2203,14,0) -> 153.88 | H63: =$L$14 -> 0.252 | I63: {=INDEX('III-PA'!$I$18:$I$2661,1+MATCH(_xlfn.CONCAT(" ",A63," "),'III-PA'!$A$18:$A$2661,0))} -> 13.6 | J63: =TRUNC(I63*(1+H63),2) -> 17.02 | K63: =TRUNC(I63*G63,2) -> 2092.76 | L63: =M63-K63 -> 526.27 | M63: =TRUNC(G63*J63,2) -> 2619.03
A64: 5.2.2 | B64: {=INDEX('III-PA'!$B$18:$B$2661,1+MATCH(_xlfn.CONCAT(" ",'II-PO'!A64," "),'III-PA'!$A$18:$A$2661,0))} -> 92761 | C64: {=INDEX('III-PA'!$C$18:$C$2661,1+MATCH(_xlfn.CONCAT(" ",A64," "),'III-PA'!$A$18:$A$2661,0))} -> SINAPI | D64: {=INDEX('III-PA'!$A$18:$A$2661,1+MATCH(_xlfn.CONCAT(" ",A64," "),'III-PA'!$A$18:$A$2661,0))} -> Composição | E64: {=INDEX('III-PA'!$D$18:$D$2661,1+MATCH(_xlfn.CONCAT(" ",A64," "),'III-PA'!$A$18:$A$2661,0))} -> ARMAÇÃO DE PILAR OU VIGA DE ESTRUTURA CONVENCIONAL DE CONCRETO ARMADO UTILIZANDO AÇO CA-50 DE 8,0 MM - MONTAGEM. AF_06/2022 | F64: {=INDEX('III-PA'!$G$18:$G$2661,1+MATCH(_xlfn.CONCAT(" ",A64," "),'III-PA'!$A$18:$A$2661,0))} -> KG | G64: =VLOOKUP(A64,'IV-MEMORIAL'!$A$17:$N$2203,14,0) -> 280.18 | H64: =$L$14 -> 0.252 | I64: {=INDEX('III-PA'!$I$18:$I$2661,1+MATCH(_xlfn.CONCAT(" ",A64," "),'III-PA'!$A$18:$A$2661,0))} -> 11.3 | J64: =TRUNC(I64*(1+H64),2) -> 14.14 | K64: =TRUNC(I64*G64,2) -> 3166.03 | L64: =M64-K64 -> 795.71 | M64: =TRUNC(G64*J64,2) -> 3961.74
A65: 5.2.3 | B65: {=INDEX('III-PA'!$B$18:$B$2661,1+MATCH(_xlfn.CONCAT(" ",'II-PO'!A65," "),'III-PA'!$A$18:$A$2661,0))} -> 92762 | C65: {=INDEX('III-PA'!$C$18:$C$2661,1+MATCH(_xlfn.CONCAT(" ",A65," "),'III-PA'!$A$18:$A$2661,0))} -> SINAPI | D65: {=INDEX('III-PA'!$A$18:$A$2661,1+MATCH(_xlfn.CONCAT(" ",A65," "),'III-PA'!$A$18:$A$2661,0))} -> Composição | E65: {=INDEX('III-PA'!$D$18:$D$2661,1+MATCH(_xlfn.CONCAT(" ",A65," "),'III-PA'!$A$18:$A$2661,0))} -> ARMAÇÃO DE PILAR OU VIGA DE ESTRUTURA CONVENCIONAL DE CONCRETO ARMADO UTILIZANDO AÇO CA-50 DE 10,0 MM - MONTAGEM. AF_06/2022 | F65: {=INDEX('III-PA'!$G$18:$G$2661,1+MATCH(_xlfn.CONCAT(" ",A65," "),'III-PA'!$A$18:$A$2661,0))} -> KG | G65: =VLOOKUP(A65,'IV-MEMORIAL'!$A$17:$N$2203,14,0) -> 72.8 | H65: =$L$14 -> 0.252 | I65: {=INDEX('III-PA'!$I$18:$I$2661,1+MATCH(_xlfn.CONCAT(" ",A65," "),'III-PA'!$A$18:$A$2661,0))} -> 9.94 | J65: =TRUNC(I65*(1+H65),2) -> 12.44 | K65: =TRUNC(I65*G65,2) -> 723.63 | L65: =M65-K65 -> 182 | M65: =TRUNC(G65*J65,2) -> 905.63
A66: 5.2.4 | B66: {=INDEX('III-PA'!$B$18:$B$2661,1+MATCH(_xlfn.CONCAT(" ",'II-PO'!A66," "),'III-PA'!$A$18:$A$2661,0))} -> 92763 | C66: {=INDEX('III-PA'!$C$18:$C$2661,1+MATCH(_xlfn.CONCAT(" ",A66," "),'III-PA'!$A$18:$A$2661,0))} -> SINAPI | D66: {=INDEX('III-PA'!$A$18:$A$2661,1+MATCH(_xlfn.CONCAT(" ",A66," "),'III-PA'!$A$18:$A$2661,0))} -> Composição | E66: {=INDEX('III-PA'!$D$18:$D$2661,1+MATCH(_xlfn.CONCAT(" ",A66," "),'III-PA'!$A$18:$A$2661,0))} -> ARMAÇÃO DE PILAR OU VIGA DE ESTRUTURA CONVENCIONAL DE CONCRETO ARMADO UTILIZANDO AÇO CA-50 DE 12,5 MM - MONTAGEM. AF_06/2022 | F66: {=INDEX('III-PA'!$G$18:$G$2661,1+MATCH(_xlfn.CONCAT(" ",A66," "),'III-PA'!$A$18:$A$2661,0))} -> KG | G66: =VLOOKUP(A66,'IV-MEMORIAL'!$A$17:$N$2203,14,0) -> 19.65 | H66: =$L$14 -> 0.252 | I66: {=INDEX('III-PA'!$I$18:$I$2661,1+MATCH(_xlfn.CONCAT(" ",A66," "),'III-PA'!$A$18:$A$2661,0))} -> 8.29 | J66: =TRUNC(I66*(1+H66),2) -> 10.37 | K66: =TRUNC(I66*G66,2) -> 162.89 | L66: =M66-K66 -> 40.88 | M66: =TRUNC(G66*J66,2) -> 203.77
A67: 5.2.5 | B67: {=INDEX('III-PA'!$B$18:$B$2661,1+MATCH(_xlfn.CONCAT(" ",'II-PO'!A67," "),'III-PA'!$A$18:$A$2661,0))} -> 94971 | C67: {=INDEX('III-PA'!$C$18:$C$2661,1+MATCH(_xlfn.CONCAT(" ",A67," "),'III-PA'!$A$18:$A$2661,0))} -> SINAPI | D67: {=INDEX('III-PA'!$A$18:$A$2661,1+MATCH(_xlfn.CONCAT(" ",A67," "),'III-PA'!$A$18:$A$2661,0))} -> Composição | E67: {=INDEX('III-PA'!$D$18:$D$2661,1+MATCH(_xlfn.CONCAT(" ",A67," "),'III-PA'!$A$18:$A$2661,0))} -> CONCRETO FCK = 25MPA, TRAÇO 1:2,3:2,7 (EM MASSA SECA DE CIMENTO/ AREIA MÉDIA/ BRITA 1) - PREPARO MECÂNICO COM BETONEIRA 600 L. AF_05/2021 | F67: {=INDEX('III-PA'!$G$18:$G$2661,1+MATCH(_xlfn.CONCAT(" ",A67," "),'III-PA'!$A$18:$A$2661,0))} -> m³ | G67: =VLOOKUP(A67,'IV-MEMORIAL'!$A$17:$N$2203,14,0) -> 20.47 | H67: =$L$14 -> 0.252 | I67: {=INDEX('III-PA'!$I$18:$I$2661,1+MATCH(_xlfn.CONCAT(" ",A67," "),'III-PA'!$A$18:$A$2661,0))} -> 526.74 | J67: =TRUNC(I67*(1+H67),2) -> 659.47 | K67: =TRUNC(I67*G67,2) -> 10782.36 | L67: =M67-K67 -> 2716.99 | M67: =TRUNC(G67*J67,2) -> 13499.35
A68: 5.2.6 | B68: {=INDEX('III-PA'!$B$18:$B$2661,1+MATCH(_xlfn.CONCAT(" ",'II-PO'!A68," "),'III-PA'!$A$18:$A$2661,0))} -> 103670 | C68: {=INDEX('III-PA'!$C$18:$C$2661,1+MATCH(_xlfn.CONCAT(" ",A68," "),'III-PA'!$A$18:$A$2661,0))} -> SINAPI | D68: {=INDEX('III-PA'!$A$18:$A$2661,1+MATCH(_xlfn.CONCAT(" ",A68," "),'III-PA'!$A$18:$A$2661,0))} -> Composição | E68: {=INDEX('III-PA'!$D$18:$D$2661,1+MATCH(_xlfn.CONCAT(" ",A68," "),'III-PA'!$A$18:$A$2661,0))} -> LANÇAMENTO COM USO DE BALDES, ADENSAMENTO E ACABAMENTO DE CONCRETO EM ESTRUTURAS. AF_02/2022 | F68: {=INDEX('III-PA'!$G$18:$G$2661,1+MATCH(_xlfn.CONCAT(" ",A68," "),'III-PA'!$A$18:$A$2661,0))} -> m³ | G68: =VLOOKUP(A68,'IV-MEMORIAL'!$A$17:$N$2203,14,0) -> 20.47 | H68: =$L$14 -> 0.252 | I68: {=INDEX('III-PA'!$I$18:$I$2661,1+MATCH(_xlfn.CONCAT(" ",A68," "),'III-PA'!$A$18:$A$2661,0))} -> 324.68 | J68: =TRUNC(I68*(1+H68),2) -> 406.49 | K68: =TRUNC(I68*G68,2) -> 6646.19 | L68: =M68-K68 -> 1674.66 | M68: =TRUNC(G68*J68,2) -> 8320.85
A69: 5.2.7 | B69: {=INDEX('III-PA'!$B$18:$B$2661,1+MATCH(_xlfn.CONCAT(" ",'II-PO'!A69," "),'III-PA'!$A$18:$A$2661,0))} -> 92479 | C69: {=INDEX('III-PA'!$C$18:$C$2661,1+MATCH(_xlfn.CONCAT(" ",A69," "),'III-PA'!$A$18:$A$2661,0))} -> SINAPI | D69: {=INDEX('III-PA'!$A$18:$A$2661,1+MATCH(_xlfn.CONCAT(" ",A69," "),'III-PA'!$A$18:$A$2661,0))} -> Composição | E69: {=INDEX('III-PA'!$D$18:$D$2661,1+MATCH(_xlfn.CONCAT(" ",A69," "),'III-PA'!$A$18:$A$2661,0))} -> MONTAGEM E DESMONTAGEM DE FÔRMA DE VIGA, ESCORAMENTO COM GARFO DE MADEIRA, PÉ-DIREITO SIMPLES, EM CHAPA DE MADEIRA PLASTIFICADA, 18 UTILIZAÇÕES. AF_09/2020 | F69: {=INDEX('III-PA'!$G$18:$G$2661,1+MATCH(_xlfn.CONCAT(" ",A69," "),'III-PA'!$A$18:$A$2661,0))} -> m² | G69: =VLOOKUP(A69,'IV-MEMORIAL'!$A$17:$N$2203,14,0) -> 279.82 | H69: =$L$14 -> 0.252 | I69: {=INDEX('III-PA'!$I$18:$I$2661,1+MATCH(_xlfn.CONCAT(" ",A69," "),'III-PA'!$A$18:$A$2661,0))} -> 81.31 | J69: =TRUNC(I69*(1+H69),2) -> 101.8 | K69: =TRUNC(I69*G69,2) -> 22752.16 | L69: =M69-K69 -> 5733.51 | M69: =TRUNC(G69*J69,2) -> 28485.67
A70: 5.3 | E70: LAJES | K70: =SUM(K71:K74) -> 63934.89 | L70: =SUM(L71:L74) -> 16109.1 | M70: =SUM(M71:M74) -> 80043.99
A71: 5.3.1 | B71: {=INDEX('III-PA'!$B$18:$B$2661,1+MATCH(_xlfn.CONCAT(" ",'II-PO'!A71," "),'III-PA'!$A$18:$A$2661,0))} -> 106060 | C71: {=INDEX('III-PA'!$C$18:$C$2661,1+MATCH(_xlfn.CONCAT(" ",A71," "),'III-PA'!$A$18:$A$2661,0))} -> SINAPI | D71: {=INDEX('III-PA'!$A$18:$A$2661,1+MATCH(_xlfn.CONCAT(" ",A71," "),'III-PA'!$A$18:$A$2661,0))} -> Composição | E71: {=INDEX('III-PA'!$D$18:$D$2661,1+MATCH(_xlfn.CONCAT(" ",A71," "),'III-PA'!$A$18:$A$2661,0))} -> LAJE PRÉ-MOLDADA UNIDIRECIONAL, BIAPOIADA, PARA FORRO, ENCHIMENTO EM EPS, VIGOTA TRELIÇADA, ALTURA TOTAL DA LAJE "LT" = 12 CM (ENCHIMENTO+CAPA) = (8+4). AF_08/2025 | F71: {=INDEX('III-PA'!$G$18:$G$2661,1+MATCH(_xlfn.CONCAT(" ",A71," "),'III-PA'!$A$18:$A$2661,0))} -> m² | G71: =VLOOKUP(A71,'IV-MEMORIAL'!$A$17:$N$2203,14,0) -> 317 | H71: =$L$14 -> 0.252 | I71: {=INDEX('III-PA'!$I$18:$I$2661,1+MATCH(_xlfn.CONCAT(" ",A71," "),'III-PA'!$A$18:$A$2661,0))} -> 190.65 | J71: =TRUNC(I71*(1+H71),2) -> 238.69 | K71: =TRUNC(I71*G71,2) -> 60436.05 | L71: =M71-K71 -> 15228.68 | M71: =TRUNC(G71*J71,2) -> 75664.73
A72: 5.3.2 | B72: {=INDEX('III-PA'!$B$18:$B$2661,1+MATCH(_xlfn.CONCAT(" ",'II-PO'!A72," "),'III-PA'!$A$18:$A$2661,0))} -> 92768 | C72: {=INDEX('III-PA'!$C$18:$C$2661,1+MATCH(_xlfn.CONCAT(" ",A72," "),'III-PA'!$A$18:$A$2661,0))} -> SINAPI | D72: {=INDEX('III-PA'!$A$18:$A$2661,1+MATCH(_xlfn.CONCAT(" ",A72," "),'III-PA'!$A$18:$A$2661,0))} -> Composição | E72: {=INDEX('III-PA'!$D$18:$D$2661,1+MATCH(_xlfn.CONCAT(" ",A72," "),'III-PA'!$A$18:$A$2661,0))} -> ARMAÇÃO DE LAJE DE ESTRUTURA CONVENCIONAL DE CONCRETO ARMADO UTILIZANDO AÇO CA-60 DE 5,0 MM - MONTAGEM. AF_06/2022 | F72: {=INDEX('III-PA'!$G$18:$G$2661,1+MATCH(_xlfn.CONCAT(" ",A72," "),'III-PA'!$A$18:$A$2661,0))} -> KG | G72: =VLOOKUP(A72,'IV-MEMORIAL'!$A$17:$N$2203,14,0) -> 3.56 | H72: =$L$14 -> 0.252 | I72: {=INDEX('III-PA'!$I$18:$I$2661,1+MATCH(_xlfn.CONCAT(" ",A72," "),'III-PA'!$A$18:$A$2661,0))} -> 12.96 | J72: =TRUNC(I72*(1+H72),2) -> 16.22 | K72: =TRUNC(I72*G72,2) -> 46.13 | L72: =M72-K72 -> 11.61 | M72: =TRUNC(G72*J72,2) -> 57.74
A73: 5.3.3 | B73: {=INDEX('III-PA'!$B$18:$B$2661,1+MATCH(_xlfn.CONCAT(" ",'II-PO'!A73," "),'III-PA'!$A$18:$A$2661,0))} -> 92770 | C73: {=INDEX('III-PA'!$C$18:$C$2661,1+MATCH(_xlfn.CONCAT(" ",A73," "),'III-PA'!$A$18:$A$2661,0))} -> SINAPI | D73: {=INDEX('III-PA'!$A$18:$A$2661,1+MATCH(_xlfn.CONCAT(" ",A73," "),'III-PA'!$A$18:$A$2661,0))} -> Composição | E73: {=INDEX('III-PA'!$D$18:$D$2661,1+MATCH(_xlfn.CONCAT(" ",A73," "),'III-PA'!$A$18:$A$2661,0))} -> ARMAÇÃO DE LAJE DE ESTRUTURA CONVENCIONAL DE CONCRETO ARMADO UTILIZANDO AÇO CA-50 DE 8,0 MM - MONTAGEM. AF_06/2022 | F73: {=INDEX('III-PA'!$G$18:$G$2661,1+MATCH(_xlfn.CONCAT(" ",A73," "),'III-PA'!$A$18:$A$2661,0))} -> KG | G73: =VLOOKUP(A73,'IV-MEMORIAL'!$A$17:$N$2203,14,0) -> 312.09 | H73: =$L$14 -> 0.252 | I73: {=INDEX('III-PA'!$I$18:$I$2661,1+MATCH(_xlfn.CONCAT(" ",A73," "),'III-PA'!$A$18:$A$2661,0))} -> 10.73 | J73: =TRUNC(I73*(1+H73),2) -> 13.43 | K73: =TRUNC(I73*G73,2) -> 3348.72 | L73: =M73-K73 -> 842.64 | M73: =TRUNC(G73*J73,2) -> 4191.36
A74: 5.3.4 | B74: {=INDEX('III-PA'!$B$18:$B$2661,1+MATCH(_xlfn.CONCAT(" ",'II-PO'!A74," "),'III-PA'!$A$18:$A$2661,0))} -> 92771 | C74: {=INDEX('III-PA'!$C$18:$C$2661,1+MATCH(_xlfn.CONCAT(" ",A74," "),'III-PA'!$A$18:$A$2661,0))} -> SINAPI | D74: {=INDEX('III-PA'!$A$18:$A$2661,1+MATCH(_xlfn.CONCAT(" ",A74," "),'III-PA'!$A$18:$A$2661,0))} -> Composição | E74: {=INDEX('III-PA'!$D$18:$D$2661,1+MATCH(_xlfn.CONCAT(" ",A74," "),'III-PA'!$A$18:$A$2661,0))} -> ARMAÇÃO DE LAJE DE ESTRUTURA CONVENCIONAL DE CONCRETO ARMADO UTILIZANDO AÇO CA-50 DE 10,0 MM - MONTAGEM. AF_06/2022 | F74: {=INDEX('III-PA'!$G$18:$G$2661,1+MATCH(_xlfn.CONCAT(" ",A74," "),'III-PA'!$A$18:$A$2661,0))} -> KG | G74: =VLOOKUP(A74,'IV-MEMORIAL'!$A$17:$N$2203,14,0) -> 11.04 | H74: =$L$14 -> 0.252 | I74: {=INDEX('III-PA'!$I$18:$I$2661,1+MATCH(_xlfn.CONCAT(" ",A74," "),'III-PA'!$A$18:$A$2661,0))} -> 9.42 | J74: =TRUNC(I74*(1+H74),2) -> 11.79 | K74: =TRUNC(I74*G74,2) -> 103.99 | L74: =M74-K74 -> 26.17 | M74: =TRUNC(G74*J74,2) -> 130.16
A75: 6 | E75: ALVENARIAS E FECHAMENTOS | K75: =SUM(K76:K86) -> 118377.22 | L75: =SUM(L76:L86) -> 29810.98 | M75: =SUM(M76:M86) -> 148188.2
A76: 6.1 | B76: {=INDEX('III-PA'!$B$18:$B$2661,1+MATCH(_xlfn.CONCAT(" ",'II-PO'!A76," "),'III-PA'!$A$18:$A$2661,0))} -> 103356 | C76: {=INDEX('III-PA'!$C$18:$C$2661,1+MATCH(_xlfn.CONCAT(" ",A76," "),'III-PA'!$A$18:$A$2661,0))} -> SINAPI | D76: {=INDEX('III-PA'!$A$18:$A$2661,1+MATCH(_xlfn.CONCAT(" ",A76," "),'III-PA'!$A$18:$A$2661,0))} -> Composição | E76: {=INDEX('III-PA'!$D$18:$D$2661,1+MATCH(_xlfn.CONCAT(" ",A76," "),'III-PA'!$A$18:$A$2661,0))} -> ALVENARIA DE VEDAÇÃO DE BLOCOS CERÂMICOS FURADOS NA HORIZONTAL DE 9X19X29 CM (ESPESSURA 9 CM) E ARGAMASSA DE ASSENTAMENTO COM PREPARO EM BETONEIRA. AF_12/2021 | F76: {=INDEX('III-PA'!$G$18:$G$2661,1+MATCH(_xlfn.CONCAT(" ",A76," "),'III-PA'!$A$18:$A$2661,0))} -> m² | G76: =VLOOKUP(A76,'IV-MEMORIAL'!$A$17:$N$2203,14,0) -> 549.39 | H76: =$L$14 -> 0.252 | I76: {=INDEX('III-PA'!$I$18:$I$2661,1+MATCH(_xlfn.CONCAT(" ",A76," "),'III-PA'!$A$18:$A$2661,0))} -> 76.47 | J76: =TRUNC(I76*(1+H76),2) -> 95.74 | K76: =TRUNC(I76*G76,2) -> 42011.85 | L76: =M76-K76 -> 10586.74 | M76: =TRUNC(G76*J76,2) -> 52598.59
A77: 6.2 | B77: {=INDEX('III-PA'!$B$18:$B$2661,1+MATCH(_xlfn.CONCAT(" ",'II-PO'!A77," "),'III-PA'!$A$18:$A$2661,0))} -> 101162 | C77: {=INDEX('III-PA'!$C$18:$C$2661,1+MATCH(_xlfn.CONCAT(" ",A77," "),'III-PA'!$A$18:$A$2661,0))} -> SINAPI | D77: {=INDEX('III-PA'!$A$18:$A$2661,1+MATCH(_xlfn.CONCAT(" ",A77," "),'III-PA'!$A$18:$A$2661,0))} -> Composição | E77: {=INDEX('III-PA'!$D$18:$D$2661,1+MATCH(_xlfn.CONCAT(" ",A77," "),'III-PA'!$A$18:$A$2661,0))} -> ALVENARIA DE VEDAÇÃO COM ELEMENTO VAZADO DE CERÂMICA (COBOGÓ) DE 7X20X20CM E ARGAMASSA DE ASSENTAMENTO COM PREPARO EM BETONEIRA. AF_05/2020 | F77: {=INDEX('III-PA'!$G$18:$G$2661,1+MATCH(_xlfn.CONCAT(" ",A77," "),'III-PA'!$A$18:$A$2661,0))} -> m² | G77: =VLOOKUP(A77,'IV-MEMORIAL'!$A$17:$N$2203,14,0) -> 2.41 | H77: =$L$14 -> 0.252 | I77: {=INDEX('III-PA'!$I$18:$I$2661,1+MATCH(_xlfn.CONCAT(" ",A77," "),'III-PA'!$A$18:$A$2661,0))} -> 191.36 | J77: =TRUNC(I77*(1+H77),2) -> 239.58 | K77: =TRUNC(I77*G77,2) -> 461.17 | L77: =M77-K77 -> 116.21 | M77: =TRUNC(G77*J77,2) -> 577.38
A78: 6.3 | B78: {=INDEX('III-PA'!$B$18:$B$2661,1+MATCH(_xlfn.CONCAT(" ",'II-PO'!A78," "),'III-PA'!$A$18:$A$2661,0))} -> 102257 | C78: {=INDEX('III-PA'!$C$18:$C$2661,1+MATCH(_xlfn.CONCAT(" ",A78," "),'III-PA'!$A$18:$A$2661,0))} -> SINAPI | D78: {=INDEX('III-PA'!$A$18:$A$2661,1+MATCH(_xlfn.CONCAT(" ",A78," "),'III-PA'!$A$18:$A$2661,0))} -> Composição | E78: {=INDEX('III-PA'!$D$18:$D$2661,1+MATCH(_xlfn.CONCAT(" ",A78," "),'III-PA'!$A$18:$A$2661,0))} -> DIVISORIA SANITÁRIA, TIPO CABINE, EM PAINEL DE GRANILITE, ESP = 3CM, ASSENTADO COM ARGAMASSA COLANTE AC III-E, EXCLUSIVE FERRAGENS. AF_01/2021 | F78: {=INDEX('III-PA'!$G$18:$G$2661,1+MATCH(_xlfn.CONCAT(" ",A78," "),'III-PA'!$A$18:$A$2661,0))} -> m² | G78: =VLOOKUP(A78,'IV-MEMORIAL'!$A$17:$N$2203,14,0) -> 6.36 | H78: =$L$14 -> 0.252 | I78: {=INDEX('III-PA'!$I$18:$I$2661,1+MATCH(_xlfn.CONCAT(" ",A78," "),'III-PA'!$A$18:$A$2661,0))} -> 350.21 | J78: =TRUNC(I78*(1+H78),2) -> 438.46 | K78: =TRUNC(I78*G78,2) -> 2227.33 | L78: =M78-K78 -> 561.27 | M78: =TRUNC(G78*J78,2) -> 2788.6
A79: 6.4 | B79: {=INDEX('III-PA'!$B$18:$B$2661,1+MATCH(_xlfn.CONCAT(" ",'II-PO'!A79," "),'III-PA'!$A$18:$A$2661,0))} -> 87879 | C79: {=INDEX('III-PA'!$C$18:$C$2661,1+MATCH(_xlfn.CONCAT(" ",A79," "),'III-PA'!$A$18:$A$2661,0))} -> SINAPI | D79: {=INDEX('III-PA'!$A$18:$A$2661,1+MATCH(_xlfn.CONCAT(" ",A79," "),'III-PA'!$A$18:$A$2661,0))} -> Composição | E79: {=INDEX('III-PA'!$D$18:$D$2661,1+MATCH(_xlfn.CONCAT(" ",A79," "),'III-PA'!$A$18:$A$2661,0))} -> CHAPISCO APLICADO EM ALVENARIAS E ESTRUTURAS DE CONCRETO INTERNAS, COM COLHER DE PEDREIRO. ARGAMASSA TRAÇO 1:3 COM PREPARO EM BETONEIRA 400L. AF_10/2022 | F79: {=INDEX('III-PA'!$G$18:$G$2661,1+MATCH(_xlfn.CONCAT(" ",A79," "),'III-PA'!$A$18:$A$2661,0))} -> m² | G79: =VLOOKUP(A79,'IV-MEMORIAL'!$A$17:$N$2203,14,0) -> 1060.03 | H79: =$L$14 -> 0.252 | I79: {=INDEX('III-PA'!$I$18:$I$2661,1+MATCH(_xlfn.CONCAT(" ",A79," "),'III-PA'!$A$18:$A$2661,0))} -> 4.79 | J79: =TRUNC(I79*(1+H79),2) -> 5.99 | K79: =TRUNC(I79*G79,2) -> 5077.54 | L79: =M79-K79 -> 1272.03 | M79: =TRUNC(G79*J79,2) -> 6349.57
A80: 6.5 | B80: {=INDEX('III-PA'!$B$18:$B$2661,1+MATCH(_xlfn.CONCAT(" ",'II-PO'!A80," "),'III-PA'!$A$18:$A$2661,0))} -> 87905 | C80: {=INDEX('III-PA'!$C$18:$C$2661,1+MATCH(_xlfn.CONCAT(" ",A80," "),'III-PA'!$A$18:$A$2661,0))} -> SINAPI | D80: {=INDEX('III-PA'!$A$18:$A$2661,1+MATCH(_xlfn.CONCAT(" ",A80," "),'III-PA'!$A$18:$A$2661,0))} -> Composição | E80: {=INDEX('III-PA'!$D$18:$D$2661,1+MATCH(_xlfn.CONCAT(" ",A80," "),'III-PA'!$A$18:$A$2661,0))} -> CHAPISCO APLICADO EM ALVENARIA (COM PRESENÇA DE VÃOS) E ESTRUTURAS DE CONCRETO DE FACHADA, COM COLHER DE PEDREIRO. ARGAMASSA TRAÇO 1:3 COM PREPARO EM BETONEIRA 400L. AF_10/2022 | F80: {=INDEX('III-PA'!$G$18:$G$2661,1+MATCH(_xlfn.CONCAT(" ",A80," "),'III-PA'!$A$18:$A$2661,0))} -> m² | G80: =VLOOKUP(A80,'IV-MEMORIAL'!$A$17:$N$2203,14,0) -> 73.39 | H80: =$L$14 -> 0.252 | I80: {=INDEX('III-PA'!$I$18:$I$2661,1+MATCH(_xlfn.CONCAT(" ",A80," "),'III-PA'!$A$18:$A$2661,0))} -> 8.86 | J80: =TRUNC(I80*(1+H80),2) -> 11.09 | K80: =TRUNC(I80*G80,2) -> 650.23 | L80: =M80-K80 -> 163.66 | M80: =TRUNC(G80*J80,2) -> 813.89
A81: 6.6 | B81: {=INDEX('III-PA'!$B$18:$B$2661,1+MATCH(_xlfn.CONCAT(" ",'II-PO'!A81," "),'III-PA'!$A$18:$A$2661,0))} -> 87894 | C81: {=INDEX('III-PA'!$C$18:$C$2661,1+MATCH(_xlfn.CONCAT(" ",A81," "),'III-PA'!$A$18:$A$2661,0))} -> SINAPI | D81: {=INDEX('III-PA'!$A$18:$A$2661,1+MATCH(_xlfn.CONCAT(" ",A81," "),'III-PA'!$A$18:$A$2661,0))} -> Composição | E81: {=INDEX('III-PA'!$D$18:$D$2661,1+MATCH(_xlfn.CONCAT(" ",A81," "),'III-PA'!$A$18:$A$2661,0))} -> CHAPISCO APLICADO EM ALVENARIA (SEM PRESENÇA DE VÃOS) E ESTRUTURAS DE CONCRETO DE FACHADA, COM COLHER DE PEDREIRO. ARGAMASSA TRAÇO 1:3 COM PREPARO EM BETONEIRA 400L. AF_10/2022 | F81: {=INDEX('III-PA'!$G$18:$G$2661,1+MATCH(_xlfn.CONCAT(" ",A81," "),'III-PA'!$A$18:$A$2661,0))} -> m² | G81: =VLOOKUP(A81,'IV-MEMORIAL'!$A$17:$N$2203,14,0) -> 301.84 | H81: =$L$14 -> 0.252 | I81: {=INDEX('III-PA'!$I$18:$I$2661,1+MATCH(_xlfn.CONCAT(" ",A81," "),'III-PA'!$A$18:$A$2661,0))} -> 7.56 | J81: =TRUNC(I81*(1+H81),2) -> 9.46 | K81: =TRUNC(I81*G81,2) -> 2281.91 | L81: =M81-K81 -> 573.49 | M81: =TRUNC(G81*J81,2) -> 2855.4
A82: 6.7 | B82: {=INDEX('III-PA'!$B$18:$B$2661,1+MATCH(_xlfn.CONCAT(" ",'II-PO'!A82," "),'III-PA'!$A$18:$A$2661,0))} -> 87527 | C82: {=INDEX('III-PA'!$C$18:$C$2661,1+MATCH(_xlfn.CONCAT(" ",A82," "),'III-PA'!$A$18:$A$2661,0))} -> SINAPI | D82: {=INDEX('III-PA'!$A$18:$A$2661,1+MATCH(_xlfn.CONCAT(" ",A82," "),'III-PA'!$A$18:$A$2661,0))} -> Composição | E82: {=INDEX('III-PA'!$D$18:$D$2661,1+MATCH(_xlfn.CONCAT(" ",A82," "),'III-PA'!$A$18:$A$2661,0))} -> EMBOÇO, EM ARGAMASSA TRAÇO 1:2:8, PREPARO MECÂNICO, APLICADO MANUALMENTE EM PAREDES INTERNAS DE AMBIENTES COM ÁREA MENOR QUE 5M², E =17,5MM, COM TALISCAS. AF_03/2024 | F82: {=INDEX('III-PA'!$G$18:$G$2661,1+MATCH(_xlfn.CONCAT(" ",A82," "),'III-PA'!$A$18:$A$2661,0))} -> m² | G82: =VLOOKUP(A82,'IV-MEMORIAL'!$A$17:$N$2203,14,0) -> 86.3 | H82: =$L$14 -> 0.252 | I82: {=INDEX('III-PA'!$I$18:$I$2661,1+MATCH(_xlfn.CONCAT(" ",A82," "),'III-PA'!$A$18:$A$2661,0))} -> 43.92 | J82: =TRUNC(I82*(1+H82),2) -> 54.98 | K82: =TRUNC(I82*G82,2) -> 3790.29 | L82: =M82-K82 -> 954.48 | M82: =TRUNC(G82*J82,2) -> 4744.77
A83: 6.8 | B83: {=INDEX('III-PA'!$B$18:$B$2661,1+MATCH(_xlfn.CONCAT(" ",'II-PO'!A83," "),'III-PA'!$A$18:$A$2661,0))} -> 87531 | C83: {=INDEX('III-PA'!$C$18:$C$2661,1+MATCH(_xlfn.CONCAT(" ",A83," "),'III-PA'!$A$18:$A$2661,0))} -> SINAPI | D83: {=INDEX('III-PA'!$A$18:$A$2661,1+MATCH(_xlfn.CONCAT(" ",A83," "),'III-PA'!$A$18:$A$2661,0))} -> Composição | E83: {=INDEX('III-PA'!$D$18:$D$2661,1+MATCH(_xlfn.CONCAT(" ",A83," "),'III-PA'!$A$18:$A$2661,0))} -> EMBOÇO, EM ARGAMASSA TRAÇO 1:2:8, PREPARO MECÂNICO, APLICADO MANUALMENTE EM PAREDES INTERNAS DE AMBIENTES COM ÁREA ENTRE 5M² E 10M², E = 17,5MM, COM TALISCAS. AF_03/2024 | F83: {=INDEX('III-PA'!$G$18:$G$2661,1+MATCH(_xlfn.CONCAT(" ",A83," "),'III-PA'!$A$18:$A$2661,0))} -> m² | G83: =VLOOKUP(A83,'IV-MEMORIAL'!$A$17:$N$2203,14,0) -> 260.61 | H83: =$L$14 -> 0.252 | I83: {=INDEX('III-PA'!$I$18:$I$2661,1+MATCH(_xlfn.CONCAT(" ",A83," "),'III-PA'!$A$18:$A$2661,0))} -> 39.1 | J83: =TRUNC(I83*(1+H83),2) -> 48.95 | K83: =TRUNC(I83*G83,2) -> 10189.85 | L83: =M83-K83 -> 2567 | M83: =TRUNC(G83*J83,2) -> 12756.85
A84: 6.9 | B84: {=INDEX('III-PA'!$B$18:$B$2661,1+MATCH(_xlfn.CONCAT(" ",'II-PO'!A84," "),'III-PA'!$A$18:$A$2661,0))} -> 87535 | C84: {=INDEX('III-PA'!$C$18:$C$2661,1+MATCH(_xlfn.CONCAT(" ",A84," "),'III-PA'!$A$18:$A$2661,0))} -> SINAPI | D84: {=INDEX('III-PA'!$A$18:$A$2661,1+MATCH(_xlfn.CONCAT(" ",A84," "),'III-PA'!$A$18:$A$2661,0))} -> Composição | E84: {=INDEX('III-PA'!$D$18:$D$2661,1+MATCH(_xlfn.CONCAT(" ",A84," "),'III-PA'!$A$18:$A$2661,0))} -> EMBOÇO, EM ARGAMASSA TRAÇO 1:2:8, PREPARO MECÂNICO, APLICADO MANUALMENTE EM PAREDES INTERNAS DE AMBIENTES COM ÁREA MAIOR QUE 10M², E = 17,5MM, COM TALISCAS. AF_03/2024 | F84: {=INDEX('III-PA'!$G$18:$G$2661,1+MATCH(_xlfn.CONCAT(" ",A84," "),'III-PA'!$A$18:$A$2661,0))} -> m² | G84: =VLOOKUP(A84,'IV-MEMORIAL'!$A$17:$N$2203,14,0) -> 713.11 | H84: =$L$14 -> 0.252 | I84: {=INDEX('III-PA'!$I$18:$I$2661,1+MATCH(_xlfn.CONCAT(" ",A84," "),'III-PA'!$A$18:$A$2661,0))} -> 36.23 | J84: =TRUNC(I84*(1+H84),2) -> 45.35 | K84: =TRUNC(I84*G84,2) -> 25835.97 | L84: =M84-K84 -> 6503.56 | M84: =TRUNC(G84*J84,2) -> 32339.53
A85: 6.10 | B85: {=INDEX('III-PA'!$B$18:$B$2661,1+MATCH(_xlfn.CONCAT(" ",'II-PO'!A85," "),'III-PA'!$A$18:$A$2661,0))} -> 104237 | C85: {=INDEX('III-PA'!$C$18:$C$2661,1+MATCH(_xlfn.CONCAT(" ",A85," "),'III-PA'!$A$18:$A$2661,0))} -> SINAPI | D85: {=INDEX('III-PA'!$A$18:$A$2661,1+MATCH(_xlfn.CONCAT(" ",A85," "),'III-PA'!$A$18:$A$2661,0))} -> Composição | E85: {=INDEX('III-PA'!$D$18:$D$2661,1+MATCH(_xlfn.CONCAT(" ",A85," "),'III-PA'!$A$18:$A$2661,0))} -> EMBOÇO OU MASSA ÚNICA EM ARGAMASSA TRAÇO 1:2:8, PREPARO MECÂNICA COM BETONEIRA 400 L, APLICADA MANUALMENTE EM PANOS DE FACHADA SEM PRESENÇA DE VÃOS, ESPESSURA DE 35 MM, ACESSO POR ANDAIME. AF_08/2022 | F85: {=INDEX('III-PA'!$G$18:$G$2661,1+MATCH(_xlfn.CONCAT(" ",A85," "),'III-PA'!$A$18:$A$2661,0))} -> m² | G85: =VLOOKUP(A85,'IV-MEMORIAL'!$A$17:$N$2203,14,0) -> 73.39 | H85: =$L$14 -> 0.252 | I85: {=INDEX('III-PA'!$I$18:$I$2661,1+MATCH(_xlfn.CONCAT(" ",A85," "),'III-PA'!$A$18:$A$2661,0))} -> 57.23 | J85: =TRUNC(I85*(1+H85),2) -> 71.65 | K85: =TRUNC(I85*G85,2) -> 4200.1 | L85: =M85-K85 -> 1058.29 | M85: =TRUNC(G85*J85,2) -> 5258.39
A86: 6.11 | B86: {=INDEX('III-PA'!$B$18:$B$2661,1+MATCH(_xlfn.CONCAT(" ",'II-PO'!A86," "),'III-PA'!$A$18:$A$2661,0))} -> 104221 | C86: {=INDEX('III-PA'!$C$18:$C$2661,1+MATCH(_xlfn.CONCAT(" ",A86," "),'III-PA'!$A$18:$A$2661,0))} -> SINAPI | D86: {=INDEX('III-PA'!$A$18:$A$2661,1+MATCH(_xlfn.CONCAT(" ",A86," "),'III-PA'!$A$18:$A$2661,0))} -> Composição | E86: {=INDEX('III-PA'!$D$18:$D$2661,1+MATCH(_xlfn.CONCAT(" ",A86," "),'III-PA'!$A$18:$A$2661,0))} -> EMBOÇO OU MASSA ÚNICA EM ARGAMASSA TRAÇO 1:2:8, PREPARO MECÂNICA COM BETONEIRA 400 L, APLICADA MANUALMENTE EM PANOS DE FACHADA COM PRESENÇA DE VÃOS, ESPESSURA DE 35 MM, ACESSO POR ANDAIME. AF_08/2022 | F86: {=INDEX('III-PA'!$G$18:$G$2661,1+MATCH(_xlfn.CONCAT(" ",A86," "),'III-PA'!$A$18:$A$2661,0))} -> m² | G86: =VLOOKUP(A86,'IV-MEMORIAL'!$A$17:$N$2203,14,0) -> 301.84 | H86: =$L$14 -> 0.252 | I86: {=INDEX('III-PA'!$I$18:$I$2661,1+MATCH(_xlfn.CONCAT(" ",A86," "),'III-PA'!$A$18:$A$2661,0))} -> 71.73 | J86: =TRUNC(I86*(1+H86),2) -> 89.8 | K86: =TRUNC(I86*G86,2) -> 21650.98 | L86: =M86-K86 -> 5454.25 | M86: =TRUNC(G86*J86,2) -> 27105.23
A87: 7 | E87: PISOS | K87: =SUM(K88:K95) -> 91322.72 | L87: =SUM(L88:L95) -> 23002.6 | M87: =SUM(M88:M95) -> 114325.32
A88: 7.1 | B88: {=INDEX('III-PA'!$B$18:$B$2661,1+MATCH(_xlfn.CONCAT(" ",'II-PO'!A88," "),'III-PA'!$A$18:$A$2661,0))} -> 97084 | C88: {=INDEX('III-PA'!$C$18:$C$2661,1+MATCH(_xlfn.CONCAT(" ",A88," "),'III-PA'!$A$18:$A$2661,0))} -> SINAPI | D88: {=INDEX('III-PA'!$A$18:$A$2661,1+MATCH(_xlfn.CONCAT(" ",A88," "),'III-PA'!$A$18:$A$2661,0))} -> Composição | E88: {=INDEX('III-PA'!$D$18:$D$2661,1+MATCH(_xlfn.CONCAT(" ",A88," "),'III-PA'!$A$18:$A$2661,0))} -> COMPACTAÇÃO MECÂNICA DE SOLO PARA EXECUÇÃO DE RADIER, PISO DE CONCRETO OU LAJE SOBRE SOLO, COM COMPACTADOR DE SOLOS TIPO PLACA VIBRATÓRIA. AF_09/2021 | F88: {=INDEX('III-PA'!$G$18:$G$2661,1+MATCH(_xlfn.CONCAT(" ",A88," "),'III-PA'!$A$18:$A$2661,0))} -> m² | G88: =VLOOKUP(A88,'IV-MEMORIAL'!$A$17:$N$2203,14,0) -> 442.82 | H88: =$L$14 -> 0.252 | I88: {=INDEX('III-PA'!$I$18:$I$2661,1+MATCH(_xlfn.CONCAT(" ",A88," "),'III-PA'!$A$18:$A$2661,0))} -> 0.75 | J88: =TRUNC(I88*(1+H88),2) -> 0.93 | K88: =TRUNC(I88*G88,2) -> 332.11 | L88: =M88-K88 -> 79.71 | M88: =TRUNC(G88*J88,2) -> 411.82
A89: 7.2 | B89: {=INDEX('III-PA'!$B$18:$B$2661,1+MATCH(_xlfn.CONCAT(" ",'II-PO'!A89," "),'III-PA'!$A$18:$A$2661,0))} -> 97087 | C89: {=INDEX('III-PA'!$C$18:$C$2661,1+MATCH(_xlfn.CONCAT(" ",A89," "),'III-PA'!$A$18:$A$2661,0))} -> SINAPI | D89: {=INDEX('III-PA'!$A$18:$A$2661,1+MATCH(_xlfn.CONCAT(" ",A89," "),'III-PA'!$A$18:$A$2661,0))} -> Composição | E89: {=INDEX('III-PA'!$D$18:$D$2661,1+MATCH(_xlfn.CONCAT(" ",A89," "),'III-PA'!$A$18:$A$2661,0))} -> CAMADA SEPARADORA PARA EXECUÇÃO DE RADIER, PISO DE CONCRETO OU LAJE SOBRE SOLO, EM LONA PLÁSTICA. AF_09/2021 | F89: {=INDEX('III-PA'!$G$18:$G$2661,1+MATCH(_xlfn.CONCAT(" ",A89," "),'III-PA'!$A$18:$A$2661,0))} -> m² | G89: =VLOOKUP(A89,'IV-MEMORIAL'!$A$17:$N$2203,14,0) -> 442.82 | H89: =$L$14 -> 0.252 | I89: {=INDEX('III-PA'!$I$18:$I$2661,1+MATCH(_xlfn.CONCAT(" ",A89," "),'III-PA'!$A$18:$A$2661,0))} -> 2.55 | J89: =TRUNC(I89*(1+H89),2) -> 3.19 | K89: =TRUNC(I89*G89,2) -> 1129.19 | L89: =M89-K89 -> 283.4 | M89: =TRUNC(G89*J89,2) -> 1412.59
A90: 7.3 | B90: {=INDEX('III-PA'!$B$18:$B$2661,1+MATCH(_xlfn.CONCAT(" ",'II-PO'!A90," "),'III-PA'!$A$18:$A$2661,0))} -> 95240 | C90: {=INDEX('III-PA'!$C$18:$C$2661,1+MATCH(_xlfn.CONCAT(" ",A90," "),'III-PA'!$A$18:$A$2661,0))} -> SINAPI | D90: {=INDEX('III-PA'!$A$18:$A$2661,1+MATCH(_xlfn.CONCAT(" ",A90," "),'III-PA'!$A$18:$A$2661,0))} -> Composição | E90: {=INDEX('III-PA'!$D$18:$D$2661,1+MATCH(_xlfn.CONCAT(" ",A90," "),'III-PA'!$A$18:$A$2661,0))} -> LASTRO DE CONCRETO MAGRO, APLICADO EM PISOS, LAJES SOBRE SOLO OU RADIERS, ESPESSURA DE 3 CM. AF_01/2024 | F90: {=INDEX('III-PA'!$G$18:$G$2661,1+MATCH(_xlfn.CONCAT(" ",A90," "),'III-PA'!$A$18:$A$2661,0))} -> m² | G90: =VLOOKUP(A90,'IV-MEMORIAL'!$A$17:$N$2203,14,0) -> 442.82 | H90: =$L$14 -> 0.252 | I90: {=INDEX('III-PA'!$I$18:$I$2661,1+MATCH(_xlfn.CONCAT(" ",A90," "),'III-PA'!$A$18:$A$2661,0))} -> 20.92 | J90: =TRUNC(I90*(1+H90),2) -> 26.19 | K90: =TRUNC(I90*G90,2) -> 9263.79 | L90: =M90-K90 -> 2333.66 | M90: =TRUNC(G90*J90,2) -> 11597.45
A91: 7.4 | B91: {=INDEX('III-PA'!$B$18:$B$2661,1+MATCH(_xlfn.CONCAT(" ",'II-PO'!A91," "),'III-PA'!$A$18:$A$2661,0))} -> 101749 | C91: {=INDEX('III-PA'!$C$18:$C$2661,1+MATCH(_xlfn.CONCAT(" ",A91," "),'III-PA'!$A$18:$A$2661,0))} -> SINAPI | D91: {=INDEX('III-PA'!$A$18:$A$2661,1+MATCH(_xlfn.CONCAT(" ",A91," "),'III-PA'!$A$18:$A$2661,0))} -> Composição | E91: {=INDEX('III-PA'!$D$18:$D$2661,1+MATCH(_xlfn.CONCAT(" ",A91," "),'III-PA'!$A$18:$A$2661,0))} -> PISO CIMENTADO, TRAÇO 1:3 (CIMENTO E AREIA), ACABAMENTO LISO, ESPESSURA 4,0 CM, PREPARO MECÂNICO DA ARGAMASSA. AF_09/2020 | F91: {=INDEX('III-PA'!$G$18:$G$2661,1+MATCH(_xlfn.CONCAT(" ",A91," "),'III-PA'!$A$18:$A$2661,0))} -> m² | G91: =VLOOKUP(A91,'IV-MEMORIAL'!$A$17:$N$2203,14,0) -> 442.82 | H91: =$L$14 -> 0.252 | I91: {=INDEX('III-PA'!$I$18:$I$2661,1+MATCH(_xlfn.CONCAT(" ",A91," "),'III-PA'!$A$18:$A$2661,0))} -> 58.35 | J91: =TRUNC(I91*(1+H91),2) -> 73.05 | K91: =TRUNC(I91*G91,2) -> 25838.54 | L91: =M91-K91 -> 6509.46 | M91: =TRUNC(G91*J91,2) -> 32348
A92: 7.5 | B92: {=INDEX('III-PA'!$B$18:$B$2661,1+MATCH(_xlfn.CONCAT(" ",'II-PO'!A92," "),'III-PA'!$A$18:$A$2661,0))} -> 87261 | C92: {=INDEX('III-PA'!$C$18:$C$2661,1+MATCH(_xlfn.CONCAT(" ",A92," "),'III-PA'!$A$18:$A$2661,0))} -> SINAPI | D92: {=INDEX('III-PA'!$A$18:$A$2661,1+MATCH(_xlfn.CONCAT(" ",A92," "),'III-PA'!$A$18:$A$2661,0))} -> Composição | E92: {=INDEX('III-PA'!$D$18:$D$2661,1+MATCH(_xlfn.CONCAT(" ",A92," "),'III-PA'!$A$18:$A$2661,0))} -> REVESTIMENTO CERÂMICO PARA PISO COM PLACAS TIPO PORCELANATO DE DIMENSÕES 60X60 CM APLICADA EM AMBIENTES DE ÁREA MENOR QUE 5 M². AF_02/2023_PE | F92: {=INDEX('III-PA'!$G$18:$G$2661,1+MATCH(_xlfn.CONCAT(" ",A92," "),'III-PA'!$A$18:$A$2661,0))} -> m² | G92: =VLOOKUP(A92,'IV-MEMORIAL'!$A$17:$N$2203,14,0) -> 14.94 | H92: =$L$14 -> 0.252 | I92: {=INDEX('III-PA'!$I$18:$I$2661,1+MATCH(_xlfn.CONCAT(" ",A92," "),'III-PA'!$A$18:$A$2661,0))} -> 138.57 | J92: =TRUNC(I92*(1+H92),2) -> 173.48 | K92: =TRUNC(I92*G92,2) -> 2070.23 | L92: =M92-K92 -> 521.56 | M92: =TRUNC(G92*J92,2) -> 2591.79
A93: 7.6 | B93: {=INDEX('III-PA'!$B$18:$B$2661,1+MATCH(_xlfn.CONCAT(" ",'II-PO'!A93," "),'III-PA'!$A$18:$A$2661,0))} -> 87262 | C93: {=INDEX('III-PA'!$C$18:$C$2661,1+MATCH(_xlfn.CONCAT(" ",A93," "),'III-PA'!$A$18:$A$2661,0))} -> SINAPI | D93: {=INDEX('III-PA'!$A$18:$A$2661,1+MATCH(_xlfn.CONCAT(" ",A93," "),'III-PA'!$A$18:$A$2661,0))} -> Composição | E93: {=INDEX('III-PA'!$D$18:$D$2661,1+MATCH(_xlfn.CONCAT(" ",A93," "),'III-PA'!$A$18:$A$2661,0))} -> REVESTIMENTO CERÂMICO PARA PISO COM PLACAS TIPO PORCELANATO DE DIMENSÕES 60X60 CM APLICADA EM AMBIENTES DE ÁREA ENTRE 5 M² E 10 M². AF_02/2023_PE | F93: {=INDEX('III-PA'!$G$18:$G$2661,1+MATCH(_xlfn.CONCAT(" ",A93," "),'III-PA'!$A$18:$A$2661,0))} -> m² | G93: =VLOOKUP(A93,'IV-MEMORIAL'!$A$17:$N$2203,14,0) -> 8 | H93: =$L$14 -> 0.252 | I93: {=INDEX('III-PA'!$I$18:$I$2661,1+MATCH(_xlfn.CONCAT(" ",A93," "),'III-PA'!$A$18:$A$2661,0))} -> 124.49 | J93: =TRUNC(I93*(1+H93),2) -> 155.86 | K93: =TRUNC(I93*G93,2) -> 995.92 | L93: =M93-K93 -> 250.96 | M93: =TRUNC(G93*J93,2) -> 1246.88
A94: 7.7 | B94: {=INDEX('III-PA'!$B$18:$B$2661,1+MATCH(_xlfn.CONCAT(" ",'II-PO'!A94," "),'III-PA'!$A$18:$A$2661,0))} -> 87263 | C94: {=INDEX('III-PA'!$C$18:$C$2661,1+MATCH(_xlfn.CONCAT(" ",A94," "),'III-PA'!$A$18:$A$2661,0))} -> SINAPI | D94: {=INDEX('III-PA'!$A$18:$A$2661,1+MATCH(_xlfn.CONCAT(" ",A94," "),'III-PA'!$A$18:$A$2661,0))} -> Composição | E94: {=INDEX('III-PA'!$D$18:$D$2661,1+MATCH(_xlfn.CONCAT(" ",A94," "),'III-PA'!$A$18:$A$2661,0))} -> REVESTIMENTO CERÂMICO PARA PISO COM PLACAS TIPO PORCELANATO DE DIMENSÕES 60X60 CM APLICADA EM AMBIENTES DE ÁREA MAIOR QUE 10 M². AF_02/2023_PE | F94: {=INDEX('III-PA'!$G$18:$G$2661,1+MATCH(_xlfn.CONCAT(" ",A94," "),'III-PA'!$A$18:$A$2661,0))} -> m² | G94: =VLOOKUP(A94,'IV-MEMORIAL'!$A$17:$N$2203,14,0) -> 419.88 | H94: =$L$14 -> 0.252 | I94: {=INDEX('III-PA'!$I$18:$I$2661,1+MATCH(_xlfn.CONCAT(" ",A94," "),'III-PA'!$A$18:$A$2661,0))} -> 113.22 | J94: =TRUNC(I94*(1+H94),2) -> 141.75 | K94: =TRUNC(I94*G94,2) -> 47538.81 | L94: =M94-K94 -> 11979.18 | M94: =TRUNC(G94*J94,2) -> 59517.99
A95: 7.8 | B95: {=INDEX('III-PA'!$B$18:$B$2661,1+MATCH(_xlfn.CONCAT(" ",'II-PO'!A95," "),'III-PA'!$A$18:$A$2661,0))} -> 88650 | C95: {=INDEX('III-PA'!$C$18:$C$2661,1+MATCH(_xlfn.CONCAT(" ",A95," "),'III-PA'!$A$18:$A$2661,0))} -> SINAPI | D95: {=INDEX('III-PA'!$A$18:$A$2661,1+MATCH(_xlfn.CONCAT(" ",A95," "),'III-PA'!$A$18:$A$2661,0))} -> Composição | E95: {=INDEX('III-PA'!$D$18:$D$2661,1+MATCH(_xlfn.CONCAT(" ",A95," "),'III-PA'!$A$18:$A$2661,0))} -> RODAPÉ CERÂMICO DE 7CM DE ALTURA COM PLACAS TIPO ESMALTADA DE DIMENSÕES 60X60CM. AF_02/2023 | F95: {=INDEX('III-PA'!$G$18:$G$2661,1+MATCH(_xlfn.CONCAT(" ",A95," "),'III-PA'!$A$18:$A$2661,0))} -> M | G95: =VLOOKUP(A95,'IV-MEMORIAL'!$A$17:$N$2203,14,0) -> 350.56 | H95: =$L$14 -> 0.252 | I95: {=INDEX('III-PA'!$I$18:$I$2661,1+MATCH(_xlfn.CONCAT(" ",A95," "),'III-PA'!$A$18:$A$2661,0))} -> 11.85 | J95: =TRUNC(I95*(1+H95),2) -> 14.83 | K95: =TRUNC(I95*G95,2) -> 4154.13 | L95: =M95-K95 -> 1044.67 | M95: =TRUNC(G95*J95,2) -> 5198.8
A96: 8 | E96: IMPERMEABILIZAÇÃO | K96: =K97 -> 11059.03 | L96: =L97 -> 2786.53 | M96: =M97 -> 13845.56
A97: 8.1 | B97: {=INDEX('III-PA'!$B$18:$B$2661,1+MATCH(_xlfn.CONCAT(" ",'II-PO'!A97," "),'III-PA'!$A$18:$A$2661,0))} -> 98557 | C97: {=INDEX('III-PA'!$C$18:$C$2661,1+MATCH(_xlfn.CONCAT(" ",A97," "),'III-PA'!$A$18:$A$2661,0))} -> SINAPI | D97: {=INDEX('III-PA'!$A$18:$A$2661,1+MATCH(_xlfn.CONCAT(" ",A97," "),'III-PA'!$A$18:$A$2661,0))} -> Composição | E97: {=INDEX('III-PA'!$D$18:$D$2661,1+MATCH(_xlfn.CONCAT(" ",A97," "),'III-PA'!$A$18:$A$2661,0))} -> IMPERMEABILIZAÇÃO DE SUPERFÍCIE COM EMULSÃO ASFÁLTICA, 2 DEMÃOS. AF_09/2023 | F97: {=INDEX('III-PA'!$G$18:$G$2661,1+MATCH(_xlfn.CONCAT(" ",A97," "),'III-PA'!$A$18:$A$2661,0))} -> m² | G97: =VLOOKUP(A97,'IV-MEMORIAL'!$A$17:$N$2203,14,0) -> 280.9 | H97: =$L$14 -> 0.252 | I97: {=INDEX('III-PA'!$I$18:$I$2661,1+MATCH(_xlfn.CONCAT(" ",A97," "),'III-PA'!$A$18:$A$2661,0))} -> 39.37 | J97: =TRUNC(I97*(1+H97),2) -> 49.29 | K97: =TRUNC(I97*G97,2) -> 11059.03 | L97: =M97-K97 -> 2786.53 | M97: =TRUNC(G97*J97,2) -> 13845.56
A98: 9 | E98: ESQUADRIAS | K98: =K99+K103 -> 49495.72 | L98: =L99+L103 -> 12472.6 | M98: =M99+M103 -> 61968.32
A99: 9.1 | E99: JANELAS | K99: =SUM(K100:K102) -> 20187 | L99: =SUM(L100:L102) -> 5086.91 | M99: =SUM(M100:M102) -> 25273.91
A100: 9.1.1 | B100: {=INDEX('III-PA'!$B$18:$B$2661,1+MATCH(_xlfn.CONCAT(" ",'II-PO'!A100," "),'III-PA'!$A$18:$A$2661,0))} -> 94562 | C100: {=INDEX('III-PA'!$C$18:$C$2661,1+MATCH(_xlfn.CONCAT(" ",A100," "),'III-PA'!$A$18:$A$2661,0))} -> SINAPI | D100: {=INDEX('III-PA'!$A$18:$A$2661,1+MATCH(_xlfn.CONCAT(" ",A100," "),'III-PA'!$A$18:$A$2661,0))} -> Composição | E100: {=INDEX('III-PA'!$D$18:$D$2661,1+MATCH(_xlfn.CONCAT(" ",A100," "),'III-PA'!$A$18:$A$2661,0))} -> JANELA DE AÇO DE CORRER COM 4 FOLHAS PARA VIDRO (VIDROS NÃO INCLUSOS), BATENTE/ REQUADRO INCLUSO (6 A 14 CM), FIXAÇÃO COM ARGAMASSA, COM PINTURA ANTICORROSIVA, COM FERRAGENS, FIXAÇÃO COM ARGAMASSA, EXCLUSIVE CONTRAMARCO - FORNECIMENTO E INSTALAÇÃO. AF_11/2024 | F100: {=INDEX('III-PA'!$G$18:$G$2661,1+MATCH(_xlfn.CONCAT(" ",A100," "),'III-PA'!$A$18:$A$2661,0))} -> m² | G100: =VLOOKUP(A100,'IV-MEMORIAL'!$A$17:$N$2203,14,0) -> 20.25 | H100: =$L$14 -> 0.252 | I100: {=INDEX('III-PA'!$I$18:$I$2661,1+MATCH(_xlfn.CONCAT(" ",A100," "),'III-PA'!$A$18:$A$2661,0))} -> 632.17 | J100: =TRUNC(I100*(1+H100),2) -> 791.47 | K100: =TRUNC(I100*G100,2) -> 12801.44 | L100: =M100-K100 -> 3225.82 | M100: =TRUNC(G100*J100,2) -> 16027.26
A101: 9.1.2 | B101: {=INDEX('III-PA'!$B$18:$B$2661,1+MATCH(_xlfn.CONCAT(" ",'II-PO'!A101," "),'III-PA'!$A$18:$A$2661,0))} -> 94559 | C101: {=INDEX('III-PA'!$C$18:$C$2661,1+MATCH(_xlfn.CONCAT(" ",A101," "),'III-PA'!$A$18:$A$2661,0))} -> SINAPI | D101: {=INDEX('III-PA'!$A$18:$A$2661,1+MATCH(_xlfn.CONCAT(" ",A101," "),'III-PA'!$A$18:$A$2661,0))} -> Composição | E101: {=INDEX('III-PA'!$D$18:$D$2661,1+MATCH(_xlfn.CONCAT(" ",A101," "),'III-PA'!$A$18:$A$2661,0))} -> JANELA DE AÇO TIPO BASCULANTE, PARA VIDROS (VIDROS NÃO INCLUSOS), BATENTE/ REQUADRO INCLUSO (6,5 A 14 CM), DIMENSÕES 60X60 CM, COM COM PINTURA ANTICORROSIVA, SEM ACABAMENTO, COM FERRAGENS, FIXAÇÃO COM ARGAMASSA, EXCLUSIVE CONTRAMARCO - FORNECIMENTO E INSTALAÇÃO. AF_11/2024 | F101: {=INDEX('III-PA'!$G$18:$G$2661,1+MATCH(_xlfn.CONCAT(" ",A101," "),'III-PA'!$A$18:$A$2661,0))} -> m² | G101: =VLOOKUP(A101,'IV-MEMORIAL'!$A$17:$N$2203,14,0) -> 0.72 | H101: =$L$14 -> 0.252 | I101: {=INDEX('III-PA'!$I$18:$I$2661,1+MATCH(_xlfn.CONCAT(" ",A101," "),'III-PA'!$A$18:$A$2661,0))} -> 749 | J101: =TRUNC(I101*(1+H101),2) -> 937.74 | K101: =TRUNC(I101*G101,2) -> 539.28 | L101: =M101-K101 -> 135.89 | M101: =TRUNC(G101*J101,2) -> 675.17
A102: 9.1.3 | B102: {=INDEX('III-PA'!$B$18:$B$2661,1+MATCH(_xlfn.CONCAT(" ",'II-PO'!A102," "),'III-PA'!$A$18:$A$2661,0))} -> 102181 | C102: {=INDEX('III-PA'!$C$18:$C$2661,1+MATCH(_xlfn.CONCAT(" ",A102," "),'III-PA'!$A$18:$A$2661,0))} -> SINAPI | D102: {=INDEX('III-PA'!$A$18:$A$2661,1+MATCH(_xlfn.CONCAT(" ",A102," "),'III-PA'!$A$18:$A$2661,0))} -> Composição | E102: {=INDEX('III-PA'!$D$18:$D$2661,1+MATCH(_xlfn.CONCAT(" ",A102," "),'III-PA'!$A$18:$A$2661,0))} -> INSTALAÇÃO DE VIDRO TEMPERADO, E = 10 MM, ENCAIXADO EM PERFIL U. AF_01/2021_PS | F102: {=INDEX('III-PA'!$G$18:$G$2661,1+MATCH(_xlfn.CONCAT(" ",A102," "),'III-PA'!$A$18:$A$2661,0))} -> m² | G102: =VLOOKUP(A102,'IV-MEMORIAL'!$A$17:$N$2203,14,0) -> 20.97 | H102: =$L$14 -> 0.252 | I102: {=INDEX('III-PA'!$I$18:$I$2661,1+MATCH(_xlfn.CONCAT(" ",A102," "),'III-PA'!$A$18:$A$2661,0))} -> 326.48 | J102: =TRUNC(I102*(1+H102),2) -> 408.75 | K102: =TRUNC(I102*G102,2) -> 6846.28 | L102: =M102-K102 -> 1725.2 | M102: =TRUNC(G102*J102,2) -> 8571.48
A103: 9.2 | E103: PORTAS | K103: =SUM(K104:K109) -> 29308.72 | L103: =SUM(L104:L109) -> 7385.69 | M103: =SUM(M104:M109) -> 36694.41
A104: 9.2.1 | B104: {=INDEX('III-PA'!$B$18:$B$2661,1+MATCH(_xlfn.CONCAT(" ",'II-PO'!A104," "),'III-PA'!$A$18:$A$2661,0))} -> 90844 | C104: {=INDEX('III-PA'!$C$18:$C$2661,1+MATCH(_xlfn.CONCAT(" ",A104," "),'III-PA'!$A$18:$A$2661,0))} -> SINAPI | D104: {=INDEX('III-PA'!$A$18:$A$2661,1+MATCH(_xlfn.CONCAT(" ",A104," "),'III-PA'!$A$18:$A$2661,0))} -> Composição | E104: {=INDEX('III-PA'!$D$18:$D$2661,1+MATCH(_xlfn.CONCAT(" ",A104," "),'III-PA'!$A$18:$A$2661,0))} -> KIT DE PORTA DE MADEIRA PARA PINTURA, SEMI-OCA (LEVE OU MÉDIA), PADRÃO MÉDIO, 90X210CM, ESPESSURA DE 3,5CM, ITENS INCLUSOS: DOBRADIÇAS, MONTAGEM E INSTALAÇÃO DO BATENTE, FECHADURA COM EXECUÇÃO DO FURO - FORNECIMENTO E INSTALAÇÃO. AF_12/2019 | F104: {=INDEX('III-PA'!$G$18:$G$2661,1+MATCH(_xlfn.CONCAT(" ",A104," "),'III-PA'!$A$18:$A$2661,0))} -> UN | G104: =VLOOKUP(A104,'IV-MEMORIAL'!$A$17:$N$2203,14,0) -> 12 | H104: =$L$14 -> 0.252 | I104: {=INDEX('III-PA'!$I$18:$I$2661,1+MATCH(_xlfn.CONCAT(" ",A104," "),'III-PA'!$A$18:$A$2661,0))} -> 1187.39 | J104: =TRUNC(I104*(1+H104),2) -> 1486.61 | K104: =TRUNC(I104*G104,2) -> 14248.68 | L104: =M104-K104 -> 3590.64 | M104: =TRUNC(G104*J104,2) -> 17839.32
A105: 9.2.2 | B105: {=INDEX('III-PA'!$B$18:$B$2661,1+MATCH(_xlfn.CONCAT(" ",'II-PO'!A105," "),'III-PA'!$A$18:$A$2661,0))} -> 90843 | C105: {=INDEX('III-PA'!$C$18:$C$2661,1+MATCH(_xlfn.CONCAT(" ",A105," "),'III-PA'!$A$18:$A$2661,0))} -> SINAPI | D105: {=INDEX('III-PA'!$A$18:$A$2661,1+MATCH(_xlfn.CONCAT(" ",A105," "),'III-PA'!$A$18:$A$2661,0))} -> Composição | E105: {=INDEX('III-PA'!$D$18:$D$2661,1+MATCH(_xlfn.CONCAT(" ",A105," "),'III-PA'!$A$18:$A$2661,0))} -> KIT DE PORTA DE MADEIRA PARA PINTURA, SEMI-OCA (LEVE OU MÉDIA), PADRÃO MÉDIO, 80X210CM, ESPESSURA DE 3,5CM, ITENS INCLUSOS: DOBRADIÇAS, MONTAGEM E INSTALAÇÃO DO BATENTE, FECHADURA COM EXECUÇÃO DO FURO - FORNECIMENTO E INSTALAÇÃO. AF_12/2019 | F105: {=INDEX('III-PA'!$G$18:$G$2661,1+MATCH(_xlfn.CONCAT(" ",A105," "),'III-PA'!$A$18:$A$2661,0))} -> UN | G105: =VLOOKUP(A105,'IV-MEMORIAL'!$A$17:$N$2203,14,0) -> 3 | H105: =$L$14 -> 0.252 | I105: {=INDEX('III-PA'!$I$18:$I$2661,1+MATCH(_xlfn.CONCAT(" ",A105," "),'III-PA'!$A$18:$A$2661,0))} -> 1104.91 | J105: =TRUNC(I105*(1+H105),2) -> 1383.34 | K105: =TRUNC(I105*G105,2) -> 3314.73 | L105: =M105-K105 -> 835.29 | M105: =TRUNC(G105*J105,2) -> 4150.02
A106: 9.2.3 | B106: {=INDEX('III-PA'!$B$18:$B$2661,1+MATCH(_xlfn.CONCAT(" ",'II-PO'!A106," "),'III-PA'!$A$18:$A$2661,0))} -> 180506 | C106: {=INDEX('III-PA'!$C$18:$C$2661,1+MATCH(_xlfn.CONCAT(" ",A106," "),'III-PA'!$A$18:$A$2661,0))} -> AGETOP CIVIL | D106: {=INDEX('III-PA'!$A$18:$A$2661,1+MATCH(_xlfn.CONCAT(" ",A106," "),'III-PA'!$A$18:$A$2661,0))} -> Composição | E106: {=INDEX('III-PA'!$D$18:$D$2661,1+MATCH(_xlfn.CONCAT(" ",A106," "),'III-PA'!$A$18:$A$2661,0))} -> PORTA DE CORRER DE 04 FOLHAS EM VIDRO (DUAS FIXAS E DUAS MÓVEIS) PF-6 C/ FERRAGENS | F106: {=INDEX('III-PA'!$G$18:$G$2661,1+MATCH(_xlfn.CONCAT(" ",A106," "),'III-PA'!$A$18:$A$2661,0))} -> m² | G106: =VLOOKUP(A106,'IV-MEMORIAL'!$A$17:$N$2203,14,0) -> 13.54 | H106: =$L$14 -> 0.252 | I106: {=INDEX('III-PA'!$I$18:$I$2661,1+MATCH(_xlfn.CONCAT(" ",A106," "),'III-PA'!$A$18:$A$2661,0))} -> 318.5 | J106: =TRUNC(I106*(1+H106),2) -> 398.76 | K106: =TRUNC(I106*G106,2) -> 4312.49 | L106: =M106-K106 -> 1086.72 | M106: =TRUNC(G106*J106,2) -> 5399.21
A107: 9.2.4 | B107: {=INDEX('III-PA'!$B$18:$B$2661,1+MATCH(_xlfn.CONCAT(" ",'II-PO'!A107," "),'III-PA'!$A$18:$A$2661,0))} -> 100902 | C107: {=INDEX('III-PA'!$C$18:$C$2661,1+MATCH(_xlfn.CONCAT(" ",A107," "),'III-PA'!$A$18:$A$2661,0))} -> Próprio | D107: {=INDEX('III-PA'!$A$18:$A$2661,1+MATCH(_xlfn.CONCAT(" ",A107," "),'III-PA'!$A$18:$A$2661,0))} -> Composição | E107: {=INDEX('III-PA'!$D$18:$D$2661,1+MATCH(_xlfn.CONCAT(" ",A107," "),'III-PA'!$A$18:$A$2661,0))} -> PORTA DE CORRER DE ALUMÍNIO, COM FOLHAS MÚLTIPLAS PARA VIDRO, INCLUSO VIDRO LISO INCOLOR, FECHADURA E PUXADOR, SEM ALIZAR. AF_12/2019 (REF.: SINAPI 100702) | F107: {=INDEX('III-PA'!$G$18:$G$2661,1+MATCH(_xlfn.CONCAT(" ",A107," "),'III-PA'!$A$18:$A$2661,0))} -> m² | G107: =VLOOKUP(A107,'IV-MEMORIAL'!$A$17:$N$2203,14,0) -> 3.15 | H107: =$L$14 -> 0.252 | I107: {=INDEX('III-PA'!$I$18:$I$2661,1+MATCH(_xlfn.CONCAT(" ",A107," "),'III-PA'!$A$18:$A$2661,0))} -> 500.45 | J107: =TRUNC(I107*(1+H107),2) -> 626.56 | K107: =TRUNC(I107*G107,2) -> 1576.41 | L107: =M107-K107 -> 397.25 | M107: =TRUNC(G107*J107,2) -> 1973.66
A108: 9.2.5 | B108: {=INDEX('III-PA'!$B$18:$B$2661,1+MATCH(_xlfn.CONCAT(" ",'II-PO'!A108," "),'III-PA'!$A$18:$A$2661,0))} -> 180304 | C108: {=INDEX('III-PA'!$C$18:$C$2661,1+MATCH(_xlfn.CONCAT(" ",A108," "),'III-PA'!$A$18:$A$2661,0))} -> AGETOP CIVIL | D108: {=INDEX('III-PA'!$A$18:$A$2661,1+MATCH(_xlfn.CONCAT(" ",A108," "),'III-PA'!$A$18:$A$2661,0))} -> Composição | E108: {=INDEX('III-PA'!$D$18:$D$2661,1+MATCH(_xlfn.CONCAT(" ",A108," "),'III-PA'!$A$18:$A$2661,0))} -> PORTÃO DE ABRIR 01 FOLHA CHAPA 14 PT-4 C/FERRAGENS | F108: {=INDEX('III-PA'!$G$18:$G$2661,1+MATCH(_xlfn.CONCAT(" ",A108," "),'III-PA'!$A$18:$A$2661,0))} -> m² | G108: =VLOOKUP(A108,'IV-MEMORIAL'!$A$17:$N$2203,14,0) -> 6.72 | H108: =$L$14 -> 0.252 | I108: {=INDEX('III-PA'!$I$18:$I$2661,1+MATCH(_xlfn.CONCAT(" ",A108," "),'III-PA'!$A$18:$A$2661,0))} -> 495.28 | J108: =TRUNC(I108*(1+H108),2) -> 620.09 | K108: =TRUNC(I108*G108,2) -> 3328.28 | L108: =M108-K108 -> 838.72 | M108: =TRUNC(G108*J108,2) -> 4167
A109: 9.2.6 | B109: {=INDEX('III-PA'!$B$18:$B$2661,1+MATCH(_xlfn.CONCAT(" ",'II-PO'!A109," "),'III-PA'!$A$18:$A$2661,0))} -> 100903 | C109: {=INDEX('III-PA'!$C$18:$C$2661,1+MATCH(_xlfn.CONCAT(" ",A109," "),'III-PA'!$A$18:$A$2661,0))} -> Próprio | D109: {=INDEX('III-PA'!$A$18:$A$2661,1+MATCH(_xlfn.CONCAT(" ",A109," "),'III-PA'!$A$18:$A$2661,0))} -> Composição | E109: {=INDEX('III-PA'!$D$18:$D$2661,1+MATCH(_xlfn.CONCAT(" ",A109," "),'III-PA'!$A$18:$A$2661,0))} -> PORTA MADEIRA 1A CORRER GUARNICAO 15CM/ALIZAR (REF.: SINAPI 84876) | F109: {=INDEX('III-PA'!$G$18:$G$2661,1+MATCH(_xlfn.CONCAT(" ",A109," "),'III-PA'!$A$18:$A$2661,0))} -> m² | G109: =VLOOKUP(A109,'IV-MEMORIAL'!$A$17:$N$2203,14,0) -> 2.31 | H109: =$L$14 -> 0.252 | I109: {=INDEX('III-PA'!$I$18:$I$2661,1+MATCH(_xlfn.CONCAT(" ",A109," "),'III-PA'!$A$18:$A$2661,0))} -> 1094.43 | J109: =TRUNC(I109*(1+H109),2) -> 1370.22 | K109: =TRUNC(I109*G109,2) -> 2528.13 | L109: =M109-K109 -> 637.07 | M109: =TRUNC(G109*J109,2) -> 3165.2
...

Sheet III-PA
A1: ='IV-MEMORIAL'!A1 -> GABINETES DOS VEREADORES DE ARAGARÇAS - GO
A10: OBRA: | B10: ='I-RESUMO'!$B$6 -> GABINETES DOS VEREADORES DE ARAGARÇAS - GO | H10: REFERÊNCIA: | I10: ='II-PO'!L10 -> SINAPI GO 9/2025
A11: LOCAL: | B11: ='I-RESUMO'!$B$7 -> Rua José de Barros Souza, 09. Setor Centro Administrativo, Aragarças-GO. | I11: ='II-PO'!L11 -> GOINFRA CIVIL (AGETOP) 8/2025
A12: DATA: | B12: =TODAY() -> 46071 | I12: ='II-PO'!L12 -> SICRO3 GO 7/2025
H13: ENCARGOS | I13: ='I-RESUMO'!$F$9 -> NÃO DESONERADO
H14: BDI CONSTRUÇÃO: | I14: ='I-RESUMO'!$F$10 -> 0.252
A16: =CAPA!A14 -> ANEXO III - PRANILHA ANALÍTICA
A18: 1.1 | B18: Código | C18: Banco | D18: Descrição | E18: Tipo | G18: Und | H18: Quant. | I18: Valor Unit | J18: Total
A19: Composição | B19: COMP CIVIL 01 | C19: Próprio | D19: ADMINISTRAÇÃO LOCAL DA OBRA | E19: CANT - CANTEIRO DE OBRAS | G19: %CT | H19: 1 | I19: 66474.15 | J19: 66474.15
A20: Composição Auxiliar | B20: 100306 | C20: SINAPI | D20: ENGENHEIRO CIVIL PLENO COM ENCARGOS COMPLEMENTARES | E20: SEDI - SERVIÇOS DIVERSOS | G20: H | H20: 165 | I20: 133.2 | J20: 21978
A21: Composição Auxiliar | B21: 94295 | C21: SINAPI | D21: MESTRE DE OBRAS COM ENCARGOS COMPLEMENTARES | E21: Livro SINAPI: Cálculos e Parâmetros | G21: MES | H21: 5 | I21: 8899.23 | J21: 44496.15
E22: MO sem LS => | F22: 63379.2 | G22: LS => | H22: 0 | I22: MO com LS => | J22: 63379.2
E23: Valor do BDI => | F23: 0 | H23: Valor com BDI => | J23: 66474.15
G24: Quant. => | H24: 1,00 | I24: Preço Total => | J24: 66474.15
A26: 2 | D26: SERVIÇOS PRELIMINARES E CANTEIROS DE OBRAS | J26: 32405.04
A27: 2.1 | B27: Código | C27: Banco | D27: Descrição | E27: Tipo | G27: Und | H27: Quant. | I27: Valor Unit | J27: Total
A28: Composição | B28: 103689 | C28: SINAPI | D28: FORNECIMENTO E INSTALAÇÃO DE PLACA DE OBRA COM CHAPA GALVANIZADA E ESTRUTURA DE MADEIRA. AF_03/2022_PS | E28: Sinalização Vertical Viária | G28: m² | H28: 1 | I28: 465.73 | J28: 465.73
A29: Composição Auxiliar | B29: 88316 | C29: SINAPI | D29: SERVENTE COM ENCARGOS COMPLEMENTARES | E29: Livro SINAPI: Cálculos e Parâmetros | G29: H | H29: 1.1186 | I29: 22.42 | J29: 25.07
A30: Composição Auxiliar | B30: 102234 | C30: SINAPI | D30: PINTURA IMUNIZANTE PARA MADEIRA, 2 DEMÃOS. AF_01/2021 | E30: Pintura em Madeira | G30: m² | H30: 0.5 | I30: 22.95 | J30: 11.47
A31: Composição Auxiliar | B31: 88262 | C31: SINAPI | D31: CARPINTEIRO DE FORMAS COM ENCARGOS COMPLEMENTARES | E31: Livro SINAPI: Cálculos e Parâmetros | G31: H | H31: 0.3729 | I31: 31.69 | J31: 11.81
A32: Insumo | B32: 00005069 | C32: SINAPI | D32: PREGO DE ACO POLIDO COM CABECA 17 X 27 (2 1/2 X 11) | E32: Material | G32: KG | H32: 0.0132 | I32: 20.68 | J32: 0.27
A33: Insumo | B33: 00005065 | C33: SINAPI | D33: PREGO DE ACO POLIDO COM CABECA 10 X 10 (7/8 X 17) | E33: Material | G33: KG | H33: 0.0113 | I33: 38.6 | J33: 0.43
A34: Insumo | B34: 00004509 | C34: SINAPI | D34: SARRAFO *2,5 X 10* CM EM PINUS, MISTA OU EQUIVALENTE DA REGIAO - BRUTA | E34: Material | G34: M | H34: 3.2083 | I34: 5.2 | J34: 16.68
A35: Insumo | B35: 00004813 | C35: SINAPI | D35: PLACA DE OBRA (PARA CONSTRUCAO CIVIL) EM CHAPA GALVANIZADA *N. 22*, ADESIVADA, DE *2,4 X 1,2* M (SEM POSTES PARA FIXACAO) | E35: Material | G35: m² | H35: 1 | I35: 400 | J35: 400
E36: MO sem LS => | F36: 31.4 | G36: LS => | H36: 0 | I36: MO com LS => | J36: 31.4
E37: Valor do BDI => | F37: 0 | H37: Valor com BDI => | J37: 465.73
G38: Quant. => | H38: 4,50 | I38: Preço Total => | J38: 2095.78
A40: 2.2 | B40: Código | C40: Banco | D40: Descrição | E40: Tipo | G40: Und | H40: Quant. | I40: Valor Unit | J40: Total
A41: Composição | B41: 020231 | C41: AGETOP CIVIL | D41: LOCAÇÃO DE CONTAINER COM REVESTIMENTO INTERNO, PARA ESCRITÓRIO SEM SANITÁRIOS 6,00 X 2,40 M, INCLUSIVE APARELHO DE AR CONDICIONADO E MOBILIÁRIO (EXCLUSO MOBILIZAÇÃO / DESMOBILIZAÇÃO) | E41: 202 | G41: mes | H41: 1 | I41: 2364.59 | J41: 2364.59
A42: Insumo | B42: 5005 | C42: AGETOP CIVIL | D42: LOCAÇÃO DE CONTAINER COM REVESTIMENTO INTERNO, PARA ESCRITÓRIO SEM SANITÁRIOS 6,00 X 2,40 M, INCLUSIVE APARELHO DE AR CONDICIONADO E MOBILIÁRIO (EXCLUSO MOBILIZAÇÃO / DESMOBILIZAÇÃO) | E42: Material | G42: MÊS | H42: 1 | I42: 2364.59 | J42: 2364.59
E43: MO sem LS => | F43: 0 | G43: LS => | H43: 0 | I43: MO com LS => | J43: 0
E44: Valor do BDI => | F44: 0 | H44: Valor com BDI => | J44: 2364.59
G45: Quant. => | H45: 5,00 | I45: Preço Total => | J45: 11822.95
A47: 2.3 | B47: Código | C47: Banco | D47: Descrição | E47: Tipo | G47: Und | H47: Quant. | I47: Valor Unit | J47: Total
A48: Composição | B48: 020232 | C48: AGETOP CIVIL | D48: LOCAÇÃO DE CONTAINER SANITÁRIO MISTO 6,00 X 2,40 M, COM 3 VASOS, 6 CHUVEIROS, LAVATÓRIO E MICTÓRIO (EXCLUSO MOBILIZAÇÃO / DESMOBILIZAÇÃO) | E48: 202 | G48: mes | H48: 1 | I48: 1325.95 | J48: 1325.95
A49: Insumo | B49: 5006 | C49: AGETOP CIVIL | D49: LOCAÇÃO DE CONTAINER SANITÁRIO MISTO 6,00 X 2,40 M, COM 3 VASOS, 6 CHUVEIROS, LAVATÓRIO E MICTÓRIO (EXCLUSO MOBILIZAÇÃO / DESMOBILIZAÇÃO) | E49: Material | G49: MÊS | H49: 1 | I49: 1325.95 | J49: 1325.95
E50: MO sem LS => | F50: 0 | G50: LS => | H50: 0 | I50: MO com LS => | J50: 0
E51: Valor do BDI => | F51: 0 | H51: Valor com BDI => | J51: 1325.95
G52: Quant. => | H52: 5,00 | I52: Preço Total => | J52: 6629.75
A54: 2.4 | B54: Código | C54: Banco | D54: Descrição | E54: Tipo | G54: Und | H54: Quant. | I54: Valor Unit | J54: Total
A55: Composição | B55: 020230 | C55: AGETOP CIVIL | D55: LOCAÇÃO DE CONTAINER SEM REVESTIMENTO INTERNO PARA ALMOXARIFADO / DEPÓSITO 6,00 X 2,40 M, INCLUSIVE MOBILIÁRIO (EXCLUSO MOBILIZAÇÃO / DESMOBILIZAÇÃO) | E55: 202 | G55: MÊS | H55: 1 | I55: 1135.26 | J55: 1135.26
A56: Insumo | B56: 5004 | C56: AGETOP CIVIL | D56: LOCAÇÃO DE CONTAINER SEM REVESTIMENTO INTERNO PARA ALMOXARIFADO / DEPÓSITO 6,00 X 2,40 M, INCLUSIVE MOBILIÁRIO (EXCLUSO MOBILIZAÇÃO / DESMOBILIZAÇÃO) | E56: Material | G56: mes | H56: 1 | I56: 1135.26 | J56: 1135.26
E57: MO sem LS => | F57: 0 | G57: LS => | H57: 0 | I57: MO com LS => | J57: 0
E58: Valor do BDI => | F58: 0 | H58: Valor com BDI => | J58: 1135.26
G59: Quant. => | H59: 5,00 | I59: Preço Total => | J59: 5676.3
A61: 2.5 | B61: Código | C61: Banco | D61: Descrição | E61: Tipo | G61: Und | H61: Quant. | I61: Valor Unit | J61: Total
A62: Composição | B62: 030119 | C62: AGETOP CIVIL | D62: CARGA, MANOBRA E DESCARGA DE CONTAINER | E62: 301 | G62: un | H62: 1 | I62: 45.58 | J62: 45.58
A63: Insumo | B63: 5010 | C63: AGETOP CIVIL | D63: CAMINHÃO MUNCK - HORA PRODUTIVA | E63: Material | G63: VHP | H63: 0.1277 | I63: 316.55 | J63: 40.42
A64: Insumo | B64: 0005 | C64: AGETOP CIVIL | D64: SERVENTE | E64: Mão de Obra | G64: H | H64: 0.2554 | I64: 20.21 | J64: 5.16
E65: MO sem LS => | F65: 5.16 | G65: LS => | H65: 0 | I65: MO com LS => | J65: 5.16
E66: Valor do BDI => | F66: 0 | H66: Valor com BDI => | J66: 45.58
G67: Quant. => | H67: 6,00 | I67: Preço Total => | J67: 273.48
A69: 2.6 | B69: Código | C69: Banco | D69: Descrição | E69: Tipo | G69: Und | H69: Quant. | I69: Valor Unit | J69: Total
A70: Composição | B70: 98525 | C70: SINAPI | D70: LIMPEZA MECANIZADA DE CAMADA VEGETAL, VEGETAÇÃO E PEQUENAS ÁRVORES (DIÂMETRO DE TRONCO MENOR QUE 0,20 M), COM TRATOR DE ESTEIRAS. AF_03/2024 | E70: Supressão Vegetal | G70: m² | H70: 1 | I70: 0.66 | J70: 0.66
A71: Composição Auxiliar | B71: 89031 | C71: SINAPI | D71: TRATOR DE ESTEIRAS, POTÊNCIA 100 HP, PESO OPERACIONAL 9,4 T, COM LÂMINA 2,19 M3 - CHI DIURNO. AF_06/2014 | E71: Custos Horários Produtivo e Improdutivo dos Equipamentos | G71: CHI | H71: 0.0029 | I71: 72.23 | J71: 0.2
A72: Composição Auxiliar | B72: 88441 | C72: SINAPI | D72: JARDINEIRO COM ENCARGOS COMPLEMENTARES | E72: Livro SINAPI: Cálculos e Parâmetros | G72: H | H72: 0.0046 | I72: 28.73 | J72: 0.13
A73: Composição Auxiliar | B73: 89032 | C73: SINAPI | D73: TRATOR DE ESTEIRAS, POTÊNCIA 100 HP, PESO OPERACIONAL 9,4 T, COM LÂMINA 2,19 M3 - CHP DIURNO. AF_06/2014 | E73: Custos Horários Produtivo e Improdutivo dos Equipamentos | G73: CHP | H73: 0.0017 | I73: 194.38 | J73: 0.33
E74: MO sem LS => | F74: 0.16 | G74: LS => | H74: 0 | I74: MO com LS => | J74: 0.16
E75: Valor do BDI => | F75: 0 | H75: Valor com BDI => | J75: 0.66
G76: Quant. => | H76: 459,00 | I76: Preço Total => | J76: 302.94
A78: 2.7 | B78: Código | C78: Banco | D78: Descrição | E78: Tipo | G78: Und | H78: Quant. | I78: Valor Unit | J78: Total
A79: Composição | B79: 99059 | C79: SINAPI | D79: LOCAÇÃO CONVENCIONAL DE OBRA, UTILIZANDO GABARITO DE TÁBUAS CORRIDAS PONTALETADAS A CADA 2,00M - 2 UTILIZAÇÕES. AF_03/2024 | E79: Locação de Obras | G79: M | H79: 1 | I79: 63.68 | J79: 63.68
A80: Composição Auxiliar | B80: 91692 | C80: SINAPI | D80: SERRA CIRCULAR DE BANCADA COM MOTOR ELÉTRICO POTÊNCIA DE 5HP, COM COIFA PARA DISCO 10" - CHP DIURNO. AF_08/2015 | E80: Custos Horários Produtivo e Improdutivo dos Equipamentos | G80: CHP | H80: 0.007 | I80: 25.46 | J80: 0.17
A81: Composição Auxiliar | B81: 91693 | C81: SINAPI | D81: SERRA CIRCULAR DE BANCADA COM MOTOR ELÉTRICO POTÊNCIA DE 5HP, COM COIFA PARA DISCO 10" - CHI DIURNO. AF_08/2015 | E81: Custos Horários Produtivo e Improdutivo dos Equipamentos | G81: CHI | H81: 0.028 | I81: 23.96 | J81: 0.67
A82: Composição Auxiliar | B82: 94974 | C82: SINAPI | D82: CONCRETO MAGRO PARA LASTRO, TRAÇO 1:4,5:4,5 (EM MASSA SECA DE CIMENTO/ AREIA MÉDIA/ BRITA 1) - PREPARO MANUAL. AF_05/2021 | E82: Produção de Concreto | G82: m³ | H82: 0.004 | I82: 503.99 | J82: 2.01
A83: Composição Auxiliar | B83: 88262 | C83: SINAPI | D83: CARPINTEIRO DE FORMAS COM ENCARGOS COMPLEMENTARES | E83: Livro SINAPI: Cálculos e Parâmetros | G83: H | H83: 0.7247 | I83: 31.69 | J83: 22.96
A84: Composição Auxiliar | B84: 88239 | C84: SINAPI | D84: AJUDANTE DE CARPINTEIRO COM ENCARGOS COMPLEMENTARES | E84: Livro SINAPI: Cálculos e Parâmetros | G84: H | H84: 0.7247 | I84: 22.54 | J84: 16.33
A85: Insumo | B85: 00010567 | C85: SINAPI | D85: TABUA *2,5 X 23* CM EM PINUS, MISTA OU EQUIVALENTE DA REGIAO - BRUTA | E85: Material | G85: M | H85: 0.55 | I85: 11.58 | J85: 6.36
A86: Insumo | B86: 00005068 | C86: SINAPI | D86: PREGO DE ACO POLIDO COM CABECA 17 X 21 (2 X 11) | E86: Material | G86: KG | H86: 0.111 | I86: 20.29 | J86: 2.25
A87: Insumo | B87: 00004417 | C87: SINAPI | D87: SARRAFO NAO APARELHADO *2,5 X 7* CM, EM MACARANDUBA/MASSARANDUBA, ANGELIM, PEROBA-ROSA OU EQUIVALENTE DA REGIAO - BRUTA | E87: Material | G87: M | H87: 0.7445 | I87: 5.44 | J87: 4.05
A88: Insumo | B88: 00007356 | C88: SINAPI | D88: TINTA LATEX ACRILICA PREMIUM, COR BRANCO FOSCO | E88: Material | G88: L | H88: 0.0256 | I88: 32.15 | J88: 0.82
A89: Insumo | B89: 00004433 | C89: SINAPI | D89: CAIBRO NAO APARELHADO *6 X 6* CM, EM MACARANDUBA/MASSARANDUBA, ANGELIM OU EQUIVALENTE DA REGIAO - BRUTA | E89: Material | G89: M | H89: 0.4125 | I89: 19.55 | J89: 8.06
E90: MO sem LS => | F90: 29.71 | G90: LS => | H90: 0 | I90: MO com LS => | J90: 29.71
E91: Valor do BDI => | F91: 0 | H91: Valor com BDI => | J91: 63.68
G92: Quant. => | H92: 88,00 | I92: Preço Total => | J92: 5603.84
A94: 3 | D94: MOVIMENTAÇÃO DE TERRA | J94: 3979.98
A95: 3.1 | B95: Código | C95: Banco | D95: Descrição | E95: Tipo | G95: Und | H95: Quant. | I95: Valor Unit | J95: Total
A96: Composição | B96: 100575 | C96: SINAPI | D96: REGULARIZAÇÃO DE SUPERFÍCIES COM MOTONIVELADORA. AF_09/2024 | E96: Aterros, Bases, Sub bases e Imprimações | G96: m² | H96: 1 | I96: 0.55 | J96: 0.55
A97: Composição Auxiliar | B97: 5932 | C97: SINAPI | D97: MOTONIVELADORA POTÊNCIA BÁSICA LÍQUIDA (PRIMEIRA MARCHA) 125 HP, PESO BRUTO 13032 KG, LARGURA DA LÂMINA DE 3,7 M - CHP DIURNO. AF_06/2014 | E97: Custos Horários Produtivo e Improdutivo dos Equipamentos | G97: CHP | H97: 0.0003025 | I97: 257.14 | J97: 0.07
A98: Composição Auxiliar | B98: 88316 | C98: SINAPI | D98: SERVENTE COM ENCARGOS COMPLEMENTARES | E98: Livro SINAPI: Cálculos e Parâmetros | G98: H | H98: 0.0010343 | I98: 22.42 | J98: 0.02
A99: Composição Auxiliar | B99: 93244 | C99: SINAPI | D99: ROLO COMPACTADOR VIBRATÓRIO PÉ DE CARNEIRO PARA SOLOS, POTÊNCIA 80 HP, PESO OPERACIONAL SEM/COM LASTRO 7,4 / 8,8 T, LARGURA DE TRABALHO 1,68 M - CHI DIURNO. AF_02/2016 | E99: Custos Horários Produtivo e Improdutivo dos Equipamentos | G99: CHI | H99: 0.0060957 | I99: 65.39 | J99: 0.39
A100: Composição Auxiliar | B100: 5934 | C100: SINAPI | D100: MOTONIVELADORA POTÊNCIA BÁSICA LÍQUIDA (PRIMEIRA MARCHA) 125 HP, PESO BRUTO 13032 KG, LARGURA DA LÂMINA DE 3,7 M - CHI DIURNO. AF_06/2014 | E100: Custos Horários Produtivo e Improdutivo dos Equipamentos | G100: CHI | H100: 0.0007318 | I100: 98.67 | J100: 0.07
E101: MO sem LS => | F101: 0.13 | G101: LS => | H101: 0 | I101: MO com LS => | J101: 0.13
E102: Valor do BDI => | F102: 0 | H102: Valor com BDI => | J102: 0.55
G103: Quant. => | H103: 459,00 | I103: Preço Total => | J103: 252.45
A105: 3.2 | B105: Código | C105: Banco | D105: Descrição | E105: Tipo | G105: Und | H105: Quant. | I105: Valor Unit | J105: Total
A106: Composição | B106: 101136 | C106: SINAPI | D106: ESCAVAÇÃO HORIZONTAL, INCLUINDO CARGA, DESCARGA E TRANSPORTE EM SOLO DE 1A CATEGORIA COM TRATOR DE ESTEIRAS (170HP/LÂMINA: 5,20M3) E CAMINHÃO BASCULANTE DE 10M3, DMT ATÉ 200M. AF_07/2020 | E106: Escavação Horizontal | G106: m³ | H106: 1 | I106: 13.61 | J106: 13.61
A107: Composição Auxiliar | B107: 93589 | C107: SINAPI | D107: TRANSPORTE COM CAMINHÃO BASCULANTE DE 10 M³, EM VIA URBANA EM REVESTIMENTO PRIMÁRIO (UNIDADE: M3XKM). AF_07/2020 | E107: Transporte, Carga e Descarga de Materiais | G107: M3XKM | H107: 0.25 | I107: 2.75 | J107: 0.68
A108: Composição Auxiliar | B108: 5847 | C108: SINAPI | D108: TRATOR DE ESTEIRAS, POTÊNCIA 170 HP, PESO OPERACIONAL 19 T, CAÇAMBA 5,2 M3 - CHP DIURNO. AF_06/2014 | E108: Custos Horários Produtivo e Improdutivo dos Equipamentos | G108: CHP | H108: 0.0048 | I108: 269.22 | J108: 1.29
A109: Composição Auxiliar | B109: 100974 | C109: SINAPI | D109: CARGA, MANOBRA E DESCARGA DE SOLOS E MATERIAIS GRANULARES EM CAMINHÃO BASCULANTE 10 M³ - CARGA COM PÁ CARREGADEIRA (CAÇAMBA DE 1,7 A 2,8 M³ / 128 HP) E DESCARGA LIVRE (UNIDADE: M3). AF_07/2020 | E109: Transporte, Carga e Descarga de Materiais | G109: m³ | H109: 1.25 | I109: 8.52 | J109: 10.65
A110: Composição Auxiliar | B110: 5849 | C110: SINAPI | D110: TRATOR DE ESTEIRAS, POTÊNCIA 170 HP, PESO OPERACIONAL 19 T, CAÇAMBA 5,2 M3 - CHI DIURNO. AF_06/2014 | E110: Custos Horários Produtivo e Improdutivo dos Equipamentos | G110: CHI | H110: 0.0082 | I110: 86.19 | J110: 0.7
A111: Composição Auxiliar | B111: 88316 | C111: SINAPI | D111: SERVENTE COM ENCARGOS COMPLEMENTARES | E111: Livro SINAPI: Cálculos e Parâmetros | G111: H | H111: 0.0131 | I111: 22.42 | J111: 0.29
E112: MO sem LS => | F112: 1.94 | G112: LS => | H112: 0 | I112: MO com LS => | J112: 1.94
E113: Valor do BDI => | F113: 0 | H113: Valor com BDI => | J113: 13.61
G114: Quant. => | H114: 137,70 | I114: Preço Total => | J114: 1874.09
A116: 3.3 | B116: Código | C116: Banco | D116: Descrição | E116: Tipo | G116: Und | H116: Quant. | I116: Valor Unit | J116: Total
A117: Composição | B117: 105558 | C117: SINAPI | D117: EXECUÇÃO E COMPACTAÇÃO DE CAMADA FINAL DE ATERRO (100% DE ENERGIA DO PROCTOR NORMAL) COM SOLO PREDOMINANTEMENTE ARGILOSO, EM CAMADAS COM ESPESSURA DE 15 CM - EXCLUSIVE ESCAVAÇÃO, CARGA E TRANSPORTE E SOLO. AF_09/2024 | E117: Aterros, Bases, Sub bases e Imprimações | G117: m³ | H117: 1 | I117: 13.46 | J117: 13.46
A118: Composição Auxiliar | B118: 5901 | C118: SINAPI | D118: CAMINHÃO PIPA 10.000 L TRUCADO, PESO BRUTO TOTAL 23.000 KG, CARGA ÚTIL MÁXIMA 15.935 KG, DISTÂNCIA ENTRE EIXOS 4,8 M, POTÊNCIA 230 CV, INCLUSIVE TANQUE DE AÇO PARA TRANSPORTE DE ÁGUA - CHP DIURNO. AF_06/2014 | E118: Custos Horários Produtivo e Improdutivo dos Equipamentos | G118: CHP | H118: 0.004257 | I118: 321.02 | J118: 1.36
A119: Composição Auxiliar | B119: 5903 | C119: SINAPI | D119: CAMINHÃO PIPA 10.000 L TRUCADO, PESO BRUTO TOTAL 23.000 KG, CARGA ÚTIL MÁXIMA 15.935 KG, DISTÂNCIA ENTRE EIXOS 4,8 M, POTÊNCIA 230 CV, INCLUSIVE TANQUE DE AÇO PARA TRANSPORTE DE ÁGUA - CHI DIURNO. AF_06/2014 | E119: Custos Horários Produtivo e Improdutivo dos Equipamentos | G119: CHI | H119: 0.0358705 | I119: 77.44 | J119: 2.77
A120: Composição Auxiliar | B120: 5932 | C120: SINAPI | D120: MOTONIVELADORA POTÊNCIA BÁSICA LÍQUIDA (PRIMEIRA MARCHA) 125 HP, PESO BRUTO 13032 KG, LARGURA DA LÂMINA DE 3,7 M - CHP DIURNO. AF_06/2014 | E120: Custos Horários Produtivo e Improdutivo dos Equipamentos | G120: CHP | H120: 0.0045112 | I120: 257.14 | J120: 1.16
...

Sheet IV-MEMORIAL
A1: ='II-PO'!A1 -> GABINETES DOS VEREADORES DE ARAGARÇAS - GO
A9: OBRA: | B9: ='I-RESUMO'!$B$6 -> GABINETES DOS VEREADORES DE ARAGARÇAS - GO | K9: REFERÊNCIA: | L9: ='III-PA'!I10 -> SINAPI GO 9/2025
A10: LOCAL: | B10: ='I-RESUMO'!$B$7 -> Rua José de Barros Souza, 09. Setor Centro Administrativo, Aragarças-GO. | L10: ='III-PA'!I11 -> GOINFRA CIVIL (AGETOP) 8/2025
A11: DATA: | B11: =TODAY() -> 46071 | L11: ='III-PA'!I12 -> SICRO3 GO 7/2025
K12: ENCARGOS | L12: ='I-RESUMO'!$F$9 -> NÃO DESONERADO
K13: BDI CONSTRUÇÃO: | L13: ='I-RESUMO'!$F$10 -> 0.252
A15: =CAPA!A15 -> ANEXO IV - MEMORIAL DE CÁLCULO
A17: 1 | B17: ADMINISTRAÇÃO DE OBRAS
A19: 1.1 | B19: =VLOOKUP('IV-MEMORIAL'!A19,'II-PO'!$A$19:$M$295,5,0) -> ADMINISTRAÇÃO LOCAL DA OBRA | N19: =C21 -> 1
B21: Quantidade | C21: 1 | D21: UNID
A23: 2 | B23: SERVIÇOS PRELIMINARES E CANTEIROS DE OBRAS
A25: 2.1 | B25: =VLOOKUP('IV-MEMORIAL'!A25,'II-PO'!$A$19:$M$295,5,0) -> FORNECIMENTO E INSTALAÇÃO DE PLACA DE OBRA COM CHAPA GALVANIZADA E ESTRUTURA DE MADEIRA. AF_03/2022_PS | N25: =C30 -> 4.5
B27: Altura | C27: 1.5 | D27: m
B28: Largura | C28: 3 | D28: m
B30: Quantidade | C30: =C27*C28 -> 4.5 | D30: M2
A32: 2.2 | B32: =VLOOKUP('IV-MEMORIAL'!A32,'II-PO'!$A$19:$M$295,5,0) -> LOCAÇÃO DE CONTAINER COM REVESTIMENTO INTERNO, PARA ESCRITÓRIO SEM SANITÁRIOS 6,00 X 2,40 M, INCLUSIVE APARELHO DE AR CONDICIONADO E MOBILIÁRIO (EXCLUSO MOBILIZAÇÃO / DESMOBILIZAÇÃO) | N32: =C34 -> 5
B34: Quantidade | C34: 5 | D34: MÊS
A36: 2.3 | B36: =VLOOKUP('IV-MEMORIAL'!A36,'II-PO'!$A$19:$M$295,5,0) -> LOCAÇÃO DE CONTAINER SANITÁRIO MISTO 6,00 X 2,40 M, COM 3 VASOS, 6 CHUVEIROS, LAVATÓRIO E MICTÓRIO (EXCLUSO MOBILIZAÇÃO / DESMOBILIZAÇÃO) | N36: =C38 -> 5
B38: Quantidade | C38: 5 | D38: UNID
A40: 2.4 | B40: =VLOOKUP('IV-MEMORIAL'!A40,'II-PO'!$A$19:$M$295,5,0) -> LOCAÇÃO DE CONTAINER SEM REVESTIMENTO INTERNO PARA ALMOXARIFADO / DEPÓSITO 6,00 X 2,40 M, INCLUSIVE MOBILIÁRIO (EXCLUSO MOBILIZAÇÃO / DESMOBILIZAÇÃO) | N40: =C42 -> 5
B42: Quantidade | C42: 5 | D42: UNID
A44: 2.5 | B44: =VLOOKUP('IV-MEMORIAL'!A44,'II-PO'!$A$19:$M$295,5,0) -> CARGA, MANOBRA E DESCARGA DE CONTAINER | N44: =C53 -> 6
B46: Escritório | C46: 1
B47: Sanitário | C47: 1
B48: Almoxarifado | C48: 1
B50: Mobilização | C50: 1
B51: Desmobilização | C51: 1
B53: Quantidade | C53: =SUM(C46:C48)*SUM(C50:C51) -> 6 | D53: UNID
A55: 2.6 | B55: =VLOOKUP('IV-MEMORIAL'!A55,'II-PO'!$A$19:$M$295,5,0) -> LIMPEZA MECANIZADA DE CAMADA VEGETAL, VEGETAÇÃO E PEQUENAS ÁRVORES (DIÂMETRO DE TRONCO MENOR QUE 0,20 M), COM TRATOR DE ESTEIRAS. AF_03/2024 | N55: =C60 -> 459
B57: Largura (m) | C57: =0.15+1.45+13.8+1.45+0.15 -> 17
B58: Comprimento (m) | C58: 27
B60: Quantidade | C60: =TRUNC(C57*C58,2) -> 459 | D60: M²
A62: 2.7 | B62: =VLOOKUP('IV-MEMORIAL'!A62,'II-PO'!$A$19:$M$295,5,0) -> LOCAÇÃO CONVENCIONAL DE OBRA, UTILIZANDO GABARITO DE TÁBUAS CORRIDAS PONTALETADAS A CADA 2,00M - 2 UTILIZAÇÕES. AF_03/2024 | N62: =C67 -> 88
B64: Largura (m) | C64: =0.15+1.45+13.8+1.45+0.15 -> 17
B65: Comprimento (m) | C65: 27
B67: Quantidade | C67: =2*(C65+C64) -> 88 | D67: M
A69: 3 | B69: MOVIMENTAÇÃO DE TERRA
A71: 3.1 | B71: =VLOOKUP('IV-MEMORIAL'!A71,'II-PO'!$A$19:$M$295,5,0) -> REGULARIZAÇÃO DE SUPERFÍCIES COM MOTONIVELADORA. AF_09/2024 | N71: =C76 -> 459
B73: Largura (m) | C73: =0.15+1.45+13.8+1.45+0.15 -> 17
B74: Comprimento (m) | C74: 27
B76: Quantidade | C76: =C73*C74 -> 459 | D76: M²
A78: 3.2 | B78: =VLOOKUP('IV-MEMORIAL'!A78,'II-PO'!$A$19:$M$295,5,0) -> ESCAVAÇÃO HORIZONTAL, INCLUINDO CARGA, DESCARGA E TRANSPORTE EM SOLO DE 1A CATEGORIA COM TRATOR DE ESTEIRAS (170HP/LÂMINA: 5,20M3) E CAMINHÃO BASCULANTE DE 10M3, DMT ATÉ 200M. AF_07/2020 | N78: =C86 -> 137.7
B80: Escavação do solo para aterro.
B82: Largura (m) | C82: =0.15+1.45+13.8+1.45+0.15 -> 17
B83: Comprimento (m) | C83: 27
B84: Altura (m) | C84: 0.3
B86: Quantidade | C86: =C82*C83*C84 -> 137.7 | D86: M3
A88: 3.3 | B88: =VLOOKUP('IV-MEMORIAL'!A88,'II-PO'!$A$19:$M$295,5,0) -> EXECUÇÃO E COMPACTAÇÃO DE CAMADA FINAL DE ATERRO (100% DE ENERGIA DO PROCTOR NORMAL) COM SOLO PREDOMINANTEMENTE ARGILOSO, EM CAMADAS COM ESPESSURA DE 15 CM - EXCLUSIVE ESCAVAÇÃO, CARGA E TRANSPORTE E SOLO. AF_09/2024 | N88: =C92 -> 137.7
B90: Volume de aterro.
B92: Quantidade | C92: =C86 -> 137.7 | D92: M3
A94: 4 | B94: INFRAESTRUTURA
B96: Resumo | C96: Diâmetro (mm) | D96: Tipo de aço | E96: Comprimento (m) | F96: Massa linear (kg/m) | G96: Massa (kg)
B97: Estacas | C97: 6.3 | D97: =VLOOKUP(C97,$B$310:$C$314,2,0) -> CA-50 | E97: 148 | F97: =VLOOKUP(C97,$B$310:$D$314,3,0) -> 0.24470376 | G97: =TRUNC(E97*F97,2) -> 36.21
C98: 10 | D98: =VLOOKUP(C98,$B$310:$C$314,2,0) -> CA-50 | E98: 630 | F98: =VLOOKUP(C98,$B$310:$D$314,3,0) -> 0.61653756 | G98: =TRUNC(E98*F98,2) -> 388.41
B99: Blocos | C99: 6.3 | D99: =VLOOKUP(C99,$B$310:$C$314,2,0) -> CA-50 | E99: 267.1 | F99: =VLOOKUP(C99,$B$310:$D$314,3,0) -> 0.24470376 | G99: =TRUNC(E99*F99,2) -> 65.36
C100: 8 | D100: =VLOOKUP(C100,$B$310:$C$314,2,0) -> CA-50 | E100: 137.8 | F100: =VLOOKUP(C100,$B$310:$D$314,3,0) -> 0.39458404 | G100: =TRUNC(E100*F100,2) -> 54.37
B101: Vigas Baldrames | C101: 5 | D101: =VLOOKUP(C101,$B$310:$C$314,2,0) -> CA-60 | E101: 850 | F101: =VLOOKUP(C101,$B$310:$D$314,3,0) -> 0.15413439 | G101: =TRUNC(E101*F101,2) -> 131.01
C102: 8 | D102: =VLOOKUP(C102,$B$310:$C$314,2,0) -> CA-50 | E102: 457 | F102: =VLOOKUP(C102,$B$310:$D$314,3,0) -> 0.39458404 | G102: =TRUNC(E102*F102,2) -> 180.32
C103: 10 | D103: =VLOOKUP(C103,$B$310:$C$314,2,0) -> CA-50 | E103: 197 | F103: =VLOOKUP(C103,$B$310:$D$314,3,0) -> 0.61653756 | G103: =TRUNC(E103*F103,2) -> 121.45
G104: =SUM(G97:G103) -> 977.13
B105: Diâmetro (mm) | C105: Tipo de aço | D105: Massa linear (kg/m) | E105: Massa (kg) | G105: =G104=E111 -> TRUE
B106: 5 | C106: CA-60 | D106: =7850*((5/1000)^2)*0.25*PI() -> 0.15413439 | E106: =SUMIF($C$97:$C$103,B106,$G$97:$G$103) -> 131.01
B107: 6.3 | C107: CA-50 | D107: =7850*((6.3/1000)^2)*0.25*PI() -> 0.24470376 | E107: =SUMIF($C$97:$C$103,B107,$G$97:$G$103) -> 101.57
B108: 8 | C108: CA-50 | D108: =7850*((8/1000)^2)*0.25*PI() -> 0.39458404 | E108: =SUMIF($C$97:$C$103,B108,$G$97:$G$103) -> 234.69
B109: 10 | C109: CA-50 | D109: =7850*((10/1000)^2)*0.25*PI() -> 0.61653756 | E109: =SUMIF($C$97:$C$103,B109,$G$97:$G$103) -> 509.86
B110: 12.5 | C110: CA-50 | D110: =7850*((12.5/1000)^2)*0.25*PI() -> 0.96333993 | E110: =SUMIF($C$97:$C$103,B110,$G$97:$G$103) -> 0
E111: =SUM(E106:E110) -> 977.13
B112: Resumo | C112: Concreto (m²) | D112: Fck (MPa) | E112: Forma (m²)
B113: Estacas | C113: 9 | D113: C-25 | E113: 0
B114: Blocos | C114: 7.9 | D114: C-25 | E114: 56
B115: Vigas Baldrames | C115: 11.05 | D115: C-25 | E115: 145
B117: Estaca | C117: Diâmetro (cm) | D117: Comprimento unitário (m) | E117: Quantidade | F117: Total (m)
B118: Estaca tipo 1 | C118: 30 | D118: 6 | E118: 42 | F118: =D118*E118 -> 252
A120: 4.1 | B120: ESTACA
B122: Resumo | C122: Diâmetro (mm) | D122: Tipo de aço | E122: Comprimento (m) | F122: Massa linear (kg/m) | G122: Massa (kg)
B123: Estacas | C123: 6.3 | D123: =VLOOKUP(C123,$B$310:$C$314,2,0) -> CA-50 | E123: 148 | F123: =VLOOKUP(C123,$B$310:$D$314,3,0) -> 0.24470376 | G123: =TRUNC(E123*F123,2) -> 36.21
C124: 10 | D124: =VLOOKUP(C124,$B$310:$C$314,2,0) -> CA-50 | E124: 630 | F124: =VLOOKUP(C124,$B$310:$D$314,3,0) -> 0.61653756 | G124: =TRUNC(E124*F124,2) -> 388.41
B126: Estaca | C126: Diâmetro (cm) | D126: Comprimento unitário (m) | E126: Quantidade | F126: Total (m)
B127: Estaca tipo 1 | C127: 30 | D127: 6 | E127: 42 | F127: =D127*E127 -> 252
A129: 4.1.1 | B129: =VLOOKUP('IV-MEMORIAL'!A129,'II-PO'!$A$19:$M$295,5,0) -> MONTAGEM DE ARMADURA TRANSVERSAL DE ESTACAS DE SEÇÃO CIRCULAR, DIÂMETRO = 6,30 MM. AF_09/2021_PS | N129: =C131 -> 36.21
B131: Quantidade | C131: =G123 -> 36.21 | D131: KG
A133: 4.1.2 | B133: =VLOOKUP('IV-MEMORIAL'!A133,'II-PO'!$A$19:$M$295,5,0) -> MONTAGEM DE ARMADURA DE ESTACAS, DIÂMETRO = 10,0 MM. AF_09/2021_PS | N133: =C135 -> 388.41
B135: Quantidade | C135: =G124 -> 388.41 | D135: KG
A137: 4.1.3 | B137: =VLOOKUP('IV-MEMORIAL'!A137,'II-PO'!$A$19:$M$295,5,0) -> ESTACA BROCA DE CONCRETO, DIÂMETRO DE 30CM, ESCAVAÇÃO MANUAL COM TRADO CONCHA, SEM ARMADURA DE ARRANQUE. AF_05/2020 (REF.: SINAPI 101175) | N137: =C139 -> 252
B139: Quantidade | C139: =F127 -> 252 | D139: M
A141: 4.2 | B141: BLOCO
B143: Blocos | C143: 6.3 | D143: =VLOOKUP(C143,$B$310:$C$314,2,0) -> CA-50 | E143: 267.1 | F143: =VLOOKUP(C143,$B$310:$D$314,3,0) -> 0.24470376 | G143: =TRUNC(E143*F143,2) -> 65.36
C144: 8 | D144: =VLOOKUP(C144,$B$310:$C$314,2,0) -> CA-50 | E144: 137.8 | F144: =VLOOKUP(C144,$B$310:$D$314,3,0) -> 0.39458404 | G144: =TRUNC(E144*F144,2) -> 54.37
B146: Resumo | C146: Concreto (m²) | D146: Fck (MPa) | E146: Forma (m²)
B147: Blocos | C147: 7.9 | D147: C-25 | E147: 56
A149: 4.2.1 | B149: =VLOOKUP('IV-MEMORIAL'!A149,'II-PO'!$A$19:$M$295,5,0) -> ARMAÇÃO DE BLOCO UTILIZANDO AÇO CA-50 DE 6,3 MM - MONTAGEM. AF_01/2024 | N149: =C151 -> 65.36
B151: Quantidade | C151: =G143 -> 65.36 | D151: KG
A153: 4.2.2 | B153: =VLOOKUP('IV-MEMORIAL'!A153,'II-PO'!$A$19:$M$295,5,0) -> ARMAÇÃO DE BLOCO UTILIZANDO AÇO CA-50 DE 10 MM - MONTAGEM. AF_01/2024 | N153: =C155 -> 54.37
B155: Quantidade | C155: =G144 -> 54.37 | D155: KG
A157: 4.2.3 | B157: =VLOOKUP('IV-MEMORIAL'!A157,'II-PO'!$A$19:$M$295,5,0) -> CONCRETO FCK = 25MPA, TRAÇO 1:2,3:2,7 (EM MASSA SECA DE CIMENTO/ AREIA MÉDIA/ BRITA 1) - PREPARO MECÂNICO COM BETONEIRA 600 L. AF_05/2021 | N157: =C159 -> 7.9
B159: Quantidade | C159: =C147 -> 7.9 | D159: M³
A161: 4.2.4 | B161: =VLOOKUP('IV-MEMORIAL'!A161,'II-PO'!$A$19:$M$295,5,0) -> LANÇAMENTO COM USO DE BALDES, ADENSAMENTO E ACABAMENTO DE CONCRETO EM ESTRUTURAS. AF_02/2022 | N161: =C163 -> 7.9
B163: Quantidade | C163: =C147 -> 7.9 | D163: M³
A165: 4.2.5 | B165: =VLOOKUP('IV-MEMORIAL'!A165,'II-PO'!$A$19:$M$295,5,0) -> ESCAVAÇÃO MECANIZADA PARA BLOCO DE COROAMENTO OU SAPATA COM RETROESCAVADEIRA (INCLUINDO ESCAVAÇÃO PARA COLOCAÇÃO DE FÔRMAS). AF_01/2024 | N165: =C170 -> 33.26
B167: Largura (m) | C167: Comprimento (m) | D167: Incremento em cada direção (m) | E167: Altura (m) | F167: Volume unitário(m³) | G167: Quantidade | H167: Volume total (m³)
...

Sheet V-COMPOSIÇÕES PRÓPRIAS
A1: ='III-PA'!A1 -> GABINETES DOS VEREADORES DE ARAGARÇAS - GO
A10: OBRA: | B10: ='I-RESUMO'!$B$6 -> GABINETES DOS VEREADORES DE ARAGARÇAS - GO | I10: REFERÊNCIA: | J10: ='IV-MEMORIAL'!L9 -> SINAPI GO 9/2025 | M10: =COUNTIF($M$17:$M$69,L10) -> 0
A11: LOCAL: | B11: ='I-RESUMO'!$B$7 -> Rua José de Barros Souza, 09. Setor Centro Administrativo, Aragarças-GO. | J11: ='IV-MEMORIAL'!L10 -> GOINFRA CIVIL (AGETOP) 8/2025
A12: DATA: | B12: =TODAY() -> 46071 | J12: ='IV-MEMORIAL'!L11 -> SICRO3 GO 7/2025 | M12: =COUNTIF($M$17:$M$69,L12) -> 0
I13: ENCARGOS | J13: ='I-RESUMO'!$F$9 -> NÃO DESONERADO | M13: =M10+M12 -> 0
I14: BDI CONSTRUÇÃO: | J14: ='I-RESUMO'!$F$10 -> 0.252
A16: =CAPA!A16 -> ANEXO V - COMPOSIÇÕES PRÓPRIAS
A17: 1.1 | E17: ADMINISTRAÇÃO E CONTROLE | H17: %CT | I17: 1 | K17: =SUM(K18:K19) -> 66474.15 | L17: =VLOOKUP(A17,'II-PO'!$A$19:$M$295,9,0) -> 66474.15 | M17: =L17=K17 -> TRUE
B18: Composição | C18: SINAPI | D18: 100306 | E18: ENGENHEIRO CIVIL PLENO COM ENCARGOS COMPLEMENTARES | F18: SEDI - SERVICOS DIVERSOS | H18: H | I18: =F22 -> 165 | J18: 133.2 | K18: =TRUNC(I18*J18,2) -> 21978
B19: Composição | C19: SINAPI | D19: 94295 | E19: ENCARREGADO GERAL DE OBRAS COM ENCARGOS COMPLEMENTARES | F19: SEDI - SERVICOS DIVERSOS | H19: MÊS | I19: 5 | J19: 8899.23 | K19: =TRUNC(I19*J19,2) -> 44496.15
B21: ENGENHEIRO | C21: MESES | D21: (DIAS ÚTEIS)/MÊS | E21: HORAS/DIA | F21: HORAS TOTAIS
C22: 5 | D22: 22 | E22: 1.5 | F22: =C22*D22*E22 -> 165
A24: 4.1.3 | E24: ESTACA BROCA DE CONCRETO, DIÂMETRO DE 30CM, ESCAVAÇÃO MANUAL COM TRADO CONCHA, SEM ARMADURA DE ARRANQUE. AF_05/2020 (REF.: SINAPI 101175) | H24: M | I24: 1 | K24: =SUM(K25:K27) -> 110.56 | L24: =VLOOKUP(A24,'II-PO'!$A$19:$M$295,9,0) -> 110.56 | M24: =L24=K24 -> TRUE
B25: Composição | C25: SINAPI | D25: 94971 | E25: CONCRETO FCK = 25MPA, TRAÇO 1:2,3:2,7 (EM MASSA SECA DE CIMENTO/ AREIA MÉDIA/ BRITA 1) - PREPARO MECÂNICO COM BETONEIRA 600 L. AF_05/2021 | H25: M3 | I25: 0.086 | J25: 526.74 | K25: =TRUNC(I25*J25,2) -> 45.29
B26: Composição | C26: SINAPI | D26: 88309 | E26: PEDREIRO COM ENCARGOS COMPLEMENTARES | H26: H | I26: 1.103 | J26: 32.15 | K26: =TRUNC(I26*J26,2) -> 35.46
B27: Composição | C27: SINAPI | D27: 88316 | E27: SERVENTE COM ENCARGOS COMPLEMENTARES | H27: H | I27: 1.33 | J27: 22.42 | K27: =TRUNC(I27*J27,2) -> 29.81
B29: COMPOSIÇÃO MÃE
B30: ESTACA BROCA DE CONCRETO, DIÂMETRO DE 30CM, ESCAVAÇÃO MANUAL COM TRADO CONCHA, COM ARMADURA DE ARRANQUE. AF_05/2020
B31: Banco | C31: Tipo | D31: Código | E31: Descrição | F31: Unidade | G31: Quant. | H31: Custo Unit. | I31: Custo Total
B32: SINAPI | C32: Composição | D32: 94970 | E32: CONCRETO FCK = 20MPA, TRAÇO 1:2,7:3 (EM MASSA SECA DE CIMENTO/ AREIA MÉDIA/ BRITA 1) - PREPARO MECÂNICO COM BETONEIRA 600 L. AF_05/2021 | F32: M3 | G32: 0.086 | H32: 503.29 | I32: 43.28
B33: SINAPI | C33: Composição | D33: 92804 | E33: CORTE E DOBRA DE AÇO CA-50, DIÂMETRO DE 12,5 MM. AF_06/2022 | F33: KG | G33: 2.123 | H33: 6.59 | I33: 13.99
B34: SINAPI | C34: Composição | D34: 88316 | E34: SERVENTE COM ENCARGOS COMPLEMENTARES | F34: H | G34: 1.33 | H34: 22.42 | I34: 29.81
B35: SINAPI | C35: Composição | D35: 88309 | E35: PEDREIRO COM ENCARGOS COMPLEMENTARES | F35: H | G35: 1.103 | H35: 33.15 | I35: 35.46
B37: *Composição modificada para composição que se adeque ao FCK pedido.
B38: **Composição será adicionada em composições a parte, dessa forma, será retirada.
A40: 15.1 | E40: PAINEL EM ACM - ESTRUTURADO (FACHADAS) (REF.: SEDOP 061458) | H40: M2 | I40: 1 | K40: =SUM(K41:K45) -> 413.79 | L40: =VLOOKUP(A40,'II-PO'!$A$19:$M$295,9,0) -> 413.79 | M40: =L40=K40 -> TRUE
B41: Composição | C41: SINAPI | D41: 2692 | E41: AJUDANTE DE ESTRUTURA METÁLICA COM ENCARGOS COMPLEMENTARES | H41: H | I41: 4 | J41: 21.52 | K41: =TRUNC(I41*J41,2) -> 86.08
B42: Composição | C42: SINAPI | D42: 5069 | E42: MONTADOR DE ESTRUTURAS METÁLICAS COM ENCARGOS COMPLEMENTARES | H42: H | I42: 4 | J42: 23.81 | K42: =TRUNC(I42*J42,2) -> 95.24
B43: Insumo | C43: SICRO3 | D43: 97738 | E43: Chapa de alumínio composto (ACM) - E = 3,0 mm | H43: M2 | I43: 1 | J43: 145.1 | K43: =TRUNC(I43*J43,2) -> 145.1
B44: Insumo | C44: AGETOP-CIVIL | D44: 1326 | E44: ESTRUTURA METALICA MR250 / ASTM A36 - COTAÇÃO (FABRICAÇÃO E MONTAGEM) | H44: KG | I44: =ROUND(C68,4) -> 5.1516 | J44: 16.15 | K44: =TRUNC(I44*J44,2) -> 83.19
B45: Insumo | C45: SEDOP | D45: A00098 | E45: Acessórios p/ fixação de painéis | H45: CJ | I45: 1 | J45: 4.18 | K45: =TRUNC(I45*J45,2) -> 4.18
B47: COMPOSIÇÃO MÃE
B48: Painel em ACM - Estruturado (fachadas)
B49: Banco | C49: Tipo | D49: Código | E49: Descrição | F49: Unidade | G49: Quant. | H49: Custo Unit. | I49: Custo Total
B50: SEDOP | C50: Composição | D50: 280020 | E50: MONTADOR COM ENCARGOS COMPLEMENTARES | F50: H | G50: 4 | H50: 29.35 | I50: 117.4
B51: SEDOP | C51: Composição | D51: 280003 | E51: AJUDANTE DE MONTADOR COM ENCARGOS COMPLEMENTARES | F51: H | G51: 4 | H51: 23.63 | I51: 94.52
B52: SEDOP | C52: Insumo | D52: A00098 | E52: Acessórios p/ fixação de painéis | F52: CJ | G52: 1 | H52: 4.18 | I52: 4.18
B53: SEDOP | C53: Insumo | D53: A00097 | E53: Estrutura em metal p/ painéis de fachada | F53: M2 | G53: 1 | H53: 72.72 | I53: 79.72
B54: SEDOP | C54: Insumo | D54: A00096 | E54: Painel em ACM de 4mm | F54: M2 | G54: 1 | H54: 288 | I54: 288
B56: *Insumos e composições atualizados para bancos válidos no local.
B57: **Insumo recalculado.
B59: Espessura chapa | C59: 3.75 | D59: mm
B60: Largura=comprimento | C60: 30 | D60: mm
B61: Área | C61: =C60*C60-(C60-C59*2)*(C60-C59*2) -> 393.75 | D61: mm²
B62: Massa linear | C62: =C61/1000^2*7850 -> 3.0909375 | D62: kg/m
B64: Espaçamento | C64: 0.6 | D64: m
B66: Quantidade por metro | C66: =1/C64 -> 1.6666667 | D66: m
B68: Massa por m² | C68: =C66*C62 -> 5.1515625 | D68: kg/m²
A70: 15.2 | E70: LETRAS EM ACM (REF.: SEDOP 061458) | H70: M2 | I70: 1 | K70: =SUM(K71:K74) -> 330.6 | L70: =VLOOKUP(A70,'II-PO'!$A$19:$M$295,9,0) -> 330.6 | M70: =L70=K70 -> TRUE
B71: Composição | C71: SINAPI | D71: 2692 | E71: AJUDANTE DE ESTRUTURA METÁLICA COM ENCARGOS COMPLEMENTARES | H71: H | I71: 4 | J71: 21.52 | K71: =TRUNC(I71*J71,2) -> 86.08
B72: Composição | C72: SINAPI | D72: 5069 | E72: MONTADOR DE ESTRUTURAS METÁLICAS COM ENCARGOS COMPLEMENTARES | H72: H | I72: 4 | J72: 23.81 | K72: =TRUNC(I72*J72,2) -> 95.24
B73: Insumo | C73: SICRO3 | D73: 97738 | E73: Chapa de alumínio composto (ACM) - E = 3,0 mm | H73: M2 | I73: 1 | J73: 145.1 | K73: =TRUNC(I73*J73,2) -> 145.1
B74: Insumo | C74: SEDOP | D74: A00098 | E74: Acessórios p/ fixação de painéis | H74: CJ | I74: 1 | J74: 4.18 | K74: =TRUNC(I74*J74,2) -> 4.18
B76: COMPOSIÇÃO MÃE
B77: Painel em ACM - Estruturado (fachadas)
B78: Banco | C78: Tipo | D78: Código | E78: Descrição | F78: Unidade | G78: Quant. | H78: Custo Unit. | I78: Custo Total
B79: SEDOP | C79: Composição | D79: 280020 | E79: MONTADOR COM ENCARGOS COMPLEMENTARES | F79: H | G79: 4 | H79: 29.35 | I79: 117.4
B80: SEDOP | C80: Composição | D80: 280003 | E80: AJUDANTE DE MONTADOR COM ENCARGOS COMPLEMENTARES | F80: H | G80: 4 | H80: 23.63 | I80: 94.52
B81: SEDOP | C81: Insumo | D81: A00098 | E81: Acessórios p/ fixação de painéis | F81: CJ | G81: 1 | H81: 4.18 | I81: 4.18
B82: SEDOP | C82: Insumo | D82: A00097 | E82: Estrutura em metal p/ painéis de fachada | F82: M2 | G82: 1 | H82: 72.72 | I82: 79.72
B83: SEDOP | C83: Insumo | D83: A00096 | E83: Painel em ACM de 4mm | F83: M2 | G83: 1 | H83: 288 | I83: 288
B85: *Insumos e composições atualizados para bancos válidos no local.
B86: **Insumo retirado devido a não ter estrutura.
B88: Espessura chapa | C88: 3.75 | D88: mm
B89: Largura=comprimento | C89: 30 | D89: mm
B90: Área | C90: =C89*C89-(C89-C88*2)*(C89-C88*2) -> 393.75 | D90: mm²
B91: Massa linear | C91: =C90/1000^2*7850 -> 3.0909375 | D91: kg/m
B93: Espaçamento | C93: 0.6 | D93: m
B95: Quantidade por metro | C95: =1/C93 -> 1.6666667 | D95: m
B97: Massa por m² | C97: =C95*C91 -> 5.1515625 | D97: kg/m²
J108: Aragarças GO, 24 de novembro de 2025

Sheet VII-CURVA ABC
A1: ='VI-BDI CONSTRUÇÃO'!A1 -> GABINETES DOS VEREADORES DE ARAGARÇAS - GO | S1: Desonerado
S2: Não desonerado
A10: OBRA: | B10: ='I-RESUMO'!$B$6 -> GABINETES DOS VEREADORES DE ARAGARÇAS - GO | F10: REFERÊNCIA: | G10: ='VI-BDI CONSTRUÇÃO'!M10 -> SINAPI GO 9/2025
A11: LOCAL: | B11: ='I-RESUMO'!$B$7 -> Rua José de Barros Souza, 09. Setor Centro Administrativo, Aragarças-GO. | G11: ='VI-BDI CONSTRUÇÃO'!M11 -> GOINFRA CIVIL (AGETOP) 8/2025
A12: DATA: | B12: =TODAY() -> 46071 | G12: ='VI-BDI CONSTRUÇÃO'!M12 -> SICRO3 GO 7/2025
F13: ENCARGOS | G13: ='I-RESUMO'!$F$9 -> NÃO DESONERADO
F14: BDI CONSTRUÇÃO: | G14: ='I-RESUMO'!$F$10 -> 0.252
A16: =CAPA!A18 -> ANEXO VII - CURVA ABC
A17: Serviço | B17: Descrição | C17: Total sem BDI | D17: Parcela do BDI | E17: Total c/ BDI | F17: % DO TOTAL | G17: % ACUMULADO | H17: CLASSIFICAÇÃO
A18: 11.1 | B18: =VLOOKUP(A18,'II-PO'!$A$18:$M$295,5,0) -> TELHAMENTO COM TELHA METÁLICA TERMOACÚSTICA E = 30 MM, COM ATÉ 2 ÁGUAS, INCLUSO IÇAMENTO. AF_07/2019 | C18: =VLOOKUP(A18,'II-PO'!$A$18:$M$295,11,0) -> 70080.4 | D18: =VLOOKUP(A18,'II-PO'!$A$18:$M$295,12,0) -> 17659.41 | E18: =VLOOKUP(A18,'II-PO'!$A$18:$M$295,13,0) -> 87739.81 | F18: =E18/$H$257 -> 0.072869986 | G18: =F18 -> 0.072869986 | H18: =IF(G18<=70%,"A",IF(G18<=90%,"B","C")) -> A
A19: 1.1 | B19: =VLOOKUP(A19,'II-PO'!$A$18:$M$295,5,0) -> ADMINISTRAÇÃO LOCAL DA OBRA | C19: =VLOOKUP(A19,'II-PO'!$A$18:$M$295,11,0) -> 66474.15 | D19: =VLOOKUP(A19,'II-PO'!$A$18:$M$295,12,0) -> 16751.48 | E19: =VLOOKUP(A19,'II-PO'!$A$18:$M$295,13,0) -> 83225.63 | F19: =E19/$H$257 -> 0.069120852 | G19: =G18+F19 -> 0.14199084 | H19: =IF(G19<=70%,"A",IF(G19<=90%,"B","C")) -> A
A20: 5.3.1 | B20: =VLOOKUP(A20,'II-PO'!$A$18:$M$295,5,0) -> LAJE PRÉ-MOLDADA UNIDIRECIONAL, BIAPOIADA, PARA FORRO, ENCHIMENTO EM EPS, VIGOTA TRELIÇADA, ALTURA TOTAL DA LAJE "LT" = 12 CM (ENCHIMENTO+CAPA) = (8+4). AF_08/2025 | C20: =VLOOKUP(A20,'II-PO'!$A$18:$M$295,11,0) -> 60436.05 | D20: =VLOOKUP(A20,'II-PO'!$A$18:$M$295,12,0) -> 15228.68 | E20: =VLOOKUP(A20,'II-PO'!$A$18:$M$295,13,0) -> 75664.73 | F20: =E20/$H$257 -> 0.062841346 | G20: =G19+F20 -> 0.20483218 | H20: =IF(G20<=70%,"A",IF(G20<=90%,"B","C")) -> A
A21: 15.1 | B21: =VLOOKUP(A21,'II-PO'!$A$18:$M$295,5,0) -> PAINEL EM ACM - ESTRUTURADO (FACHADAS) (REF.: SEDOP 061458) | C21: =VLOOKUP(A21,'II-PO'!$A$18:$M$295,11,0) -> 49369.28 | D21: =VLOOKUP(A21,'II-PO'!$A$18:$M$295,12,0) -> 12440.45 | E21: =VLOOKUP(A21,'II-PO'!$A$18:$M$295,13,0) -> 61809.73 | F21: =E21/$H$257 -> 0.051334441 | G21: =G20+F21 -> 0.25616663 | H21: =IF(G21<=70%,"A",IF(G21<=90%,"B","C")) -> A
A22: 7.7 | B22: =VLOOKUP(A22,'II-PO'!$A$18:$M$295,5,0) -> REVESTIMENTO CERÂMICO PARA PISO COM PLACAS TIPO PORCELANATO DE DIMENSÕES 60X60 CM APLICADA EM AMBIENTES DE ÁREA MAIOR QUE 10 M². AF_02/2023_PE | C22: =VLOOKUP(A22,'II-PO'!$A$18:$M$295,11,0) -> 47538.81 | D22: =VLOOKUP(A22,'II-PO'!$A$18:$M$295,12,0) -> 11979.18 | E22: =VLOOKUP(A22,'II-PO'!$A$18:$M$295,13,0) -> 59517.99 | F22: =E22/$H$257 -> 0.049431097 | G22: =G21+F22 -> 0.30559772 | H22: =IF(G22<=70%,"A",IF(G22<=90%,"B","C")) -> A
A23: 6.1 | B23: =VLOOKUP(A23,'II-PO'!$A$18:$M$295,5,0) -> ALVENARIA DE VEDAÇÃO DE BLOCOS CERÂMICOS FURADOS NA HORIZONTAL DE 9X19X29 CM (ESPESSURA 9 CM) E ARGAMASSA DE ASSENTAMENTO COM PREPARO EM BETONEIRA. AF_12/2021 | C23: =VLOOKUP(A23,'II-PO'!$A$18:$M$295,11,0) -> 42011.85 | D23: =VLOOKUP(A23,'II-PO'!$A$18:$M$295,12,0) -> 10586.74 | E23: =VLOOKUP(A23,'II-PO'!$A$18:$M$295,13,0) -> 52598.59 | F23: =E23/$H$257 -> 0.043684372 | G23: =G22+F23 -> 0.34928209 | H23: =IF(G23<=70%,"A",IF(G23<=90%,"B","C")) -> A
A24: 11.4 | B24: =VLOOKUP(A24,'II-PO'!$A$18:$M$295,5,0) -> FABRICAÇÃO E INSTALAÇÃO DE MEIA TESOURA DE MADEIRA NÃO APARELHADA, COM VÃO DE 12 M, PARA TELHA ONDULADA DE FIBROCIMENTO, ALUMÍNIO, PLÁSTICA OU TERMOACÚSTICA, INCLUSO IÇAMENTO. AF_07/2019 | C24: =VLOOKUP(A24,'II-PO'!$A$18:$M$295,11,0) -> 38838.67 | D24: =VLOOKUP(A24,'II-PO'!$A$18:$M$295,12,0) -> 9787.31 | E24: =VLOOKUP(A24,'II-PO'!$A$18:$M$295,13,0) -> 48625.98 | F24: =E24/$H$257 -> 0.040385025 | G24: =G23+F24 -> 0.38966712 | H24: =IF(G24<=70%,"A",IF(G24<=90%,"B","C")) -> A
A25: 12.1 | B25: =VLOOKUP(A25,'II-PO'!$A$18:$M$295,5,0) -> FORRO EM DRYWALL, PARA AMBIENTES COMERCIAIS, INCLUSIVE ESTRUTURA BIRECIONAL DE FIXAÇÃO. AF_08/2023_PS | C25: =VLOOKUP(A25,'II-PO'!$A$18:$M$295,11,0) -> 31502.21 | D25: =VLOOKUP(A25,'II-PO'!$A$18:$M$295,12,0) -> 7935.33 | E25: =VLOOKUP(A25,'II-PO'!$A$18:$M$295,13,0) -> 39437.54 | F25: =E25/$H$257 -> 0.032753809 | G25: =G24+F25 -> 0.42242093 | H25: =IF(G25<=70%,"A",IF(G25<=90%,"B","C")) -> A
A26: 4.1.3 | B26: =VLOOKUP(A26,'II-PO'!$A$18:$M$295,5,0) -> ESTACA BROCA DE CONCRETO, DIÂMETRO DE 30CM, ESCAVAÇÃO MANUAL COM TRADO CONCHA, SEM ARMADURA DE ARRANQUE. AF_05/2020 (REF.: SINAPI 101175) | C26: =VLOOKUP(A26,'II-PO'!$A$18:$M$295,11,0) -> 27861.12 | D26: =VLOOKUP(A26,'II-PO'!$A$18:$M$295,12,0) -> 7020.72 | E26: =VLOOKUP(A26,'II-PO'!$A$18:$M$295,13,0) -> 34881.84 | F26: =E26/$H$257 -> 0.028970192 | G26: =G25+F26 -> 0.45139112 | H26: =IF(G26<=70%,"A",IF(G26<=90%,"B","C")) -> A
A27: 10.3 | B27: =VLOOKUP(A27,'II-PO'!$A$18:$M$295,5,0) -> EMASSAMENTO COM MASSA LÁTEX, APLICAÇÃO EM PAREDE, DUAS DEMÃOS, LIXAMENTO MANUAL. AF_04/2023 | C27: =VLOOKUP(A27,'II-PO'!$A$18:$M$295,11,0) -> 26466.37 | D27: =VLOOKUP(A27,'II-PO'!$A$18:$M$295,12,0) -> 6659.66 | E27: =VLOOKUP(A27,'II-PO'!$A$18:$M$295,13,0) -> 33126.03 | F27: =E27/$H$257 -> 0.027511951 | G27: =G26+F27 -> 0.47890307 | H27: =IF(G27<=70%,"A",IF(G27<=90%,"B","C")) -> A
A28: 7.4 | B28: =VLOOKUP(A28,'II-PO'!$A$18:$M$295,5,0) -> PISO CIMENTADO, TRAÇO 1:3 (CIMENTO E AREIA), ACABAMENTO LISO, ESPESSURA 4,0 CM, PREPARO MECÂNICO DA ARGAMASSA. AF_09/2020 | C28: =VLOOKUP(A28,'II-PO'!$A$18:$M$295,11,0) -> 25838.54 | D28: =VLOOKUP(A28,'II-PO'!$A$18:$M$295,12,0) -> 6509.46 | E28: =VLOOKUP(A28,'II-PO'!$A$18:$M$295,13,0) -> 32348 | F28: =E28/$H$257 -> 0.026865778 | G28: =G27+F28 -> 0.50576885 | H28: =IF(G28<=70%,"A",IF(G28<=90%,"B","C")) -> A
A29: 6.9 | B29: =VLOOKUP(A29,'II-PO'!$A$18:$M$295,5,0) -> EMBOÇO, EM ARGAMASSA TRAÇO 1:2:8, PREPARO MECÂNICO, APLICADO MANUALMENTE EM PAREDES INTERNAS DE AMBIENTES COM ÁREA MAIOR QUE 10M², E = 17,5MM, COM TALISCAS. AF_03/2024 | C29: =VLOOKUP(A29,'II-PO'!$A$18:$M$295,11,0) -> 25835.97 | D29: =VLOOKUP(A29,'II-PO'!$A$18:$M$295,12,0) -> 6503.56 | E29: =VLOOKUP(A29,'II-PO'!$A$18:$M$295,13,0) -> 32339.53 | F29: =E29/$H$257 -> 0.026858744 | G29: =G28+F29 -> 0.53262759 | H29: =IF(G29<=70%,"A",IF(G29<=90%,"B","C")) -> A
A30: 5.2.7 | B30: =VLOOKUP(A30,'II-PO'!$A$18:$M$295,5,0) -> MONTAGEM E DESMONTAGEM DE FÔRMA DE VIGA, ESCORAMENTO COM GARFO DE MADEIRA, PÉ-DIREITO SIMPLES, EM CHAPA DE MADEIRA PLASTIFICADA, 18 UTILIZAÇÕES. AF_09/2020 | C30: =VLOOKUP(A30,'II-PO'!$A$18:$M$295,11,0) -> 22752.16 | D30: =VLOOKUP(A30,'II-PO'!$A$18:$M$295,12,0) -> 5733.51 | E30: =VLOOKUP(A30,'II-PO'!$A$18:$M$295,13,0) -> 28485.67 | F30: =E30/$H$257 -> 0.023658022 | G30: =G29+F30 -> 0.55628562 | H30: =IF(G30<=70%,"A",IF(G30<=90%,"B","C")) -> A
... A253: 13.9.1 | B253: =VLOOKUP(A253,'II-PO'!$A$18:$M$295,5,0) -> CURVA 90 GRAUS, PVC, SOLDÁVEL, DN 25MM, INSTALADO EM PRUMADA DE ÁGUA - FORNECIMENTO E INSTALAÇÃO. AF_06/2022 | C253: =VLOOKUP(A253,'II-PO'!$A$18:$M$295,11,0) -> 8.26 | D253: =VLOOKUP(A253,'II-PO'!$A$18:$M$295,12,0) -> 2.08 | E253: =VLOOKUP(A253,'II-PO'!$A$18:$M$295,13,0) -> 10.34 | F253: =E253/$H$257 -> 8.5876143e-06 | G253: =G252+F253 -> 1 | H253: =IF(G253<=70%,"A",IF(G253<=90%,"B","C")) -> C
A255: TOTAL SEM BDI | H255: =SUM($C$18:$C$253) -> 961827.9
A256: PARCELA REFERENTE AO BDI | H256: =SUM($D$18:$D$253) -> 242231.76
A257: TOTAL COM BDI | H257: =SUM($E$18:$E$253) -> 1204059.7
A259: QUANTIDADE DE ITENS | D259: =SUM(D260:D262) -> 236
A260: ITENS | B260: CLASSE A | C260: 0% - 70% | D260: =COUNTIF($H$18:$H$253,"A") -> 22
B261: CLASSE B | C261: 70% - 90% | D261: =COUNTIF($H$18:$H$253,"B") -> 34
B262: CLASSE C | C262: 90% - 100% | D262: =COUNTIF($H$18:$H$253,"C") -> 180
G273: Aragarças GO, 24 de novembro de 2025

Sheet VI-BDI CONSTRUÇÃO
A1: ='V-COMPOSIÇÕES PRÓPRIAS'!A1 -> GABINETES DOS VEREADORES DE ARAGARÇAS - GO | T1: ALTERNATIVAS | V1: SELECIONADO | W1: 2
T2: 1 | U2: COM DESONERAÇÃO
T3: 2 | U3: SEM DESONERAÇÃO
O9: LIMITES DE BDI | T9: OBRA TIPO | V9: SELECIONADO | W9: 1
A10: OBRA: | B10: ='I-RESUMO'!B6 -> GABINETES DOS VEREADORES DE ARAGARÇAS - GO | L10: REFERÊNCIA: | M10: ='V-COMPOSIÇÕES PRÓPRIAS'!J10 -> SINAPI GO 9/2025 | O10: Alternativa | R10: =W1 -> 2 | T10: 1 | U10: Construção de edifícios. | W10: 1
A11: LOCAL: | B11: ='I-RESUMO'!B7 -> Rua José de Barros Souza, 09. Setor Centro Administrativo, Aragarças-GO. | M11: ='V-COMPOSIÇÕES PRÓPRIAS'!J11 -> GOINFRA CIVIL (AGETOP) 8/2025
A12: DATA: | B12: =TODAY() -> 46071 | M12: ='V-COMPOSIÇÕES PRÓPRIAS'!J12 -> SICRO3 GO 7/2025 | P12: 1º Quartil | Q12: Médio | R12: 2º Quartil | T12: 2 | U12: Construção de rodovias e ferrovias.
L13: ENCARGOS | M13: ='I-RESUMO'!F9 -> NÃO DESONERADO | O13: 1 | P13: =IF($W$1=1,((((((20.34/100)+1)*(1-(5.15/100)))/(1-(9.65/100)))-1)*100),IF($W$1=2,20.34,"SELECT OPT")) -> 20.34 | Q13: =IF($W$1=1,((((((22.12/100)+1)*(1-(6.65/100)))/(1-(11.15/100)))-1)*100),IF($W$1=2,22.12,"SELECT OPT")) -> 22.12 | R13: =IF($W$1=1,((((((25/100)+1)*(1-(8.65/100)))/(1-(13.15/100)))-1)*100),IF($W$1=2,25,"SELECT OPT")) -> 25 | T13: 3 | U13: Saneamento básico.
O14: 2 | P14: =IF($W$1=1,((((((19.6/100)+1)*(1-(5.15/100)))/(1-(9.65/100)))-1)*100),IF($W$1=2,19.6,"SELECT OPT")) -> 19.6 | Q14: =IF($W$1=1,((((((20.97/100)+1)*(1-(6.65/100)))/(1-(11.15/100)))-1)*100),IF($W$1=2,20.97,"SELECT OPT")) -> 20.97 | R14: =IF($W$1=1,((((((24.23/100)+1)*(1-(8.65/100)))/(1-(13.15/100)))-1)*100),IF($W$1=2,24.23,"SELECT OPT")) -> 24.23 | T14: 4 | U14: Estações e redes de energia.
A15: =CAPA!A17 -> ANEXO VI - BDI CONSTRUÇÃO | O15: 3 | P15: =IF($W$1=1,((((((20.76/100)+1)*(1-(5.15/100)))/(1-(9.65/100)))-1)*100),IF($W$1=2,20.76,"SELECT OPT")) -> 20.76 | Q15: =IF($W$1=1,((((((24.18/100)+1)*(1-(6.65/100)))/(1-(11.15/100)))-1)*100),IF($W$1=2,24.18,"SELECT OPT")) -> 24.18 | R15: =IF($W$1=1,((((((26.44/100)+1)*(1-(8.65/100)))/(1-(13.15/100)))-1)*100),IF($W$1=2,26.44,"SELECT OPT")) -> 26.44 | T15: 5 | U15: Obras portuárias, marítmas e fluviais.
A16: Senhor Diretor do Departamento, | O16: 4 | P16: =IF($W$1=1,((((((24/100)+1)*(1-(5.15/100)))/(1-(9.65/100)))-1)*100),IF($W$1=2,24,"SELECT OPT")) -> 24 | Q16: =IF($W$1=1,((((((25.84/100)+1)*(1-(6.65/100)))/(1-(11.15/100)))-1)*100),IF($W$1=2,25.84,"SELECT OPT")) -> 25.84 | R16: =IF($W$1=1,((((((27.86/100)+1)*(1-(8.65/100)))/(1-(13.15/100)))-1)*100),IF($W$1=2,27.86,"SELECT OPT")) -> 27.86 | T16: 6 | U16: Fornecimento de materiais e equipamentos.
A17: Declaro, para os devidos fins, que a alternativa de incidência da contribuição previdên- | O17: 5 | P17: =IF($W$1=1,((((((22.8/100)+1)*(1-(5.15/100)))/(1-(9.65/100)))-1)*100),IF($W$1=2,22.8,"SELECT OPT")) -> 22.8 | Q17: =IF($W$1=1,((((((27.48/100)+1)*(1-(6.65/100)))/(1-(11.15/100)))-1)*100),IF($W$1=2,27.48,"SELECT OPT")) -> 27.48 | R17: =IF($W$1=1,((((((30.95/100)+1)*(1-(8.65/100)))/(1-(13.15/100)))-1)*100),IF($W$1=2,30.95,"SELECT OPT")) -> 30.95
A18: ciária sobre folha de pagamento para a planilha orçamentária do presente Projeto de | O18: 6 | P18: =IF($W$1=1,((((((11.1/100)+1)*(1-(3.65/100)))/(1-(8.15/100)))-1)*100),IF($W$1=2,11.1,"SELECT OPT")) -> 11.1 | Q18: =IF($W$1=1,((((((14.02/100)+1)*(1-(3.65/100)))/(1-(8.15/100)))-1)*100),IF($W$1=2,14.02,"SELECT OPT")) -> 14.02 | R18: =IF($W$1=1,((((((16.8/100)+1)*(1-(3.65/100)))/(1-(8.15/100)))-1)*100),IF($W$1=2,16.8,"SELECT OPT")) -> 16.8
A19: Engenharia foi | D19: =IF(AND(W1<>1,W1<>2),"SELECT OPT",IF(W1=1,"COM DESONERAÇÃO",IF(W1=2,"SEM DESONERAÇÃO","SELECT OPT"))) -> SEM DESONERAÇÃO | G19: , pois tornou-se a mais vantajosa para esta Adminis- | O19: SELECIONADO | P19: =VLOOKUP($W$9,$O$13:$R$18,2,FALSE) -> 20.34 | Q19: =VLOOKUP($W$9,$O$13:$R$18,3,FALSE) -> 22.12 | R19: =VLOOKUP($W$9,$O$13:$R$18,4,FALSE) -> 25
A20: tração Pública, uma vez que a meta estipulada alcançou uma maior área a ser beneficiada.
A22: Em ambas planilhas orçamentárias, no cálculo do BDI adotado, foram utilizados os
A23: mesmos valores de seus componentes e, ainda, declaro que os percentuais relativos aos im-
A24: postos estão de acordo com o que emanam as leis pertinentes. | P24: =
A26: Para fins de verificação do BDI em relação aos limites definidos no Acórdão 2.622/2013
A27: do Plenário do TCU, a obra foi enquadrada como:
C29: =IF(AND($W$9<>1,$W$9<>2,$W$9<>3,$W$9<>4,$W$9<>5,$W$9<>6),"SELECT OPT",IF($W$9=1,$U$10,IF($W$9=2,$U$12,IF($W$9=3,$U$13,IF($W$9=4,$U$14,IF($W$9=5,$U$15,IF($W$9=6,$U$16,"SELECT OPT"))))))) -> Construção de edifícios.
A31: Ademais, informo que o percentual de BDI adotado foi obtido a partir da fórmula abai-
A32: xo, seguida do memorial de cálculo do índice.
A37: DESCRIÇÃO | E37: VALORES DE REFERÊNCIA | K37: BDI ADOTADO
E38: 1º Quartil | G38: Médio | I38: 3º Quartil
A39: Administração Central | D39: (AC) | E39: =IF(AND($W$9<>1,$W$9<>2,$W$9<>3,$W$9<>4,$W$9<>5,$W$9<>6),"SELECT OPT",IF($W$9=1,3,IF($W$9=2,3.8,IF($W$9=3,3.43,IF($W$9=4,5.29,IF($W$9=5,4,IF($W$9=6,1.5,"SELECT OPT"))))))) -> 3 | G39: =IF(AND($W$9<>1,$W$9<>2,$W$9<>3,$W$9<>4,$W$9<>5,$W$9<>6),"SELECT OPT",IF($W$9=1,4,IF($W$9=2,4.01,IF($W$9=3,4.93,IF($W$9=4,5.92,IF($W$9=5,5.52,IF($W$9=6,3.45,"SELECT OPT"))))))) -> 4 | I39: =IF(AND($W$9<>1,$W$9<>2,$W$9<>3,$W$9<>4,$W$9<>5,$W$9<>6),"SELECT OPT",IF($W$9=1,5.5,IF($W$9=2,4.67,IF($W$9=3,6.71,IF($W$9=4,7.93,IF($W$9=5,7.85,IF($W$9=6,4.49,"SELECT OPT"))))))) -> 5.5 | K39: 5.5
A40: Seguro e Garantia (*) | D40: (S e G) | E40: =IF(AND($W$9<>1,$W$9<>2,$W$9<>3,$W$9<>4,$W$9<>5,$W$9<>6),"SELECT OPT",IF($W$9=1,0.8,IF($W$9=2,0.32,IF($W$9=3,0.28,IF($W$9=4,0.25,IF($W$9=5,0.81,IF($W$9=6,0.3,"SELECT OPT"))))))) -> 0.8 | G40: =IF(AND($W$9<>1,$W$9<>2,$W$9<>3,$W$9<>4,$W$9<>5,$W$9<>6),"SELECT OPT",IF($W$9=1,0.8,IF($W$9=2,0.4,IF($W$9=3,0.49,IF($W$9=4,0.51,IF($W$9=5,1.22,IF($W$9=6,0.48,"SELECT OPT"))))))) -> 0.8 | I40: =IF(AND($W$9<>1,$W$9<>2,$W$9<>3,$W$9<>4,$W$9<>5,$W$9<>6),"SELECT OPT",IF($W$9=1,1,IF($W$9=2,0.74,IF($W$9=3,0.75,IF($W$9=4,0.56,IF($W$9=5,1.99,IF($W$9=6,0.82,"SELECT OPT"))))))) -> 1 | K40: 1.34
A41: Risco | D41: (R) | E41: =IF(AND($W$9<>1,$W$9<>2,$W$9<>3,$W$9<>4,$W$9<>5,$W$9<>6),"SELECT OPT",IF($W$9=1,0.97,IF($W$9=2,0.5,IF($W$9=3,1,IF($W$9=4,1,IF($W$9=5,1.46,IF($W$9=6,0.56,"SELECT OPT"))))))) -> 0.97 | G41: =IF(AND($W$9<>1,$W$9<>2,$W$9<>3,$W$9<>4,$W$9<>5,$W$9<>6),"SELECT OPT",IF($W$9=1,1.27,IF($W$9=2,0.56,IF($W$9=3,1.39,IF($W$9=4,1.48,IF($W$9=5,2.32,IF($W$9=6,0.85,"SELECT OPT"))))))) -> 1.27 | I41: =IF(AND($W$9<>1,$W$9<>2,$W$9<>3,$W$9<>4,$W$9<>5,$W$9<>6),"SELECT OPT",IF($W$9=1,1.27,IF($W$9=2,0.97,IF($W$9=3,1.74,IF($W$9=4,1.97,IF($W$9=5,3.16,IF($W$9=6,0.89,"SELECT OPT"))))))) -> 1.27 | K41: 1.27
A42: Despesas Financeiras | D42: (DF) | E42: =IF(AND($W$9<>1,$W$9<>2,$W$9<>3,$W$9<>4,$W$9<>5,$W$9<>6),"SELECT OPT",IF($W$9=1,0.59,IF($W$9=2,1.02,IF($W$9=3,0.94,IF($W$9=4,1.01,IF($W$9=5,0.94,IF($W$9=6,0.85,"SELECT OPT"))))))) -> 0.59 | G42: =IF(AND($W$9<>1,$W$9<>2,$W$9<>3,$W$9<>4,$W$9<>5,$W$9<>6),"SELECT OPT",IF($W$9=1,1.23,IF($W$9=2,1.11,IF($W$9=3,0.99,IF($W$9=4,1.07,IF($W$9=5,1.02,IF($W$9=6,0.85,"SELECT OPT"))))))) -> 1.23 | I42: =IF(AND($W$9<>1,$W$9<>2,$W$9<>3,$W$9<>4,$W$9<>5,$W$9<>6),"SELECT OPT",IF($W$9=1,1.39,IF($W$9=2,1.21,IF($W$9=3,1.17,IF($W$9=4,1.11,IF($W$9=5,1.33,IF($W$9=6,1.11,"SELECT OPT"))))))) -> 1.39 | K42: 1.17
A43: Lucro | D43: (L) | E43: =IF(AND($W$9<>1,$W$9<>2,$W$9<>3,$W$9<>4,$W$9<>5,$W$9<>6),"SELECT OPT",IF($W$9=1,6.16,IF($W$9=2,6.64,IF($W$9=3,6.74,IF($W$9=4,8,IF($W$9=5,7.14,IF($W$9=6,3.5,"SELECT OPT"))))))) -> 6.16 | G43: =IF(AND($W$9<>1,$W$9<>2,$W$9<>3,$W$9<>4,$W$9<>5,$W$9<>6),"SELECT OPT",IF($W$9=1,7.4,IF($W$9=2,7.3,IF($W$9=3,8.04,IF($W$9=4,8.31,IF($W$9=5,8.4,IF($W$9=6,5.11,"SELECT OPT"))))))) -> 7.4 | I43: =IF(AND($W$9<>1,$W$9<>2,$W$9<>3,$W$9<>4,$W$9<>5,$W$9<>6),"SELECT OPT",IF($W$9=1,8.96,IF($W$9=2,8.69,IF($W$9=3,9.4,IF($W$9=4,9.51,IF($W$9=5,10.43,IF($W$9=6,6.22,"SELECT OPT"))))))) -> 8.96 | K43: 8
A44: TRIBUTOS | D44: (I) | E44: =SUM(E45:F48) -> 5.15 | G44: =SUM(G45:H48) -> 6.65 | I44: =SUM(I45:J48) -> 8.65 | K44: =ROUND(SUM(K45:M48),2) -> 5.65
A45: COFINS | E45: 3 | G45: 3 | I45: 3 | K45: 3
A46: PIS | E46: 0.65 | G46: 0.65 | I46: 0.65 | K46: 0.65
A47: ISSQN (**) | E47: =IF(AND($W$9<>1,$W$9<>2,$W$9<>3,$W$9<>4,$W$9<>5,$W$9<>6),"SELECT OPT",IF($W$9=1,1.5,IF($W$9=2,1.5,IF($W$9=3,1.5,IF($W$9=4,1.5,IF($W$9=5,1.5,IF($W$9=6,0,"SELECT OPT"))))))) -> 1.5 | G47: =IF(AND($W$9<>1,$W$9<>2,$W$9<>3,$W$9<>4,$W$9<>5,$W$9<>6),"SELECT OPT",IF($W$9=1,3,IF($W$9=2,3,IF($W$9=3,3,IF($W$9=4,3,IF($W$9=5,3,IF($W$9=6,0,"SELECT OPT"))))))) -> 3 | I47: 5 | K47: 2
A48: CPRB | E48: =IF(W1=1,4.5,IF(W1=2,0,"")) -> 0 | G48: =IF(W1=1,4.5,IF(W1=2,0,"")) -> 0 | I48: =IF(W1=1,4.5,IF(W1=2,0,"")) -> 0 | K48: =IF(W1=1,4.5,IF(W1=2,0,"")) -> 0
A49: TOTAL | E49: =IF(AND($W$9<>1,$W$9<>2,$W$9<>3,$W$9<>4,$W$9<>5,$W$9<>6),"SELECT OPT",$P$19) -> 20.34 | G49: =IF(AND($W$9<>1,$W$9<>2,$W$9<>3,$W$9<>4,$W$9<>5,$W$9<>6),"SELECT OPT",$Q$19) -> 22.12 | I49: =IF(AND($W$9<>1,$W$9<>2,$W$9<>3,$W$9<>4,$W$9<>5,$W$9<>6),"SELECT OPT",$R$19) -> 25 | K49: =ROUND((1+K39/100+K40/100+K41/100)*(1+K42/100)*(1+K43/100)/(1-K44/100)-1,4) -> 0.252
M57: Aragarças GO, 24 de novembro de 2025

Sheet VIII-CRONOGRAMA
A1: ='V-COMPOSIÇÕES PRÓPRIAS'!A1 -> GABINETES DOS VEREADORES DE ARAGARÇAS - GO
A11: OBRA: | B11: =CAPA!$B$7 -> GABINETES DOS VEREADORES DE ARAGARÇAS - GO | H11: REFERÊNCIA: | I11: ='VII-CURVA ABC'!G10 -> SINAPI GO 9/2025
A12: LOCAL: | B12: =CAPA!$B$8 -> Rua José de Barros Souza, 09. Setor Centro Administrativo, Aragarças-GO. | I12: ='VII-CURVA ABC'!G11 -> GOINFRA CIVIL (AGETOP) 8/2025
A13: DATA: | B13: =TODAY() -> 46071 | I13: ='VII-CURVA ABC'!G12 -> SICRO3 GO 7/2025
H14: ENCARGOS | I14: ='I-RESUMO'!F9 -> NÃO DESONERADO
H15: BDI CONSTRUÇÃO: | I15: ='I-RESUMO'!F10 -> 0.252
A17: =CAPA!$A$19 -> ANEXO VIII - CRONOGRAMA FÍSICO-FINANCEIRO (CFF)
A18: META | B18: SUBMETA | C18: MACRO SERVIÇO | D18: SERVIÇO | E18: VALOR COM BDI | F18: DIAS
F19: 30 | G19: =F19+30 -> 60 | H19: =G19+30 -> 90 | I19: =H19+30 -> 120 | J19: =I19+30 -> 150
A20: 1
B22: 1
C24: 1 | D24: =VLOOKUP(C24,'II-PO'!$A$18:$M$295,5,0) -> ADMINISTRAÇÃO E CONTROLE | E24: =VLOOKUP(C24,'II-PO'!$A$18:$M$295,13,0) -> 83225.63 | F24: =F25*$E24 -> 14756.165 | G24: =G25*$E24 -> 22139.919 | H24: =H25*$E24 -> 18482.538 | I24: =I25*$E24 -> 17356.436 | J24: =J25*$E24 -> 10490.573 | K24: =SUM(F24:J24)=E24 -> TRUE
F25: 0.17730313 | G25: 0.26602284 | H25: 0.22207748 | I25: 0.20854676 | J25: 0.12604979 | K25: =SUM(F25:J25)=1 -> TRUE
C26: 2 | D26: =VLOOKUP(C26,'II-PO'!$A$18:$M$295,5,0) -> SERVIÇOS PRELIMINARES E CANTEIROS DE OBRAS | E26: =VLOOKUP(C26,'II-PO'!$A$18:$M$295,13,0) -> 40567.4 | F26: =F27*$E26 -> 32453.92 | G26: =G27*$E26 -> 2028.37 | H26: =H27*$E26 -> 2028.37 | I26: =I27*$E26 -> 2028.37 | J26: =J27*$E26 -> 2028.37 | K26: =SUM(F26:J26)=E26 -> TRUE
F27: 0.8 | G27: 0.05 | H27: 0.05 | I27: 0.05 | J27: 0.05 | K27: =SUM(F27:J27)=1 -> TRUE
C28: 3 | D28: =VLOOKUP(C28,'II-PO'!$A$18:$M$295,5,0) -> MOVIMENTAÇÃO DE TERRA | E28: =VLOOKUP(C28,'II-PO'!$A$18:$M$295,13,0) -> 4977.39 | F28: =F29*$E28 -> 4977.39 | G28: =G29*$E28 -> 0 | H28: =H29*$E28 -> 0 | I28: =I29*$E28 -> 0 | J28: =J29*$E28 -> 0 | K28: =SUM(F28:J28)=E28 -> TRUE
F29: 1 | K29: =SUM(F29:J29)=1 -> TRUE
C30: 4 | D30: =VLOOKUP(C30,'II-PO'!$A$18:$M$295,5,0) -> INFRAESTRUTURA | E30: =VLOOKUP(C30,'II-PO'!$A$18:$M$295,13,0) -> 94614.66 | F30: =F31*$E30 -> 75691.728 | G30: =G31*$E30 -> 18922.932 | H30: =H31*$E30 -> 0 | I30: =I31*$E30 -> 0 | J30: =J31*$E30 -> 0 | K30: =SUM(F30:J30)=E30 -> TRUE
F31: 0.8 | G31: 0.2 | K31: =SUM(F31:J31)=1 -> TRUE
C32: 5 | D32: =VLOOKUP(C32,'II-PO'!$A$18:$M$295,5,0) -> SUPERESTRUTURAS | E32: =VLOOKUP(C32,'II-PO'!$A$18:$M$295,13,0) -> 171208.69 | F32: =F33*$E32 -> 85604.345 | G32: =G33*$E32 -> 85604.345 | H32: =H33*$E32 -> 0 | I32: =I33*$E32 -> 0 | J32: =J33*$E32 -> 0 | K32: =SUM(F32:J32)=E32 -> TRUE
F33: 0.5 | G33: 0.5 | K33: =SUM(F33:J33)=1 -> TRUE
C34: 6 | D34: =VLOOKUP(C34,'II-PO'!$A$18:$M$295,5,0) -> ALVENARIAS E FECHAMENTOS | E34: =VLOOKUP(C34,'II-PO'!$A$18:$M$295,13,0) -> 148188.2 | F34: =F35*$E34 -> 0 | G34: =G35*$E34 -> 59275.28 | H34: =H35*$E34 -> 88912.92 | I34: =I35*$E34 -> 0 | J34: =J35*$E34 -> 0 | K34: =SUM(F34:J34)=E34 -> TRUE
G35: 0.4 | H35: 0.6 | K35: =SUM(F35:J35)=1 -> TRUE
C36: 7 | D36: =VLOOKUP(C36,'II-PO'!$A$18:$M$295,5,0) -> PISOS | E36: =VLOOKUP(C36,'II-PO'!$A$18:$M$295,13,0) -> 114325.32 | F36: =F37*$E36 -> 0 | G36: =G37*$E36 -> 45730.128 | H36: =H37*$E36 -> 68595.192 | I36: =I37*$E36 -> 0 | J36: =J37*$E36 -> 0 | K36: =SUM(F36:J36)=E36 -> TRUE
G37: 0.4 | H37: 0.6 | K37: =SUM(F37:J37)=1 -> TRUE
C38: 8 | D38: =VLOOKUP(C38,'II-PO'!$A$18:$M$295,5,0) -> IMPERMEABILIZAÇÃO | E38: =VLOOKUP(C38,'II-PO'!$A$18:$M$295,13,0) -> 13845.56 | F38: =F39*$E38 -> 0 | G38: =G39*$E38 -> 5538.224 | H38: =H39*$E38 -> 8307.336 | I38: =I39*$E38 -> 0 | J38: =J39*$E38 -> 0 | K38: =SUM(F38:J38)=E38 -> TRUE
G39: 0.4 | H39: 0.6 | K39: =SUM(F39:J39)=1 -> TRUE
C40: 9 | D40: =VLOOKUP(C40,'II-PO'!$A$18:$M$295,5,0) -> ESQUADRIAS | E40: =VLOOKUP(C40,'II-PO'!$A$18:$M$295,13,0) -> 61968.32 | F40: =F41*$E40 -> 0 | G40: =G41*$E40 -> 0 | H40: =H41*$E40 -> 0 | I40: =I41*$E40 -> 49574.656 | J40: =J41*$E40 -> 12393.664 | K40: =SUM(F40:J40)=E40 -> TRUE
I41: 0.8 | J41: 0.2 | K41: =SUM(F41:J41)=1 -> TRUE
C42: 10 | D42: =VLOOKUP(C42,'II-PO'!$A$18:$M$295,5,0) -> PINTURA | E42: =VLOOKUP(C42,'II-PO'!$A$18:$M$295,13,0) -> 67365.65 | F42: =F43*$E42 -> 0 | G42: =G43*$E42 -> 0 | H42: =H43*$E42 -> 0 | I42: =I43*$E42 -> 53892.52 | J42: =J43*$E42 -> 13473.13 | K42: =SUM(F42:J42)=E42 -> TRUE
I43: 0.8 | J43: 0.2 | K43: =SUM(F43:J43)=1 -> TRUE
C44: 11 | D44: =VLOOKUP(C44,'II-PO'!$A$18:$M$295,5,0) -> COBERTURA | E44: =VLOOKUP(C44,'II-PO'!$A$18:$M$295,13,0) -> 162136.35 | F44: =F45*$E44 -> 0 | G44: =G45*$E44 -> 81068.175 | H44: =H45*$E44 -> 81068.175 | I44: =I45*$E44 -> 0 | J44: =J45*$E44 -> 0 | K44: =SUM(F44:J44)=E44 -> TRUE
G45: 0.5 | H45: 0.5 | K45: =SUM(F45:J45)=1 -> TRUE
C46: 12 | D46: =VLOOKUP(C46,'II-PO'!$A$18:$M$295,5,0) -> FORRO | E46: =VLOOKUP(C46,'II-PO'!$A$18:$M$295,13,0) -> 74987.19 | F46: =F47*$E46 -> 0 | G46: =G47*$E46 -> 0 | H46: =H47*$E46 -> 0 | I46: =I47*$E46 -> 59989.752 | J46: =J47*$E46 -> 14997.438 | K46: =SUM(F46:J46)=E46 -> TRUE
I47: 0.8 | J47: 0.2 | K47: =SUM(F47:J47)=1 -> TRUE
C48: 13 | D48: =VLOOKUP(C48,'II-PO'!$A$18:$M$295,5,0) -> HIDROSSANITÁRIO | E48: =VLOOKUP(C48,'II-PO'!$A$18:$M$295,13,0) -> 38194.05 | F48: =F49*$E48 -> 0 | G48: =G49*$E48 -> 0 | H48: =H49*$E48 -> 0 | I48: =I49*$E48 -> 30555.24 | J48: =J49*$E48 -> 7638.81 | K48: =SUM(F48:J48)=E48 -> TRUE
I49: 0.8 | J49: 0.2 | K49: =SUM(F49:J49)=1 -> TRUE
C50: 14 | D50: =VLOOKUP(C50,'II-PO'!$A$18:$M$295,5,0) -> ELÉTRICO | E50: =VLOOKUP(C50,'II-PO'!$A$18:$M$295,13,0) -> 47132.21 | F50: =F51*$E50 -> 0 | G50: =G51*$E50 -> 0 | H50: =H51*$E50 -> 0 | I50: =I51*$E50 -> 37705.768 | J50: =J51*$E50 -> 9426.442 | K50: =SUM(F50:J50)=E50 -> TRUE
I51: 0.8 | J51: 0.2 | K51: =SUM(F51:J51)=1 -> TRUE
C52: 15 | D52: =VLOOKUP(C52,'II-PO'!$A$18:$M$295,5,0) -> FACHADA | E52: =VLOOKUP(C52,'II-PO'!$A$18:$M$295,13,0) -> 65000.97 | F52: =F53*$E52 -> 0 | G52: =G53*$E52 -> 0 | H52: =H53*$E52 -> 0 | I52: =I53*$E52 -> 0 | J52: =J53*$E52 -> 65000.97 | K52: =SUM(F52:J52)=E52 -> TRUE
J53: 1 | K53: =SUM(F53:J53)=1 -> TRUE
C54: 16 | D54: =VLOOKUP(C54,'II-PO'!$A$18:$M$295,5,0) -> JARDINAGEM | E54: =VLOOKUP(C54,'II-PO'!$A$18:$M$295,13,0) -> 8122.77 | F54: =F55*$E54 -> 0 | G54: =G55*$E54 -> 0 | H54: =H55*$E54 -> 0 | I54: =I55*$E54 -> 0 | J54: =J55*$E54 -> 8122.77 | K54: =SUM(F54:J54)=E54 -> TRUE
J55: 1 | K55: =SUM(F55:J55)=1 -> TRUE
C56: 17 | D56: =VLOOKUP(C56,'II-PO'!$A$18:$M$295,5,0) -> FINALIZAÇÃO E LIMPEZA DE OBRA | E56: =VLOOKUP(C56,'II-PO'!$A$18:$M$295,13,0) -> 8199.3 | F56: =F57*$E56 -> 0 | G56: =G57*$E56 -> 0 | H56: =H57*$E56 -> 0 | I56: =I57*$E56 -> 0 | J56: =J57*$E56 -> 8199.3 | K56: =SUM(F56:J56)=E56 -> TRUE
J57: 1 | K57: =SUM(F57:J57)=1 -> TRUE
A58: DESEMBOLSO MENSAL (COM BDI) | F58: =F24+F26+F28+F30+F32+F34+F36+F38+F40+F42+F44+F46+F48+F50+F52+F54+F56 -> 213483.55 | G58: =G24+G26+G28+G30+G32+G34+G36+G38+G40+G42+G44+G46+G48+G50+G52+G54+G56 -> 320307.37 | H58: =H24+H26+H28+H30+H32+H34+H36+H38+H40+H42+H44+H46+H48+H50+H52+H54+H56 -> 267394.53 | I58: =I24+I26+I28+I30+I32+I34+I36+I38+I40+I42+I44+I46+I48+I50+I52+I54+I56 -> 251102.74 | J58: =J24+J26+J28+J30+J32+J34+J36+J38+J40+J42+J44+J46+J48+J50+J52+J54+J56 -> 151771.47
A59: DESEMBOLSO ACUMULADO (COM BDI) | E59: =E24+E26+E28+E30+E32+E34+E36+E38+E40+E42+E44+E46+E48+E50+E52+E54+E56 -> 1204059.7 | F59: =F58 -> 213483.55 | G59: =G58+F59 -> 533790.92 | H59: =H58+G59 -> 801185.45 | I59: =I58+H59 -> 1052288.2 | J59: =J58+I59 -> 1204059.7
A60: TOTAL MENSAL (%) | F60: =F58/$E$59 -> 0.17730313 | G60: =G58/$E$59 -> 0.26602284 | H60: =H58/$E$59 -> 0.22207748 | I60: =I58/$E$59 -> 0.20854676 | J60: =J58/$E$59 -> 0.12604979
A61: TOTAL ACUMULADO | F61: =F60 -> 0.17730313 | G61: =G60+F61 -> 0.44332597 | H61: =H60+G61 -> 0.66540345 | I61: =I60+H61 -> 0.87395021 | J61: =J60+I61 -> 1
H73: Aragarças GO, 24 de novembro de 2025
